Workbook
Name _: #REF!
Name _: #REF!
Name _: #REF!
Name _________PJ50: #REF!
Name _________PJ50: #REF!
Name _________PJ50: #REF!
Name ________PJ50: #REF!
Name ________PJ50: #REF!
Name ________PJ50: #REF!
Name _______PJ50: #REF!
Name _______PJ50: #REF!
Name _______PJ50: #REF!
Name ______PJ50: #REF!
Name ______PJ50: #REF!
Name ______PJ50: #REF!
Name _____PJ50: #REF!
Name _____PJ50: #REF!
Name _____PJ50: #REF!
Name ____PJ50: #REF!
Name ____PJ50: #REF!
Name ____PJ50: #REF!
Name ___PJ50: #REF!
Name ___PJ50: #REF!
Name ___PJ50: #REF!
Name __PJ50: #REF!
Name __PJ50: #REF!
Name __PJ50: #REF!
Name _Fill: #REF!
Name _Fill: #REF!
Name _Fill: #REF!
Name _IPC2002: #REF!
Name _IPC2002: #REF!
Name _IPC2002: #REF!
Name _PJ50: #REF!
Name _PJ50: #REF!
Name _PJ50: #REF!
Name A_impresión_IM: #REF!
Name A_impresión_IM: #REF!
Name A_impresión_IM: #REF!
Name aa: #REF!
Name aa: #REF!
Name aa: #REF!
Name AAA: #REF!
Name AAA: #REF!
Name AAA: #REF!
Name Adm: #REF!
Name Adm: #REF!
Name Adm: #REF!
Name ANALISIS__DE__PRECIOS__UNITARIOS: #REF!
Name ANALISIS__DE__PRECIOS__UNITARIOS: #REF!
Name ANALISIS__DE__PRECIOS__UNITARIOS: #REF!
Name ANTIC: #REF!
Name ANTIC: #REF!
Name ANTIC: #REF!
Name APU: #REF!
Name APU: #REF!
Name APU: #REF!
Name BaseGeneral: #REF!
Name BaseGeneral: #REF!
Name BaseGeneral: #REF!

Sheet CANTIDADES
A1: MANTENIMIENTO, MEJORAMIENTO Y ADECUACIONES LOCATIVAS DE LAS INSTITUCIONES EDUCATIVAS JUAN XXIII, BELLAVISTA Y SIMÓN BOLÍVAR EN EL MUNICIPIO DE MALAMBO – DEPARTAMENTO DEL ATLÁNTICO.
A3: ITEM | B3: DESCRIPCIÓN | C3: UND | D3: CANT.
A4: 1 | B4: INSTITUCION EDUCATIVA JUAN XXIII
A5: 1.1 | B5: MODULOS ESCOLARES
A6: 1,1,1 | B6: OBRAS PRELIMINARES
A7: 1,1,1,1 | B7: Demolición de zabaleta existente, incluye equipo y mano de obra. | C7: ML | D7: 35
A8: 1,1,1,2 | B8: Desmonte de cubierta existente en lamina ondulada de asbesto cemento, incluye equipo y mano de obra. | C8: M2 | D8: 480
A9: 1,1,1,3 | B9: Desmonte de cielo raso existente, incluye equipo y mano de obra. | C9: M2 | D9: 210
A10: 1,1,1,4 | B10: Desmonte de abanicos existentes, incluye equipo y mano de obra. | C10: UND | D10: 20
A11: 1,1,1,5 | B11: Demolicion de piso de cemento, incluye equipo y mano de obra. | C11: M2 | D11: 125
A12: 1,1,1,6 | B12: Desmonte de lámparas existentes, incluye equipo y mano de obra. | C12: UND | D12: 10
A13: 1,1,1,7 | B13: Desmonte de instalaciones eléctricas existentes, incluye equipo y mano de obra. | C13: GL | D13: 1
A14: 1,1,1,8 | B14: Localización y replanteo con equipo de nivelación (comisión topografica mes) | C14: GL | D14: 1
A15: 1,1,2 | B15: CUBIERTAS
A16: 1,1,2,1 | B16: Suministro e instalación de correas en perfiles estructurales PAG 160 mm x 60 x 1,9 mm, incluye material, equipo y mano de obra. | C16: ML | D16: 413
A17: 1,1,2,2 | B17: Suministro e instalación de tensores para soporte de cielo raso en Angulo de 1" x 1" x 1/8", incluye materiales, equipo y mano de obra. | C17: ML | D17: 299
A18: 1,1,2,3 | B18: Instalación de cubierta en laminas onduladas existente de asbesto cemento, incluye equipo y mano de obra. | C18: M2 | D18: 386
A19: 1,1,2,4 | B19: Suministro e instalación cubierta en láminas ondulada de asbesto cemento perfil 7, incluye materiales, equipo y mano de obra. | C19: M2 | D19: 92
A20: 1,1,2,5 | B20: Suministro e instalación de caballete fijo, incluye materiales, equipo y mano de obra. | C20: ML | D20: 6
A21: 1,1,2,6 | B21: Instalación de caballete fijo existente, incluye equipo y mano de obra. | C21: ML | D21: 60
A22: 1,1,2,7 | B22: Zabaleta en block de cemento pañetada con mortero impermeabilizado 1:5, incluye materiales, equipo y mano de obra. | C22: ML | D22: 35
A23: 1,1,2,8 | B23: Impermeabilización de zabaleta con manto edil, equipo al caliente y pintura alumol, incluye materiales, equipo y mano de obra. | C23: ML | D23: 35
A24: 1,1,2,9 | B24: Suministro e instalación de cielo raso en perfilaría de aluminio y lamina plana de PVC | C24: M2 | D24: 342
A25: 1,1,3 | B25: INSTALACIONES ELECTRICAS
A26: 1,1,3,1 | B26: Instalación de abanicos existentes, incluye equipo y mano de obra. | C26: UND | D26: 20
A27: 1,1,3,2 | B27: suminitro e instalacion de lamparas hermeticas, incluye tubos, equipos y mano de obra. | C27: UND | D27: 15
A28: 1,1,3,3 | B28: Suministro e instalación de lámparas tipo panel led 60x60, incluye equipo y mano de obra. | C28: UND | D28: 20
A29: 1,1,3,4 | B29: Salida de alumbrado común 110V, incluye materiales, equipo y mano de obra. | C29: UND | D29: 8
A30: 1,1,3,5 | B30: Salida de punto de abanico, incluye materiales, equipo y mano de obra. | C30: UND | D30: 20
A31: 1,1,3,6 | B31: Salida de tomacorriente común 110V, incluye materiales, equipo y mano de obra. | C31: UND | D31: 35
A32: 1,1,3,7 | B32: Salida de tomacorriente común 220V, incluye materiales, equipo y mano de obra. | C32: UND | D32: 7
A33: 1,1,3,8 | B33: Acometida en cable 7 hilos N° 12, centelsa o similar, incluye materiales, equipo y mano de obra. | C33: ML | D33: 280
A34: 1,1,3,9 | B34: Tablero de 8 circuitos, incluye breaker, incluye materiales, equipo y mano de obra. | C34: UND | D34: 2
A35: 1,1,3,10 | B35: Acometida Eléctrica principal, de entrada a tableros en cable 7 hilos de cobre #10, incluye materiales, equipo y mano de obra. | C35: ML | D35: 50
A36: 1,1,3,11 | B36: Suministro e instalación de abanicos de pared Samurai o similar, incluye materiales, equipo y mano de obra. | C36: UND | D36: 8
A37: 1,1,4 | B37: MAMPOSTERIA
A38: 1,1,4,1 | B38: Pañete allanado en mortero 1:5 en áreas de engolose, incluye materiales, equipo y mano de obra. | C38: ML | D38: 480
A39: 1,1,4,2 | B39: Engolose de cubiertas a muros, mortero 1 :5, incluye materiales, equipo y mano de obra. | C39: ML | D39: 132
A40: 1,1,5 | B40: PISOS
A41: 1,1,5,1 | B41: Plantilla en concreto de 2500 psi., E= 0,05 mts., incluye materiales,equipo y mano de obra. | C41: M2 | D41: 140
A42: 1,1,5,2 | B42: Suministro e instalacion de piso de ceramica antideslizante, trafico 5, incluye materiales, equipo y mano de obra. | C42: M2 | D42: 140
A43: 1,1,5,3 | B43: Suministro e instalacion de zocalo de ceramica, incluye materiales, equipo y mano de obra. | C43: ML | D43: 70
A44: 1,1,6 | B44: ACABADOS
A45: 1,1,6,1 | B45: Pintura sobre muros y calados internos y externos en vinilo tipo 1, tres manos, incluye resane del pañete en las áreas dañadas, incluye materiales, equipo y mano de obra. | C45: M2 | D45: 760
A46: 1,1,6,2 | B46: Pintura de puerta metálica en esmalte, incluye materiales,equipo y mano de obra. | C46: M2 | D46: 25.6
A47: 1,1,6,3 | B47: Pintura de rejas en hierro en esmalte, incluye raspe y anticorrosivo, materiales, equipo y mano de obra. | C47: M2 | D47: 54
A48: 1,1,6,4 | B48: suministro e instalacion de protector de ventana en varilla redonda de 1/2" entorchada, incluye materiales, equipos y mano de obra | C48: M2 | D48: 25.8
A49: 1,1,7 | B49: LIMPIEZA
A50: 1,1,7,1 | B50: Limpieza general y desalojo de material sobrante. | C50: GL | D50: 1
A52: 1,2 | B52: LABORATORIO DE MUESTRAS QUIMICAS JUAN XXIII
A53: 1,2,1 | B53: OBRAS PRELIMINARES
A54: 1,2,1,1 | B54: Desmonte de cubierta existente en lamina ondulada de asbesto cemento, incluye equipo y mano de obra. | C54: M2 | D54: 25
A55: 1,2,1,2 | B55: Demolición de zabaleta existente, incluye equipo y mano de obra. | C55: ML | D55: 22
A56: 1,2,1,3 | B56: Desmonte de cielo raso existente, incluye equipo y mano de obra. | C56: M2 | D56: 83.7
A57: 1,2,1,4 | B57: Demolición de piso de granito, incluye equipo y mano de obra. | C57: M2 | D57: 83.7
A58: 1,2,1,5 | B58: Demolición de piso anden externo, incluye equipo y mano de obra. | C58: M2 | D58: 5
A59: 1,2,1,6 | B59: Desmonte de instalaciones eléctricas existentes, incluye equipo y mano de obra. | C59: GL | D59: 1
A60: 1,2,1,7 | B60: Desmonte de puerta metálica acceso, incluye equipo y mano de obra | C60: UND | D60: 1
A61: 1,2,1,8 | B61: Picada de enchape mesones, incluye equipo y mano de obra | C61: M2 | D61: 15.58
A62: 1,2,1,9 | B62: Desmonte de lavaplatos en acero inoxidable esistentes en mal estado, incluye equipo y mano de obra. | C62: UND | D62: 4
A63: 1,2,1,10 | B63: Desmonte de aires acondicionados, incluye equipos y mano de obra. | C63: Uund | D63: 2
A64: 1,2,2 | B64: CUBIERTAS
A65: 1,2,2,1 | B65: Suministro e instalación cubierta en láminas ondulada de asbesto cemento perfil 7, incluye materiales, equipo y mano de obra. | C65: M2 | D65: 18
A66: 1,2,2,2 | B66: Suministro e instalación de caballete fijo, incluye materiales, equipo y mano de obra. | C66: ML | D66: 2
A67: 1,2,2,3 | B67: Suministro e instalación de cielo raso en PVC y perfilería metálica, incluye materiales, equipo y mano de obra. | C67: M2 | D67: 83.7
A68: 1,2,2,4 | B68: Zabaleta en block de cemento pañetada con mortero impermeabilizado 1:5, incluye materiales, equipo y mano de obra. | C68: ML | D68: 22
A69: 1,2,2,5 | B69: Impermeabilización de zabaleta con manto edil, equipo al caliente y pintura alumol, incluye materiales, equipo y mano de obra. | C69: M2 | D69: 22
A70: 1,2,3 | B70: MAMPOSTERIA
A71: 1,2,3,1 | B71: Pañete allanado en mortero 1:5 en áreas de engolose, incluye materiales, equipo y mano de obra. | C71: ML | D71: 29
A72: 1,2,3,2 | B72: Construcción de entrepaños en concreto de 3.000 psi de ancho 0,50 mts, incluye materiales, equipo y mano de obra. | C72: ML | D72: 8
A73: 1,2,3,3 | B73: Levante en block de arcilla 0,10 x 0,20 x 0,40, incluye materiales, equipo y mano de obra. | C73: ML | D73: 2
A74: 1,2,4 | B74: PISOS
A75: 1,2,4,1 | B75: Plantilla en concreto de 2500 psi., E= 0,05 mts., incluye materiales, equipo y mano de obra. | C75: M2 | D75: 93.7
A76: 1,2,4,2 | B76: Suministro e instalación de piso de cerámica antideslizante de 0,50 x 0,50 mts., trafico 5, incluye materiales, equipo y mano de obra. | C76: M2 | D76: 83.7
A77: 1,2,4,3 | B77: Suministro e instalación de zocalo de cerámica de 0,50 x 0,10, incluye materiales, equipo y mano de obra. | C77: ML | D77: 28
A78: 1,2,4,4 | B78: Suministro e instalación de piso en tablón vitrificado, incluye materiales, equipo y mano de obras | C78: M2 | D78: 5
A79: 1,2,4,5 | B79: Suministro e instalación de zócalo en tablón vitrificado, incluye materiales, equipo y mano de obra. | C79: ML | D79: 40.5
A80: 1,2,5 | B80: INSTALACIONES ELECTRICAS
A81: 1,2,5,1 | B81: Acometida en alambre N° 12, centelsa o similar, incluye materiales, equipo y mano de obra. | C81: ML | D81: 50
A82: 1,2,5,2 | B82: Salida de alumbrado común 110V, incluye materiales, equipo y mano de obra. | C82: UND | D82: 15
A83: 1,2,5,3 | B83: Salida de tomacorriente común 110V, incluye materiales, equipo y mano de obra. | C83: UND | D83: 15
A84: 1,2,5,4 | B84: Salida de tomacorriente común 220V, incluye materiales, equipo y mano de obra. | C84: UND | D84: 2
A85: 1,2,5,5 | B85: Tablero de 8 circuitos, incluye breaker, incluye materiales, equipo y mano de obra. | C85: UND | D85: 1
A86: 1,2,5,6 | B86: Suministro e instalación de lámparas fluorescentes 2 x 32, incluye materiales, equipo y mano de obra. | C86: UND | D86: 15
A87: 1,2,5,7 | B87: Suministro e instalación de aire acondicionado mini split de 18 btu, incluye materiales, equipo y mano de obra. | C87: UND | D87: 2
A88: 1,2,6 | B88: CARPINTERIA METALICA
A89: 1,2,6,1 | B89: Mantenimiento general de ventaneria existente en perfileria de aluminio y vidrio, incluye materiales, equipo y mano de obra, | C89: M2 | D89: 17
A90: 1,2,6,2 | B90: Suministro e instalación de puerta en perfileria de aluminio de 1,00 x 2,00, incluye materiales, equipo y mano de obra. | C90: UND | D90: 1
A91: 1,2,6,3 | B91: Suministro e instalación de reja metálica en varilla cuadrada de 1/2" de 1,00 x 2,00, incluye materiales, equipo y mano de obra. | C91: M2 | D91: 2
A92: 1,2,6,4 | B92: Suministro e instalación de perfileria de aluminio y vidrio en área de entrepaños, incluye materiales, equipo y mano de obra. | C92: M2 | D92: 4
A93: 1,2,7 | B93: ENCHAPES
A94: 1,2,7,1 | B94: Suministro e instalación de granimarmol sintético para mesón de cocina. | C94: ML | D94: 15
A95: 1,2,7,2 | B95: Enchape en cerámica área de mesones y entrepaños, incluye materiales, equipo y mano de obra. | C95: M2 | D95: 28
A96: 1,2,8 | B96: ACABADOS
A97: 1,2,8,1 | B97: Pintura sobre muros y calados internos y externos en vinilo tipo 1, tres manos, incluye resane del pañete en las áreas dañadas, incluye materiales, equipo y mano de obra. | C97: M2 | D97: 152
A98: 1,2,8,2 | B98: Pintura de rejas en hierro en esmalte, incluye raspe y anticorrosivo, desmonte, materiales, equipo y mano de obra. | C98: M2 | D98: 20
A99: 1,2,9 | B99: VARIOS
A100: 1,2,9,1 | B100: Salida de gas natural laboratorio, incluye materiales, equipo y mano de obra. | C100: UND | D100: 3
A101: 1,2,9,2 | B101: Revisión y reparaciones internas de instalaciones hidráulicas y de aguas negras área laboratorio, incluye materiales, equipo y mano de obra. | C101: GL | D101: 1
A102: 1,2,9,3 | B102: Suministro e instalación de lavaplatos en acero inoxidable tipo cubeta sencillo para sobreponer, incluye accesorios múltiples. | C102: UND | D102: 4
...

Sheet PRESUPUESTO INST EDUC. 
A2: MANTENIMIENTO, MEJORAMIENTO Y ADECUACIONES LOCATIVAS DE LAS INSTITUCIONES EDUCATIVAS JUAN XXIII, BELLAVISTA, SIMÓN BOLÍVAR, MARÍA AUXILIADORA Y CONCORDE SEDE B EN EL MUNICIPIO DE MALAMBO – DEPARTAMENTO DEL ATLÁNTICO.
A4: PRESUPUESTO
A5: ITEM | B5: DESCRIPCIÓN | C5: UND | D5: CANT. | E5: VR. UNITARIO | F5: VR. TOTAL
A6: 1 | B6: INSTITUCION EDUCATIVA JUAN XXIII
A7: 1.1 | B7: MODULOS ESCOLARES
A8: 1,1,1 | B8: OBRAS PRELIMINARES
A9: 1,1,1,1 | B9: Demolición de zabaleta existente, incluye equipo y mano de obra. | C9: ML | D9: 35 | E9: =+'ITEM 1,1,1'!I39 -> 28327 | F9: =D9*E9 -> 991445 | H9: 28325 | I9: 991375 | J9: =+E9-H9 -> 2 | K9: =+H9/1.03 -> 27500 | L9: =+E9/K9 -> 1.0300727
A10: 1,1,1,2 | B10: Desmonte de cubierta existente en lamina ondulada de asbesto cemento, incluye equipo y mano de obra. | C10: M2 | D10: 480 | E10: =+'ITEM 1,1,1'!I79 -> 47166 | F10: =D10*E10 -> 22639680 | H10: 47164.73 | I10: 22639070 | J10: =+E10-H10 -> 1.27 | K10: =+H10/1.03 -> 45791 | L10: =+E10/K10 -> 1.0300277
A11: 1,1,1,3 | B11: Desmonte de cielo raso existente, incluye equipo y mano de obra. | C11: M2 | D11: 210 | E11: =+'ITEM 1,1,1'!I119 -> 33581 | F11: =D11*E11 -> 7052010 | H11: 33006.35 | I11: 6931333.5 | J11: =+E11-H11 -> 574.65 | K11: =+H11/1.03 -> 32045 | L11: =+E11/K11 -> 1.0479326
A12: 1,1,1,4 | B12: Desmonte de abanicos existentes, incluye equipo y mano de obra. | C12: UND | D12: 20 | E12: =+'ITEM 1,1,1'!I158 -> 27295 | F12: =D12*E12 -> 545900 | H12: 27295 | I12: 545900 | J12: =+E12-H12 -> 0 | K12: =+H12/1.03 -> 26500 | L12: =+E12/K12 -> 1.03
A13: 1,1,1,5 | B13: Demolicion de piso de cemento, incluye equipo y mano de obra. | C13: M2 | D13: 125 | E13: =+'ITEM 1,1,1'!I198 -> 59123 | F13: =D13*E13 -> 7390375 | H13: 59123.03 | I13: 7390378.8 | J13: =+E13-H13 -> -0.03 | K13: =+H13/1.03 -> 57401 | L13: =+E13/K13 -> 1.0299995
A14: 1,1,1,6 | B14: Desmonte de lámparas existentes, incluye equipo y mano de obra. | C14: UND | D14: 10 | E14: =+'ITEM 1,1,1'!I238 -> 27295 | F14: =D14*E14 -> 272950 | H14: 27295 | I14: 272950 | J14: =+E14-H14 -> 0 | K14: =+H14/1.03 -> 26500 | L14: =+E14/K14 -> 1.03
A15: 1,1,1,7 | B15: Desmonte de instalaciones eléctricas existentes, incluye equipo y mano de obra. | C15: GL | D15: 1 | E15: =+'ITEM 1,1,1'!I278 -> 471740 | F15: =D15*E15 -> 471740 | H15: 471740 | I15: 471740 | J15: =+E15-H15 -> 0 | K15: =+H15/1.03 -> 458000 | L15: =+E15/K15 -> 1.03
A16: 1,1,1,8 | B16: Localización y replanteo con equipo de nivelación (comisión topografica mes) | C16: GL | D16: 1 | E16: =+'ITEM 1,1,1'!I318 -> 16578022 | F16: =D16*E16 -> 16578022 | H16: 16274000 | I16: 16274000 | J16: =+E16-H16 -> 304022 | K16: =+H16/1.03 -> 15800000 | L16: =+E16/K16 -> 1.0492419
A17: 1,1,2 | B17: CUBIERTAS | H17: 0 | I17: 0 | J17: =+E17-H17 -> 0 | K17: =+H17/1.03 -> 0 | L17: =+E17/K17 -> #DIV/0!
A18: 1,1,2,1 | B18: Suministro e instalación de correas en perfiles estructurales PAG 160 mm x 60 x 1,9 mm, incluye material, equipo y mano de obra. | C18: ML | D18: 413 | E18: =+'ITEM 1,1,2'!I39 -> 149349 | F18: =D18*E18 -> 61681137 | H18: 149350 | I18: 61681550 | J18: =+E18-H18 -> -1 | K18: =+H18/1.03 -> 145000 | L18: =+E18/K18 -> 1.0299931
A19: 1,1,2,2 | B19: Suministro e instalación de tensores para soporte de cielo raso en Angulo de 1" x 1" x 1/8", incluye materiales, equipo y mano de obra. | C19: ML | D19: 299 | E19: =+'ITEM 1,1,2'!I79 -> 18512 | F19: =D19*E19 -> 5535088 | H19: 18487.47 | I19: 5527753.5 | J19: =+E19-H19 -> 24.53 | K19: =+H19/1.03 -> 17949 | L19: =+E19/K19 -> 1.0313666
A20: 1,1,2,3 | B20: Instalación de cubierta en laminas onduladas existente de asbesto cemento, incluye equipo y mano de obra. | C20: M2 | D20: 386 | E20: =+'ITEM 1,1,2'!I119 -> 37580 | F20: =D20*E20 -> 14505880 | H20: 36678.3 | I20: 14157824 | J20: =+E20-H20 -> 901.7 | K20: =+H20/1.03 -> 35610 | L20: =+E20/K20 -> 1.0553215
A21: 1,1,2,4 | B21: Suministro e instalación cubierta en láminas ondulada de asbesto cemento perfil 7, incluye materiales, equipo y mano de obra. | C21: M2 | D21: 92 | E21: =+'ITEM 1,1,2'!I159 -> 89952 | F21: =D21*E21 -> 8275584 | H21: 90101.31 | I21: 8289320.5 | J21: =+E21-H21 -> -149.31 | K21: =+H21/1.03 -> 87477 | L21: =+E21/K21 -> 1.0282932
A22: 1,1,2,5 | B22: Suministro e instalación de caballete fijo, incluye materiales, equipo y mano de obra. | C22: ML | D22: 6 | E22: =+'ITEM 1,1,2'!I199 -> 46700 | F22: =D22*E22 -> 280200 | H22: 47998 | I22: 287988 | J22: =+E22-H22 -> -1298 | K22: =+H22/1.03 -> 46600 | L22: =+E22/K22 -> 1.0021459
A23: 1,1,2,6 | B23: Instalación de caballete fijo existente, incluye equipo y mano de obra. | C23: ML | D23: 60 | E23: =+'ITEM 1,1,2'!I239 -> 18747 | F23: =D23*E23 -> 1124820 | H23: 18746 | I23: 1124760 | J23: =+E23-H23 -> 1 | K23: =+H23/1.03 -> 18200 | L23: =+E23/K23 -> 1.0300549
A24: 1,1,2,7 | B24: Zabaleta en block de cemento pañetada con mortero impermeabilizado 1:5, incluye materiales, equipo y mano de obra. | C24: ML | D24: 35 | E24: =+'ITEM 1,1,2'!I281 -> 83474 | F24: =D24*E24 -> 2921590 | H24: 84797.84 | I24: 2967924.4 | J24: =+E24-H24 -> -1323.84 | K24: =+H24/1.03 -> 82328 | L24: =+E24/K24 -> 1.0139199
A25: 1,1,2,8 | B25: Impermeabilización de zabaleta con manto edil, equipo al caliente y pintura alumol, incluye materiales, equipo y mano de obra. | C25: ML | D25: 35 | E25: =+'ITEM 1,1,2'!I323 -> 82970 | F25: =D25*E25 -> 2903950 | H25: 83945 | I25: 2938075 | J25: =+E25-H25 -> -975 | K25: =+H25/1.03 -> 81500 | L25: =+E25/K25 -> 1.0180368
A26: 1,1,2,9 | B26: Suministro e instalación de cielo raso en perfilaría de aluminio y lamina plana de PVC | C26: M2 | D26: 342 | E26: =+'ITEM 1,1,2'!I366 -> 94031 | F26: =D26*E26 -> 32158602 | H26: 95378 | I26: 32619276 | J26: =+E26-H26 -> -1347 | K26: =+H26/1.03 -> 92600 | L26: =+E26/K26 -> 1.0154536
A27: 1,1,3 | B27: INSTALACIONES ELECTRICAS | H27: 0 | I27: 0 | J27: =+E27-H27 -> 0 | K27: =+H27/1.03 -> 0 | L27: =+E27/K27 -> #DIV/0!
A28: 1,1,3,1 | B28: Instalación de abanicos existentes, incluye equipo y mano de obra. | C28: UND | D28: 20 | E28: =+'ITEM 1,1,3'!I42 -> 49696 | F28: =D28*E28 -> 993920 | H28: 49697.5 | I28: 993950 | J28: =+E28-H28 -> -1.5 | K28: =+H28/1.03 -> 48250 | L28: =+E28/K28 -> 1.0299689
A29: 1,1,3,2 | B29: suminitro e instalacion de lamparas hermeticas, incluye tubos, equipos y mano de obra. | C29: UND | D29: 15 | E29: =+'ITEM 1,1,3'!I82 -> 183340 | F29: =D29*E29 -> 2750100 | H29: 183340 | I29: 2750100 | J29: =+E29-H29 -> 0 | K29: =+H29/1.03 -> 178000 | L29: =+E29/K29 -> 1.03
A30: 1,1,3,3 | B30: Suministro e instalación de lámparas tipo panel led 60x60, incluye equipo y mano de obra. | C30: UND | D30: 20 | E30: =+'ITEM 1,1,3'!I122 -> 231753 | F30: =D30*E30 -> 4635060 | H30: 231750 | I30: 4636400 | J30: =+E30-H30 -> 3 | K30: =+H30/1.03 -> 225000 | L30: =+E30/K30 -> 1.0300133
A31: 1,1,3,4 | B31: Salida de alumbrado común 110V, incluye materiales, equipo y mano de obra. | C31: UND | D31: 8 | E31: =+'ITEM 1,1,3'!I165 -> 177901 | F31: =D31*E31 -> 1423208 | H31: 177160 | I31: 1417280 | J31: =+E31-H31 -> 741 | K31: =+H31/1.03 -> 172000 | L31: =+E31/K31 -> 1.0343081
A32: 1,1,3,5 | B32: Salida de punto de abanico, incluye materiales, equipo y mano de obra. | C32: UND | D32: 20 | E32: =+'ITEM 1,1,3'!I208 -> 177901 | F32: =D32*E32 -> 3558020 | H32: 177160 | I32: 3543200 | J32: =+E32-H32 -> 741 | K32: =+H32/1.03 -> 172000 | L32: =+E32/K32 -> 1.0343081
A33: 1,1,3,6 | B33: Salida de tomacorriente común 110V, incluye materiales, equipo y mano de obra. | C33: UND | D33: 35 | E33: =+'ITEM 1,1,3'!I251 -> 175553 | F33: =D33*E33 -> 6144355 | H33: 174935.2 | I33: 6122732 | J33: =+E33-H33 -> 617.8 | K33: =+H33/1.03 -> 169840 | L33: =+E33/K33 -> 1.0336375
A34: 1,1,3,7 | B34: Salida de tomacorriente común 220V, incluye materiales, equipo y mano de obra. | C34: UND | D34: 7 | E34: =+'ITEM 1,1,3'!I294 -> 203528 | F34: =D34*E34 -> 1424696 | H34: 203425 | I34: 1423975 | J34: =+E34-H34 -> 103 | K34: =+H34/1.03 -> 197500 | L34: =+E34/K34 -> 1.0305215
A35: 1,1,3,8 | B35: Acometida en cable 7 hilos N° 12, centelsa o similar, incluye materiales, equipo y mano de obra. | C35: ML | D35: 280 | E35: =+'ITEM 1,1,3'!I337 -> 22827 | F35: =D35*E35 -> 6391560 | H35: 22866 | I35: 6402480 | J35: =+E35-H35 -> -39 | K35: =+H35/1.03 -> 22200 | L35: =+E35/K35 -> 1.0282432
A36: 1,1,3,9 | B36: Tablero de 8 circuitos, incluye breaker, incluye materiales, equipo y mano de obra. | C36: UND | D36: 2 | E36: =+'ITEM 1,1,3'!I380 -> 489220.5 | F36: =D36*E36 -> 978441 | H36: 489250 | I36: 978500 | J36: =+E36-H36 -> -29.5 | K36: =+H36/1.03 -> 475000 | L36: =+E36/K36 -> 1.0299379
A37: 1,1,3,10 | B37: Acometida Eléctrica principal, de entrada a tableros en cable 7 hilos de cobre #10, incluye materiales, equipo y mano de obra. | C37: ML | D37: 50 | E37: =+'ITEM 1,1,3'!I423 -> 37595 | F37: =D37*E37 -> 1879750 | H37: 37623.84 | I37: 1881192 | J37: =+E37-H37 -> -28.84 | K37: =+H37/1.03 -> 36528 | L37: =+E37/K37 -> 1.0292105
A38: 1,1,3,11 | B38: Suministro e instalación de abanicos de pared Samurai o similar, incluye materiales, equipo y mano de obra. | C38: UND | D38: 8 | E38: =+'ITEM 1,1,3'!I467 -> 410809 | F38: =D38*E38 -> 3286472 | H38: 409425 | I38: 3275400 | J38: =+E38-H38 -> 1384 | K38: =+H38/1.03 -> 397500 | L38: =+E38/K38 -> 1.0334818
A39: 1,1,4 | B39: MAMPOSTERIA | H39: 0 | I39: 0 | J39: =+E39-H39 -> 0 | K39: =+H39/1.03 -> 0 | L39: =+E39/K39 -> #DIV/0!
A40: 1,1,4,1 | B40: Pañete allanado en mortero 1:5 en áreas de engolose, incluye materiales, equipo y mano de obra. | C40: ML | D40: 480 | E40: =+'ITEM 1,1,4'!I42 -> 9761 | F40: =D40*E40 -> 4685280 | H40: 9785 | I40: 4696800 | J40: =+E40-H40 -> -24 | K40: =+H40/1.03 -> 9500 | L40: =+E40/K40 -> 1.0274737
A41: 1,1,4,2 | B41: Engolose de cubiertas a muros, mortero 1 :5, incluye materiales, equipo y mano de obra. | C41: ML | D41: 132 | E41: =+'ITEM 1,1,4'!I85 -> 12780 | F41: =D41*E41 -> 1686960 | H41: 12875 | I41: 1699500 | J41: =+E41-H41 -> -95 | K41: =+H41/1.03 -> 12500 | L41: =+E41/K41 -> 1.0224
A42: 1,1,5 | B42: PISOS | H42: 0 | I42: 0 | J42: =+E42-H42 -> 0 | K42: =+H42/1.03 -> 0 | L42: =+E42/K42 -> #DIV/0!
A43: 1,1,5,1 | B43: Plantilla en concreto de 2500 psi., E= 0,05 mts., incluye materiales,equipo y mano de obra. | C43: M2 | D43: 140 | E43: =+'ITEM 1,1,5'!I42 -> 69001 | F43: =D43*E43 -> 9660140 | H43: 69015.15 | I43: 9662121 | J43: =+E43-H43 -> -14.15 | K43: =+H43/1.03 -> 67005 | L43: =+E43/K43 -> 1.0297888
A44: 1,1,5,2 | B44: Suministro e instalacion de piso de ceramica antideslizante, trafico 5, incluye materiales, equipo y mano de obra. | C44: M2 | D44: 140 | E44: =+'ITEM 1,1,5'!I85 -> 126662 | F44: =D44*E44 -> 17732680 | H44: 126690 | I44: 17736600 | J44: =+E44-H44 -> -28 | K44: =+H44/1.03 -> 123000 | L44: =+E44/K44 -> 1.0297724
A45: 1,1,5,3 | B45: Suministro e instalacion de zocalo de ceramica, incluye materiales, equipo y mano de obra. | C45: ML | D45: 70 | E45: =+'ITEM 1,1,5'!I128 -> 26593 | F45: =D45*E45 -> 1861510 | H45: 26615.2 | I45: 1863064 | J45: =+E45-H45 -> -22.2 | K45: =+H45/1.03 -> 25840 | L45: =+E45/K45 -> 1.0291409
A46: 1,1,6 | B46: ACABADOS | H46: 0 | I46: 0 | J46: =+E46-H46 -> 0 | K46: =+H46/1.03 -> 0 | L46: =+E46/K46 -> #DIV/0!
A47: 1,1,6,1 | B47: Pintura sobre muros y calados internos y externos en vinilo tipo 1, tres manos, incluye resane del pañete en las áreas dañadas, incluye materiales, equipo y mano de obra. | C47: M2 | D47: 760 | E47: =+'ITEM 1,1,6'!I42 -> 24731 | F47: =D47*E47 -> 18795560 | H47: 24612.88 | I47: 18705789 | J47: =+E47-H47 -> 118.12 | K47: =+H47/1.03 -> 23896 | L47: =+E47/K47 -> 1.0349431
A48: 1,1,6,2 | B48: Pintura de puerta metálica en esmalte, incluye materiales,equipo y mano de obra. | C48: M2 | D48: 25.6 | E48: =+'ITEM 1,1,6'!I85 -> 70727 | F48: =D48*E48 -> 1810611.2 | H48: 70369.6 | I48: 1801461.8 | J48: =+E48-H48 -> 357.4 | K48: =+H48/1.03 -> 68320 | L48: =+E48/K48 -> 1.0352313
A49: 1,1,6,3 | B49: Pintura de rejas en hierro en esmalte, incluye raspe y anticorrosivo, materiales, equipo y mano de obra. | C49: M2 | D49: 54 | E49: =+'ITEM 1,1,6'!I128 -> 50303 | F49: =D49*E49 -> 2716362 | H49: 49955 | I49: 2697570 | J49: =+E49-H49 -> 348 | K49: =+H49/1.03 -> 48500 | L49: =+E49/K49 -> 1.0371753
A50: 1,1,6,4 | B50: suministro e instalacion de protector de ventana en varilla redonda de 1/2" entorchada, incluye materiales, equipos y mano de obra | C50: M2 | D50: 25.8 | E50: =+'ITEM 1,1,6'!I171 -> 238873 | F50: =D50*E50 -> 6162923.4 | H50: 236900 | I50: 6112020 | J50: =+E50-H50 -> 1973 | K50: =+H50/1.03 -> 230000 | L50: =+E50/K50 -> 1.0385783
A51: 1,1,7 | B51: LIMPIEZA | H51: 0 | I51: 0 | J51: =+E51-H51 -> 0 | K51: =+H51/1.03 -> 0 | L51: =+E51/K51 -> #DIV/0!
A52: 1,1,7,1 | B52: Limpieza general y desalojo de material sobrante. | C52: GL | D52: 1 | E52: =+'ITEM 1,1,7'!I42 -> 257536 | F52: =D52*E52 -> 257536 | H52: 515000 | I52: 515000 | J52: =+E52-H52 -> -257464 | K52: =+H52/1.03 -> 500000 | L52: =+E52/K52 -> 0.515072
H53: 0 | I53: 0 | J53: =+E53-H53 -> 0 | K53: =+H53/1.03 -> 0 | L53: =+E53/K53 -> #DIV/0!
B54: TOTAL MODULOS INSTITUCION EDUCATIVA JUAN XXIII | F54: =SUM(F9:F52,2) -> 2.8416412e+08 | H54: 0 | I54: 0 | J54: =+E54-H54 -> 0 | K54: =+H54/1.03 -> 0 | L54: =+E54/K54 -> #DIV/0!
H55: 0 | I55: 0 | J55: =+E55-H55 -> 0 | K55: =+H55/1.03 -> 0 | L55: =+E55/K55 -> #DIV/0!
A56: 1.2 | B56: LABORATORIO DE MUESTRAS QUIMICAS JUAN XXIII | H56: 0 | I56: 0 | J56: =+E56-H56 -> 0 | K56: =+H56/1.03 -> 0 | L56: =+E56/K56 -> #DIV/0!
A57: 1,2,1 | B57: OBRAS PRELIMINARES | H57: 0 | I57: 0 | J57: =+E57-H57 -> 0 | K57: =+H57/1.03 -> 0 | L57: =+E57/K57 -> #DIV/0!
A58: 1,2,1,1 | B58: Desmonte de cubierta existente en lamina ondulada de asbesto cemento, incluye equipo y mano de obra. | C58: M2 | D58: 25 | E58: =+'ITEM 1,2,1'!I39 -> 47884 | F58: =D58*E58 -> 1197100 | H58: 0 | I58: 0 | J58: =+E58-H58 -> 47884 | K58: =+H58/1.03 -> 0 | L58: =+E58/K58 -> #DIV/0!
A59: 1,2,1,2 | B59: Demolición de zabaleta existente, incluye equipo y mano de obra. | C59: ML | D59: 22 | E59: =+'ITEM 1,2,1'!I79 -> 28794 | F59: =D59*E59 -> 633468 | H59: 28325 | I59: 623150 | J59: =+E59-H59 -> 469 | K59: =+H59/1.03 -> 27500 | L59: =+E59/K59 -> 1.0470545
A60: 1,2,1,3 | B60: Desmonte de cielo raso existente, incluye equipo y mano de obra. | C60: M2 | D60: 83.7 | E60: =+'ITEM 1,2,1'!I119 -> 33581 | F60: =D60*E60 -> 2810729.7 | H60: 33006.35 | I60: 2762631.5 | J60: =+E60-H60 -> 574.65 | K60: =+H60/1.03 -> 32045 | L60: =+E60/K60 -> 1.0479326
A61: 1,2,1,4 | B61: Demolición de piso de granito, incluye equipo y mano de obra. | C61: M2 | D61: 83.7 | E61: =+'ITEM 1,2,1'!I159 -> 60021 | F61: =D61*E61 -> 5023757.7 | H61: 59123.03 | I61: 4948597.6 | J61: =+E61-H61 -> 897.97 | K61: =+H61/1.03 -> 57401 | L61: =+E61/K61 -> 1.0456438
A62: 1,2,1,5 | B62: Demolición de piso anden externo, incluye equipo y mano de obra. | C62: M2 | D62: 5 | E62: =+'ITEM 1,2,1'!I199 -> 60021 | F62: =D62*E62 -> 300105 | H62: 59123.03 | I62: 295615.15 | J62: =+E62-H62 -> 897.97 | K62: =+H62/1.03 -> 57401 | L62: =+E62/K62 -> 1.0456438
A63: 1,2,1,6 | B63: Desmonte de instalaciones eléctricas existentes, incluye equipo y mano de obra. | C63: GL | D63: 1 | E63: =+'ITEM 1,2,1'!I239 -> 471740 | F63: =D63*E63 -> 471740 | H63: 471740 | I63: 471740 | J63: =+E63-H63 -> 0 | K63: =+H63/1.03 -> 458000 | L63: =+E63/K63 -> 1.03
A64: 1,2,1,7 | B64: Desmonte de puerta metálica acceso, incluye equipo y mano de obra | C64: UND | D64: 1 | E64: =+'ITEM 1,2,1'!I279 -> 46335 | F64: =D64*E64 -> 46335 | H64: 46350 | I64: 46350 | J64: =+E64-H64 -> -15 | K64: =+H64/1.03 -> 45000 | L64: =+E64/K64 -> 1.0296667
A65: 1,2,1,8 | B65: Picada de enchape mesones, incluye equipo y mano de obra | C65: M2 | D65: 15.58 | E65: =+'ITEM 1,2,1'!I319 -> 19060 | F65: =D65*E65 -> 296954.8 | H65: 19055 | I65: 296876.9 | J65: =+E65-H65 -> 5 | K65: =+H65/1.03 -> 18500 | L65: =+E65/K65 -> 1.0302703
A66: 1,2,1,9 | B66: Desmonte de lavaplatos en acero inoxidable esistentes en mal estado, incluye equipo y mano de obra. | C66: UND | D66: 4 | E66: =+'ITEM 1,2,1'!I359 -> 36050 | F66: =D66*E66 -> 144200 | H66: 36050 | I66: 144200 | J66: =+E66-H66 -> 0 | K66: =+H66/1.03 -> 35000 | L66: =+E66/K66 -> 1.03
A67: 1,2,1,10 | B67: Desmonte de aires acondicionados, incluye equipos y mano de obra. | C67: Uund | D67: 2 | E67: =+'ITEM 1,2,1'!I399 -> 139014 | F67: =D67*E67 -> 278028 | H67: 139050 | I67: 278100 | J67: =+E67-H67 -> -36 | K67: =+H67/1.03 -> 135000 | L67: =+E67/K67 -> 1.0297333
A68: 1,2,2 | B68: CUBIERTAS | H68: 0 | I68: 0 | J68: =+E68-H68 -> 0 | K68: =+H68/1.03 -> 0 | L68: =+E68/K68 -> #DIV/0!
A69: 1,2,2,1 | B69: Suministro e instalación cubierta en láminas ondulada de asbesto cemento perfil 7, incluye materiales, equipo y mano de obra. | C69: M2 | D69: 18 | E69: =+'ITEM 1,2,2'!I38 -> 91686 | F69: =D69*E69 -> 1650348 | H69: 90101.31 | I69: 1621823.6 | J69: =+E69-H69 -> 1584.69 | K69: =+H69/1.03 -> 87477 | L69: =+E69/K69 -> 1.0481155
A70: 1,2,2,2 | B70: Suministro e instalación de caballete fijo, incluye materiales, equipo y mano de obra. | C70: ML | D70: 2 | E70: =+'ITEM 1,2,2'!I78 -> 48740 | F70: =D70*E70 -> 97480 | H70: 47998 | I70: 95996 | J70: =+E70-H70 -> 742 | K70: =+H70/1.03 -> 46600 | L70: =+E70/K70 -> 1.0459227
A71: 1,2,2,3 | B71: Suministro e instalación de cielo raso en PVC y perfilería metálica, incluye materiales, equipo y mano de obra. | C71: M2 | D71: 83.7 | E71: =+'ITEM 1,2,2'!I163 -> 95542 | F71: =+E71*D71 -> 7996865.4 | H71: 95378 | I71: 7983138.6 | J71: =+E71-H71 -> 164 | K71: =+H71/1.03 -> 92600 | L71: =+E71/K71 -> 1.0317711
A72: 1,2,2,4 | B72: Zabaleta en block de cemento pañetada con mortero impermeabilizado 1:5, incluye materiales, equipo y mano de obra. | C72: ML | D72: 22 | E72: =+'ITEM 1,2,2'!I120 -> 84529 | F72: =D72*E72 -> 1859638 | H72: 84797.84 | I72: 1865552.5 | J72: =+E72-H72 -> -268.84 | K72: =+H72/1.03 -> 82328 | L72: =+E72/K72 -> 1.0267345
A73: 1,2,2,5 | B73: Impermeabilización de zabaleta con manto edil, equipo al caliente y pintura alumol, incluye materiales, equipo y mano de obra. | C73: M2 | D73: 22 | E73: =+E25 -> 82970 | F73: =D73*E73 -> 1825340 | H73: 83945 | I73: 1846790 | J73: =+E73-H73 -> -975 | K73: =+H73/1.03 -> 81500 | L73: =+E73/K73 -> 1.0180368
A74: 1,2,3 | B74: MAMPOSTERIA | H74: 0 | I74: 0 | J74: =+E74-H74 -> 0 | K74: =+H74/1.03 -> 0 | L74: =+E74/K74 -> #DIV/0!
A75: 1,2,3,1 | B75: Pañete allanado en mortero 1:5 en áreas de engolose, incluye materiales, equipo y mano de obra. | C75: ML | D75: 29 | E75: =+'ITEM 1,2,3'!I42 -> 9870 | F75: =D75*E75 -> 286230 | H75: 9785 | I75: 283765 | J75: =+E75-H75 -> 85 | K75: =+H75/1.03 -> 9500 | L75: =+E75/K75 -> 1.0389474
A76: 1,2,3,2 | B76: Construcción de entrepaños en concreto de 3.000 psi de ancho 0,50 mts, incluye materiales, equipo y mano de obra. | C76: ML | D76: 8 | E76: =+'ITEM 1,2,3'!I85 -> 87373 | F76: =D76*E76 -> 698984 | H76: 87550 | I76: 700400 | J76: =+E76-H76 -> -177 | K76: =+H76/1.03 -> 85000 | L76: =+E76/K76 -> 1.0279176
A77: 1,2,3,3 | B77: Levante en block de arcilla 0,10 x 0,20 x 0,40, incluye materiales, equipo y mano de obra. | C77: ML | D77: 2 | E77: =+'ITEM 1,2,3'!I128 -> 26974 | F77: =D77*E77 -> 53948 | H77: 27295 | I77: 54590 | J77: =+E77-H77 -> -321 | K77: =+H77/1.03 -> 26500 | L77: =+E77/K77 -> 1.0178868
A78: 1,2,4 | B78: PISOS | H78: 0 | I78: 0 | J78: =+E78-H78 -> 0 | K78: =+H78/1.03 -> 0 | L78: =+E78/K78 -> #DIV/0!
A79: 1,2,4,1 | B79: Plantilla en concreto de 2500 psi., E= 0,05 mts., incluye materiales, equipo y mano de obra. | C79: M2 | D79: 93.7 | E79: =+'ITEM 1,2,4'!I42 -> 69325 | F79: =D79*E79 -> 6495752.5 | H79: 69015.15 | I79: 6466719.6 | J79: =+E79-H79 -> 309.85 | K79: =+H79/1.03 -> 67005 | L79: =+E79/K79 -> 1.0346243
A80: 1,2,4,2 | B80: Suministro e instalación de piso de cerámica antideslizante de 0,50 x 0,50 mts., trafico 5, incluye materiales, equipo y mano de obra. | C80: M2 | D80: 83.7 | E80: =+'ITEM 1,2,4'!I85 -> 127201 | F80: =D80*E80 -> 10646724 | H80: 126690 | I80: 10603953 | J80: =+E80-H80 -> 511 | K80: =+H80/1.03 -> 123000 | L80: =+E80/K80 -> 1.0341545
A81: 1,2,4,3 | B81: Suministro e instalación de zocalo de cerámica de 0,50 x 0,10, incluye materiales, equipo y mano de obra. | C81: ML | D81: 28 | E81: =+'ITEM 1,2,4'!I128 -> 26736 | F81: =D81*E81 -> 748608 | H81: 26615.2 | I81: 745225.6 | J81: =+E81-H81 -> 120.8 | K81: =+H81/1.03 -> 25840 | L81: =+E81/K81 -> 1.0346749
A82: 1,2,4,4 | B82: Suministro e instalación de piso en tablón vitrificado, incluye materiales, equipo y mano de obra. | C82: M2 | D82: 5 | E82: =+'ITEM 1,2,4'!I171 -> 66302 | F82: =D82*E82 -> 331510 | H82: 67207.5 | I82: 336037.5 | J82: =+E82-H82 -> -905.5 | K82: =+H82/1.03 -> 65250 | L82: =+E82/K82 -> 1.0161226
A83: 1,2,4,5 | B83: Suministro e instalación de zócalo en tablón vitrificado, incluye materiales, equipo y mano de obra. | C83: ML | D83: 40.5 | E83: =+'ITEM 1,2,4'!I214 -> 26475 | F83: =D83*E83 -> 1072237.5 | H83: 26574 | I83: 1076247 | J83: =+E83-H83 -> -99 | K83: =+H83/1.03 -> 25800 | L83: =+E83/K83 -> 1.0261628
A84: 1,2,5 | B84: INSTALACIONES ELECTRICAS | H84: 0 | I84: 0 | J84: =+E84-H84 -> 0 | K84: =+H84/1.03 -> 0 | L84: =+E84/K84 -> #DIV/0!
A85: 1,2,5,1 | B85: Acometida en alambre N° 12, centelsa o similar, incluye materiales, equipo y mano de obra. | C85: ML | D85: 50 | E85: =+'ITEM 1,2,5'!I206 -> 23180 | F85: =D85*E85 -> 1159000 | H85: 22866 | I85: 1143300 | J85: =+E85-H85 -> 314 | K85: =+H85/1.03 -> 22200 | L85: =+E85/K85 -> 1.0441441
A86: 1,2,5,2 | B86: Salida de alumbrado común 110V, incluye materiales, equipo y mano de obra. | C86: UND | D86: 15 | E86: =+'ITEM 1,2,5'!I77 -> 178476 | F86: =D86*E86 -> 2677140 | H86: 177160 | I86: 2657400 | J86: =+E86-H86 -> 1316 | K86: =+H86/1.03 -> 172000 | L86: =+E86/K86 -> 1.0376512
A87: 1,2,5,3 | B87: Salida de tomacorriente común 110V, incluye materiales, equipo y mano de obra. | C87: UND | D87: 15 | E87: =+'ITEM 1,2,5'!I120 -> 176200 | F87: =D87*E87 -> 2643000 | H87: 174935.2 | I87: 2624028 | J87: =+E87-H87 -> 1264.8 | K87: =+H87/1.03 -> 169840 | L87: =+E87/K87 -> 1.037447
A88: 1,2,5,4 | B88: Salida de tomacorriente común 220V, incluye materiales, equipo y mano de obra. | C88: UND | D88: 2 | E88: =+'ITEM 1,2,5'!I163 -> 204739 | F88: =D88*E88 -> 409478 | H88: 203425 | I88: 406850 | J88: =+E88-H88 -> 1314 | K88: =+H88/1.03 -> 197500 | L88: =+E88/K88 -> 1.0366532
A89: 1,2,5,5 | B89: Tablero de 8 circuitos, incluye breaker, incluye materiales, equipo y mano de obra. | C89: UND | D89: 1 | E89: =+'ITEM 1,2,5'!I249 -> 489220.5 | F89: =D89*E89 -> 489220.5 | H89: 489250 | I89: 489250 | J89: =+E89-H89 -> -29.5 | K89: =+H89/1.03 -> 475000 | L89: =+E89/K89 -> 1.0299379
A90: 1,2,5,6 | B90: Suministro e instalación de lámparas fluorescentes 2 x 32, incluye materiales, equipo y mano de obra. | C90: UND | D90: 15 | E90: =+'ITEM 1,2,5'!I34 -> 232274 | F90: =D90*E90 -> 3484110 | H90: 231750 | I90: 3476250 | J90: =+E90-H90 -> 524 | K90: =+H90/1.03 -> 225000 | L90: =+E90/K90 -> 1.0323289
A91: 1,2,5,7 | B91: Suministro e instalación de aire acondicionado mini split de 18 btu, incluye materiales, equipo y mano de obra. | C91: UND | D91: 2 | E91: =+'ITEM 1,2,5'!I292 -> 4009068 | F91: =+E91*D91 -> 8018136 | H91: 3964470 | I91: 7928940 | J91: =+E91-H91 -> 44598 | K91: =+H91/1.03 -> 3849000 | L91: =+E91/K91 -> 1.0415869
A92: 1,2,6 | B92: CARPINTERIA METALICA | H92: 0 | I92: 0 | J92: =+E92-H92 -> 0 | K92: =+H92/1.03 -> 0 | L92: =+E92/K92 -> #DIV/0!
A93: 1,2,6,1 | B93: Mantenimiento general de ventaneria existente en perfileria de aluminio y vidrio, incluye materiales, equipo y mano de obra, | C93: M2 | D93: 17 | E93: =+'ITEM 1,2,6'!I39 -> 257012 | F93: =+E93*D93 -> 4369204 | H93: 255440 | I93: 4342480 | J93: =+E93-H93 -> 1572 | K93: =+H93/1.03 -> 248000 | L93: =+E93/K93 -> 1.0363387
A94: 1,2,6,2 | B94: Suministro e instalación de puerta en perfileria de aluminio de 1,00 x 2,00, incluye materiales, equipo y mano de obra. | C94: UND | D94: 1 | E94: =+'ITEM 1,2,6'!I82 -> 1229251 | F94: =+E94*D94 -> 1229251 | H94: 1236000 | I94: 1236000 | J94: =+E94-H94 -> -6749 | K94: =+H94/1.03 -> 1200000 | L94: =+E94/K94 -> 1.0243758
A95: 1,2,6,3 | B95: Suministro e instalación de reja metálica en varilla cuadrada de 1/2" de 1,00 x 2,00, incluye materiales, equipo y mano de obra. | C95: M2 | D95: 2 | E95: =+'ITEM 1,2,6'!I125 -> 274878 | F95: =+E95*D95 -> 549756 | H95: 276040 | I95: 552080 | J95: =+E95-H95 -> -1162 | K95: =+H95/1.03 -> 268000 | L95: =+E95/K95 -> 1.0256642
A96: 1,2,6,4 | B96: Suministro e instalación de perfileria de aluminio y vidrio en área de entrepaños, incluye materiales, equipo y mano de obra. | C96: M2 | D96: 4 | E96: =+'ITEM 1,2,6'!I170 -> 463276 | F96: =+E96*D96 -> 1853104 | H96: 463500 | I96: 1854000 | J96: =+E96-H96 -> -224 | K96: =+H96/1.03 -> 450000 | L96: =+E96/K96 -> 1.0295022
A97: 1,2,7 | B97: ENCHAPES | H97: 0 | I97: 0 | J97: =+E97-H97 -> 0 | K97: =+H97/1.03 -> 0 | L97: =+E97/K97 -> #DIV/0!
A98: 1,2,7,1 | B98: Suministro e instalación de granimarmol sintético para mesón de cocina. | C98: ML | D98: 15 | E98: =+'ITEM 1,2,7'!I35 -> 503226 | F98: =+E98*D98 -> 7548390 | H98: 509850 | I98: 7647750 | J98: =+E98-H98 -> -6624 | K98: =+H98/1.03 -> 495000 | L98: =+E98/K98 -> 1.0166182
A99: 1,2,7,2 | B99: Enchape en cerámica área de mesones y entrepaños, incluye materiales, equipo y mano de obra. | C99: M2 | D99: 28 | E99: =+'ITEM 1,2,7'!I78 -> 80373 | F99: =+E99*D99 -> 2250444 | H99: 81370 | I99: 2278360 | J99: =+E99-H99 -> -997 | K99: =+H99/1.03 -> 79000 | L99: =+E99/K99 -> 1.0173797
A100: 1,2,8 | B100: ACABADOS | H100: 0 | I100: 0 | J100: =+E100-H100 -> 0 | K100: =+H100/1.03 -> 0 | L100: =+E100/K100 -> #DIV/0!
A101: 1,2,8,1 | B101: Pintura sobre muros y calados internos y externos en vinilo tipo 1, tres manos, incluye resane del pañete en las áreas dañadas, incluye materiales, equipo y mano de obra. | C101: M2 | D101: 152 | E101: =+'ITEM 1,2,8'!I42 -> 24718 | F101: =D101*E101 -> 3757136 | H101: 24612.88 | I101: 3741157.8 | J101: =+E101-H101 -> 105.12 | K101: =+H101/1.03 -> 23896 | L101: =+E101/K101 -> 1.0343991
A102: 1,2,8,2 | B102: Pintura de rejas en hierro en esmalte, incluye raspe y anticorrosivo, desmonte, materiales, equipo y mano de obra. | C102: M2 | D102: 20 | E102: =+'ITEM 1,2,8'!I80 -> 50303 | F102: =+E102*D102 -> 1006060 | H102: 49955 | I102: 999100 | J102: =+E102-H102 -> 348 | K102: =+H102/1.03 -> 48500 | L102: =+E102/K102 -> 1.0371753
...

Sheet ITEM 1,1,1
B1: FORMATO No.
B2: MANTENIMIENTO, MEJORAMIENTO Y ADECUACIONES LOCATIVAS DE LAS INSTITUCIONES EDUCATIVAS JUAN XXIII, BELLAVISTA, SIMÓN BOLÍVAR, MARÍA AUXILIADORA Y CONCORDE SEDE B EN EL MUNICIPIO DE MALAMBO – DEPARTAMENTO DEL ATLÁNTICO.
B3: ANALISIS DE PRECIOS UNITARIO
B4: Contrato No.
B6: Item: | C6: 1,1,1,1 | D6: Demolición de zabaleta existente, incluye equipo y mano de obra. | I6: UNIDAD
I7: ML
B8: I-EQUIPO Y HERRAMIENTA
B9: Descripcion | E9: Unidad | F9: Tarifa | G9: Rendimiento. | H9: Valor
B10: Herramientos menores | E10: dia | F10: 51500 | G10: 33 | H10: =+F10/G10 -> 1560.6061
B11: Andamio | E11: dia | F11: 51500 | G11: 33 | H11: =+F11/G11 -> 1560.6061
H14: Sub-Total | I14: =SUM(H10:H13) -> 3121.2121
B16: II- MATERIALES EN OBRA
B17: Descripcion | E17: Unidad | F17: Valor/unit | G17: Cantidad | H17: Valor
H23: Sub-Total | I23: =SUM(H18:H22) -> 0
B25: III-TRANSPORTES
B26: Descripcion | F26: Tarifa | G26: Rendimiento. | H26: Valor
G27: 0.00256 | H27: =+F27*G27 -> 0
H29: Sub-Total | I29: =SUM(H27:H28) -> 0
B31: IV-MANO DE OBRA
B32: Trabajador | D32: Jornal | E32: Prestacion | F32: Jornal Tot. | G32: Rendiminto | H32: Valor
B33: Oficial | D33: 72100 | E33: =+(0.66)*D33 -> 47586 | F33: =+D33+E33 -> 119686 | G33: 0.13 | H33: =+F33*G33 -> 15559.18
B34: Ayudante | D34: 44702 | E34: =+(0.66)*D34 -> 29503.32 | F34: =+D34+E34 -> 74205.32 | G34: 0.13 | H34: =+F34*G34 -> 9646.6916
H37: Sub-Total | I37: =SUM(H33:H36) -> 25205.872
H38: Ajuste
G39: Total Costo Directo | I39: =ROUND(SUM(I9:I38),0) -> 28327 | M39: =+I39*1.03 -> 29176.81
B41: FORMATO No.
B42: MANTENIMIENTO, MEJORAMIENTO Y ADECUACIONES LOCATIVAS DE LAS INSTITUCIONES EDUCATIVAS JUAN XXIII, BELLAVISTA, SIMÓN BOLÍVAR, MARÍA AUXILIADORA Y CONCORDE SEDE B EN EL MUNICIPIO DE MALAMBO – DEPARTAMENTO DEL ATLÁNTICO.
B43: ANALISIS DE PRECIOS UNITARIO
B44: Contrato No.
B46: Item: | C46: 1,1,1,2 | D46: Desmonte de cubierta existente en lamina ondulada de asbesto cemento, incluye equipo y mano de obra. | I46: UNIDAD
I47: M2
B48: I-EQUIPO Y HERRAMIENTA
B49: Descripcion | E49: Unidad | F49: Tarifa | G49: Rendimiento. | H49: Valor
B50: Herramientos menores | E50: dia | F50: 51500 | G50: 6.14 | H50: =+F50/G50 -> 8387.6221
H54: Sub-Total | I54: =SUM(H50:H53) -> 8387.6221
B56: II- MATERIALES EN OBRA
B57: Descripcion | E57: Unidad | F57: Valor/unit | G57: Cantidad | H57: Valor
H63: Sub-Total | I63: =SUM(H58:H62) -> 0
B65: III-TRANSPORTES
B66: Descripcion | F66: Tarifa | G66: Rendimiento. | H66: Valor
G67: 0.00256 | H67: =+F67*G67 -> 0
H69: Sub-Total | I69: =SUM(H67:H68) -> 0
B71: IV-MANO DE OBRA
B72: Trabajador | D72: Jornal | E72: Prestacion | F72: Jornal Tot. | G72: Rendiminto | H72: Valor
B73: Oficial | D73: 72100 | E73: =+(0.66)*D73 -> 47586 | F73: =+D73+E73 -> 119686 | G73: 0.2 | H73: =+F73*G73 -> 23937.2
B74: Ayudante | D74: 44702 | E74: =+(0.66)*D74 -> 29503.32 | F74: =+D74+E74 -> 74205.32 | G74: 0.2 | H74: =+F74*G74 -> 14841.064
H77: Sub-Total | I77: =SUM(H73:H76) -> 38778.264
H78: Ajuste
G79: Total Costo Directo | I79: =ROUND(SUM(I49:I78),0) -> 47166
B81: FORMATO No.
B82: MANTENIMIENTO, MEJORAMIENTO Y ADECUACIONES LOCATIVAS DE LAS INSTITUCIONES EDUCATIVAS JUAN XXIII, BELLAVISTA, SIMÓN BOLÍVAR, MARÍA AUXILIADORA Y CONCORDE SEDE B EN EL MUNICIPIO DE MALAMBO – DEPARTAMENTO DEL ATLÁNTICO.
B83: ANALISIS DE PRECIOS UNITARIO
B84: Contrato No.
B86: Item: | C86: 1,1,1,3 | D86: Desmonte de cielo raso existente, incluye equipo y mano de obra. | I86: UNIDAD
I87: M2
B88: I-EQUIPO Y HERRAMIENTA
B89: Descripcion | E89: Unidad | F89: Tarifa | G89: Rendimiento. | H89: Valor
B90: Herramientos menores | E90: dia | F90: 51500 | G90: 41.25 | H90: =+F90/G90 -> 1248.4848
B91: andamio | E91: dia | F91: 51500 | G91: 70 | H91: =+F91/G91 -> 735.71429
H94: Sub-Total | I94: =SUM(H90:H93) -> 1984.1991
B96: II- MATERIALES EN OBRA
B97: Descripcion | E97: Unidad | F97: Valor/unit | G97: Cantidad | H97: Valor
H103: Sub-Total | I103: =SUM(H98:H102) -> 0
B105: III-TRANSPORTES
B106: Descripcion | F106: Tarifa | G106: Rendimiento. | H106: Valor
G107: 0.00256 | H107: =+F107*G107 -> 0
H109: Sub-Total | I109: =SUM(H107:H108) -> 0
B111: IV-MANO DE OBRA
B112: Trabajador | D112: Jornal | E112: Prestacion | F112: Jornal Tot. | G112: Rendiminto | H112: Valor
B113: Oficial | D113: 74263 | E113: =+(0.66)*D113 -> 49013.58 | F113: =+D113+E113 -> 123276.58 | G113: 0.16 | H113: =+F113*G113 -> 19724.253
B114: Ayudante | D114: 44702 | E114: =+(0.66)*D114 -> 29503.32 | F114: =+D114+E114 -> 74205.32 | G114: =+G113 -> 0.16 | H114: =+F114*G114 -> 11872.851
H117: Sub-Total | I117: =SUM(H113:H116) -> 31597.104
H118: Ajuste
G119: Total Costo Directo | I119: =ROUND(SUM(I89:I118),0) -> 33581 | K119: 32045
B120: FORMATO No.
B121: MANTENIMIENTO, MEJORAMIENTO Y ADECUACIONES LOCATIVAS DE LAS INSTITUCIONES EDUCATIVAS JUAN XXIII, BELLAVISTA, SIMÓN BOLÍVAR, MARÍA AUXILIADORA Y CONCORDE SEDE B EN EL MUNICIPIO DE MALAMBO – DEPARTAMENTO DEL ATLÁNTICO.
B122: ANALISIS DE PRECIOS UNITARIO
B123: Contrato No.
B125: Item: | C125: 1,1,1,4 | D125: Desmonte de abanicos existentes, incluye equipo y mano de obra. | I125: UNIDAD
I126: UND
B127: I-EQUIPO Y HERRAMIENTA
B128: Descripcion | E128: Unidad | F128: Tarifa | G128: Rendimiento. | H128: Valor
B129: Herramientos menores | E129: dia | F129: 51500 | G129: 46 | H129: =+F129/G129 -> 1119.5652
H133: Sub-Total | I133: =SUM(H129:H132) -> 1119.5652
B135: II- MATERIALES EN OBRA
B136: Descripcion | E136: Unidad | F136: Valor/unit | G136: Cantidad | H136: Valor
H142: Sub-Total | I142: =SUM(H137:H141) -> 0
B144: III-TRANSPORTES
B145: Descripcion | F145: Tarifa | G145: Rendimiento. | H145: Valor
G146: 0.00256 | H146: =+F146*G146 -> 0
H148: Sub-Total | I148: =SUM(H146:H147) -> 0
B150: IV-MANO DE OBRA
B151: Trabajador | D151: Jornal | E151: Prestacion | F151: Jornal Tot. | G151: Rendiminto | H151: Valor
B152: Oficial | D152: 72100 | E152: =+(0.66)*D152 -> 47586 | F152: =+D152+E152 -> 119686 | G152: 0.135 | H152: =+F152*G152 -> 16157.61
B153: Ayudante | D153: 44702 | E153: =+(0.66)*D153 -> 29503.32 | F153: =+D153+E153 -> 74205.32 | G153: =+G152 -> 0.135 | H153: =+F153*G153 -> 10017.718
H156: Sub-Total | I156: =SUM(H152:H155) -> 26175.328
H157: Ajuste
G158: Total Costo Directo | I158: =ROUND(SUM(I128:I157),0) -> 27295
B160: FORMATO No.
B161: MANTENIMIENTO, MEJORAMIENTO Y ADECUACIONES LOCATIVAS DE LAS INSTITUCIONES EDUCATIVAS JUAN XXIII, BELLAVISTA, SIMÓN BOLÍVAR, MARÍA AUXILIADORA Y CONCORDE SEDE B EN EL MUNICIPIO DE MALAMBO – DEPARTAMENTO DEL ATLÁNTICO.
...

Sheet ITEM 1,1,2
B1: FORMATO No.
B2: MANTENIMIENTO, MEJORAMIENTO Y ADECUACIONES LOCATIVAS DE LAS INSTITUCIONES EDUCATIVAS JUAN XXIII, BELLAVISTA, SIMÓN BOLÍVAR, MARÍA AUXILIADORA Y CONCORDE SEDE B EN EL MUNICIPIO DE MALAMBO – DEPARTAMENTO DEL ATLÁNTICO.
B3: ANALISIS DE PRECIOS UNITARIO
B4: Contrato No.
B6: Item: | C6: 1,1,2,1 | D6: =+'[1] PRESUPUESTO CENTRO DE DESARROL'!$B$18 -> Suministro e instalación de correas en perfiles estructurales PAG 160 mm x 60 x 1,9 mm, incluye material, equipo y mano de obra. | I6: UNIDAD
I7: =+'[1] PRESUPUESTO CENTRO DE DESARROL'!$C$18 -> ML
B8: I-EQUIPO Y HERRAMIENTA
B9: Descripcion | E9: Unidad | F9: Tarifa | G9: Rendimiento. | H9: Valor
B10: Herramientos menores | E10: dia | F10: 51500 | G10: 20 | H10: =+F10/G10 -> 2575
B11: Equipo de Soldadura | E11: dia | F11: 103000 | G11: 75 | H11: =+F11/G11 -> 1373.3333
B12: Andamio | E12: dia | F12: 51500 | G12: 20 | H12: =+F12/G12 -> 2575
H14: Sub-Total | I14: =SUM(H10:H13) -> 6523.3333
B16: II- MATERIALES EN OBRA
B17: Descripcion | E17: Unidad | F17: Valor/unit | G17: Cantidad | H17: Valor
B18: Perfil 150x60x1,9mm | E18: kg | F18: 8652 | G18: 4.1 | H18: =+F18*G18 -> 35473.2
B19: Soldadura 6013 | E19: Kg | F19: 23690 | G19: 0.15 | H19: =+F19*G19 -> 3553.5
H23: Sub-Total | I23: =SUM(H18:H22) -> 39026.7
B25: III-TRANSPORTES
B26: Descripcion | F26: Tarifa | G26: Rendimiento. | H26: Valor
B27: Transporte de perfiles | F27: 1038 | G27: 1 | H27: =+F27*G27 -> 1038
H29: Sub-Total | I29: =SUM(H27:H28) -> 1038
B31: IV-MANO DE OBRA
B32: Trabajador | D32: Jornal | E32: Prestacion | F32: Jornal Tot. | G32: Rendiminto | H32: Valor
B33: Oficial | D33: 72100 | E33: =+(0.66)*D33 -> 47586 | F33: =+D33+E33 -> 119686 | G33: 0.3833 | H33: =+F33*G33 -> 45875.644
B34: 2 Ayudante | D34: =2*44702 -> 89404 | E34: =+(0.66)*D34 -> 59006.64 | F34: =+D34+E34 -> 148410.64 | G34: =+G33 -> 0.3833 | H34: =+F34*G34 -> 56885.798
H37: Sub-Total | I37: =SUM(H33:H36) -> 102761.44
H38: Ajuste
G39: Total Costo Directo | I39: =ROUND(SUM(I9:I38),0) -> 149349
B41: FORMATO No.
B42: MANTENIMIENTO, MEJORAMIENTO Y ADECUACIONES LOCATIVAS DE LAS INSTITUCIONES EDUCATIVAS JUAN XXIII, BELLAVISTA, SIMÓN BOLÍVAR, MARÍA AUXILIADORA Y CONCORDE SEDE B EN EL MUNICIPIO DE MALAMBO – DEPARTAMENTO DEL ATLÁNTICO.
B43: ANALISIS DE PRECIOS UNITARIO
B44: Contrato No.
B46: Item: | C46: 1,1,2,2 | D46: =+'[1] PRESUPUESTO CENTRO DE DESARROL'!$B$19 -> Suministro e instalación de tensores para soporte de cielo raso en Angulo de 1" x 1" x 1/8", incluye materiales, equipo y mano de obra. | I46: UNIDAD
I47: =+'[1] PRESUPUESTO CENTRO DE DESARROL'!$C$19 -> ML
B48: I-EQUIPO Y HERRAMIENTA
B49: Descripcion | E49: Unidad | F49: Tarifa | G49: Rendimiento. | H49: Valor
B50: Herramientos menores | E50: dia | F50: 51500 | G50: 28 | H50: =+F50/G50 -> 1839.2857
B51: Andamio | E51: dia | F51: 51500 | G51: 80 | H51: =+F51/G51 -> 643.75
H54: Sub-Total | I54: =SUM(H50:H53) -> 2483.0357
B56: II- MATERIALES EN OBRA
B57: Descripcion | E57: Unidad | F57: Valor/unit | G57: Cantidad | H57: Valor
B58: angulo 1X1/8 | E58: ml | F58: 6386 | G58: 1 | H58: =+F58*G58 -> 6386
B59: tornillos autoperforante | E59: und | F59: 3675 | G59: =2/5 -> 0.4 | H59: =+F59*G59 -> 1470
H63: Sub-Total | I63: =SUM(H58:H62) -> 7856
B65: III-TRANSPORTES
B66: Descripcion | F66: Tarifa | G66: Rendimiento. | H66: Valor
B67: Transporte de perfiles | F67: 130 | G67: 1 | H67: =+F67*G67 -> 130
H69: Sub-Total | I69: =SUM(H67:H68) -> 130
B71: IV-MANO DE OBRA
B72: Trabajador | D72: Jornal | E72: Prestacion | F72: Jornal Tot. | G72: Rendiminto | H72: Valor
B73: Oficial | D73: 72100 | E73: =+(0.66)*D73 -> 47586 | F73: =+D73+E73 -> 119686 | G73: 0.03 | H73: =+F73*G73 -> 3590.58
B74: 2 Ayudante | D74: =2*44702 -> 89404 | E74: =+(0.66)*D74 -> 59006.64 | F74: =+D74+E74 -> 148410.64 | G74: =+G73 -> 0.03 | H74: =+F74*G74 -> 4452.3192
H77: Sub-Total | I77: =SUM(H73:H76) -> 8042.8992
H78: Ajuste
G79: Total Costo Directo | I79: =ROUND(SUM(I49:I78),0) -> 18512
B81: FORMATO No.
B82: MANTENIMIENTO, MEJORAMIENTO Y ADECUACIONES LOCATIVAS DE LAS INSTITUCIONES EDUCATIVAS JUAN XXIII, BELLAVISTA, SIMÓN BOLÍVAR, MARÍA AUXILIADORA Y CONCORDE SEDE B EN EL MUNICIPIO DE MALAMBO – DEPARTAMENTO DEL ATLÁNTICO.
B83: ANALISIS DE PRECIOS UNITARIO
B84: Contrato No.
B86: Item: | C86: 1,1,2,3 | D86: =+'[1] PRESUPUESTO CENTRO DE DESARROL'!$B$20 -> Instalación de cubierta en laminas onduladas existente de asbesto cemento, incluye equipo y mano de obra. | I86: UNIDAD
I87: =+'[1] PRESUPUESTO CENTRO DE DESARROL'!$C$20 -> M2
B88: I-EQUIPO Y HERRAMIENTA
B89: Descripcion | E89: Unidad | F89: Tarifa | G89: Rendimiento. | H89: Valor
B90: Herramientos menores | E90: dia | F90: 51500 | G90: 28 | H90: =+F90/G90 -> 1839.2857
B91: Andamio | E91: dia | F91: 51500 | G91: 60 | H91: =+F91/G91 -> 858.33333
H94: Sub-Total | I94: =SUM(H90:H93) -> 2697.619
B96: II- MATERIALES EN OBRA
B97: Descripcion | E97: Unidad | F97: Valor/unit | G97: Cantidad | H97: Valor
B98: fijador ala capuchon | E98: und | F98: 1300 | G98: 0.707 | H98: =+F98*G98 -> 919.1
B99: Ganccho teja ondulada | E99: und | F99: 3400 | G99: 1 | H99: =+F99*G99 -> 3400
H103: Sub-Total | I103: =SUM(H98:H102) -> 4319.1
B105: III-TRANSPORTES
B106: Descripcion | F106: Tarifa | G106: Rendimiento. | H106: Valor
H107: =+F107*G107 -> 0
H109: Sub-Total | I109: =SUM(H107:H108) -> 0
B111: IV-MANO DE OBRA
B112: Trabajador | D112: Jornal | E112: Prestacion | F112: Jornal Tot. | G112: Rendiminto | H112: Valor
B113: Oficial | D113: 72100 | E113: =+(0.66)*D113 -> 47586 | F113: =+D113+E113 -> 119686 | G113: 0.114 | H113: =+F113*G113 -> 13644.204
B114: 2 Ayudante | D114: =2*44702 -> 89404 | E114: =+(0.66)*D114 -> 59006.64 | F114: =+D114+E114 -> 148410.64 | G114: =+G113 -> 0.114 | H114: =+F114*G114 -> 16918.813
H117: Sub-Total | I117: =SUM(H113:H116) -> 30563.017
H118: Ajuste
G119: Total Costo Directo | I119: =ROUND(SUM(I89:I118),0) -> 37580
B121: FORMATO No.
B122: MANTENIMIENTO, MEJORAMIENTO Y ADECUACIONES LOCATIVAS DE LAS INSTITUCIONES EDUCATIVAS JUAN XXIII, BELLAVISTA, SIMÓN BOLÍVAR, MARÍA AUXILIADORA Y CONCORDE SEDE B EN EL MUNICIPIO DE MALAMBO – DEPARTAMENTO DEL ATLÁNTICO.
B123: ANALISIS DE PRECIOS UNITARIO
B124: Contrato No.
B126: Item: | C126: 1,1,2,4 | D126: =+'[1] PRESUPUESTO CENTRO DE DESARROL'!$B$21 -> Suministro e instalación cubierta en láminas ondulada de asbesto cemento perfil 7, incluye materiales, equipo y mano de obra. | I126: UNIDAD
I127: =+'[1] PRESUPUESTO CENTRO DE DESARROL'!$C$20 -> M2
B128: I-EQUIPO Y HERRAMIENTA
B129: Descripcion | E129: Unidad | F129: Tarifa | G129: Rendimiento. | H129: Valor
B130: Herramientos menores | E130: dia | F130: 51500 | G130: 28 | H130: =+F130/G130 -> 1839.2857
B131: Andamio | E131: dia | F131: 51500 | G131: 60 | H131: =+F131/G131 -> 858.33333
H134: Sub-Total | I134: =SUM(H130:H133) -> 2697.619
B136: II- MATERIALES EN OBRA
B137: Descripcion | E137: Unidad | F137: Valor/unit | G137: Cantidad | H137: Valor
B138: fijador ala capuchon | E138: und | F138: 1300 | G138: 0.707 | H138: =+F138*G138 -> 919.1
B139: Ganccho teja ondulada | E139: und | F139: 3400 | G139: 1 | H139: =+F139*G139 -> 3400
B140: Lamina ondulada perfil 7 | E140: Und | F140: 72100 | G140: 0.36 | H140: =+F140*G140 -> 25956
H143: Sub-Total | I143: =SUM(H138:H142) -> 30275.1
B145: III-TRANSPORTES
...

Sheet ITEM 1,1,3
B1: FORMATO No.
B2: MANTENIMIENTO, MEJORAMIENTO Y ADECUACIONES LOCATIVAS DE LAS INSTITUCIONES EDUCATIVAS JUAN XXIII, BELLAVISTA, SIMÓN BOLÍVAR, MARÍA AUXILIADORA Y CONCORDE SEDE B EN EL MUNICIPIO DE MALAMBO – DEPARTAMENTO DEL ATLÁNTICO.
B3: ANALISIS DE PRECIOS UNITARIO
B4: Contrato No.
B6: Item: | C6: 1,1,3,1 | D6: =+'[2] PRESUPUESTO CENTRO DE DESARROL'!$B$28 -> Instalación de abanicos existentes, incluye equipo y mano de obra. | I6: UNIDAD
I7: =+'[2] PRESUPUESTO CENTRO DE DESARROL'!$C$28 -> UND
B8: I-EQUIPO Y HERRAMIENTA
B9: Descripcion | E9: Unidad | F9: Tarifa | G9: Rendimiento. | H9: Valor
B10: Herramientos menores | E10: dia | F10: 51500 | G10: 25 | H10: =+F10/G10 -> 2060
B11: Andamio | E11: dia | F11: 51500 | G11: 25 | H11: =+F11/G11 -> 2060
H14: Sub-Total | I14: =SUM(H10:H13) -> 4120
B16: II- MATERIALES EN OBRA
B17: Descripcion | E17: Unidad | F17: Valor/unit | G17: Cantidad | H17: Valor
H18: =+F18*G18 -> 0
H19: =+F19*G19 -> 0
H20: =+F20*G20 -> 0
H21: =+F21*G21 -> 0
H22: =+F22*G22 -> 0
H26: Sub-Total | I26: =SUM(H18:H25) -> 0
B28: III-TRANSPORTES
B29: Descripcion | F29: Tarifa | G29: Rendimiento. | H29: Valor
H30: =+F30*G30 -> 0
H32: Sub-Total | I32: =SUM(H30:H31) -> 0
B34: IV-MANO DE OBRA
B35: Trabajador | D35: Jornal | E35: Prestacion | F35: Jornal Tot. | G35: Rendiminto | H35: Valor
B36: Oficial | D36: 72100 | E36: =+(0.66)*D36 -> 47586 | F36: =+D36+E36 -> 119686 | G36: 0.17 | H36: =+F36*G36 -> 20346.62
B37: 2 Ayudante | D37: =2*44702 -> 89404 | E37: =+(0.66)*D37 -> 59006.64 | F37: =+D37+E37 -> 148410.64 | G37: =+G36 -> 0.17 | H37: =+F37*G37 -> 25229.809
H40: Sub-Total | I40: =SUM(H36:H39) -> 45576.429
H41: Ajuste
G42: Total Costo Directo | I42: =ROUND(SUM(I12:I41),0) -> 49696
B44: FORMATO No.
B45: MANTENIMIENTO, MEJORAMIENTO Y ADECUACIONES LOCATIVAS DE LAS INSTITUCIONES EDUCATIVAS JUAN XXIII, BELLAVISTA, SIMÓN BOLÍVAR, MARÍA AUXILIADORA Y CONCORDE SEDE B EN EL MUNICIPIO DE MALAMBO – DEPARTAMENTO DEL ATLÁNTICO.
B46: ANALISIS DE PRECIOS UNITARIO
B47: Contrato No.
B49: Item: | C49: 1,1,3,2 | D49: =+'[2] PRESUPUESTO CENTRO DE DESARROL'!$B$29 -> suminitro e instalacion de lamparas hermeticas, incluye tubos, equipos y mano de obra. | I49: UNIDAD
I50: =+'[2] PRESUPUESTO CENTRO DE DESARROL'!$C$29 -> UND
B51: I-EQUIPO Y HERRAMIENTA
B52: Descripcion | E52: Unidad | F52: Tarifa | G52: Rendimiento. | H52: Valor
B53: Herramientos menores | E53: dia | F53: 51500 | G53: 30 | H53: =+F53/G53 -> 1716.6667
B54: Andamio | E54: dia | F54: 51500 | G54: 30 | H54: =+F54/G54 -> 1716.6667
H57: Sub-Total | I57: =SUM(H53:H56) -> 3433.3333
B59: II- MATERIALES EN OBRA
B60: Descripcion | E60: Unidad | F60: Valor/unit | G60: Cantidad | H60: Valor
B61: Lampara hermetica | E61: Und | F61: 133900 | G61: 1 | H61: =+F61*G61 -> 133900
H62: =+F62*G62 -> 0
H66: Sub-Total | I66: =SUM(H61:H65) -> 133900
B68: III-TRANSPORTES
B69: Descripcion | F69: Tarifa | G69: Rendimiento. | H69: Valor
B70: Transporte de perfiles | F70: 430 | G70: 1 | H70: =+F70*G70 -> 430
H72: Sub-Total | I72: =SUM(H70:H71) -> 430
B74: IV-MANO DE OBRA
B75: Trabajador | D75: Jornal | E75: Prestacion | F75: Jornal Tot. | G75: Rendiminto | H75: Valor
B76: Oficial | D76: 72100 | E76: =+(0.66)*D76 -> 47586 | F76: =+D76+E76 -> 119686 | G76: 0.17 | H76: =+F76*G76 -> 20346.62
B77: 2 Ayudante | D77: =2*44702 -> 89404 | E77: =+(0.66)*D77 -> 59006.64 | F77: =+D77+E77 -> 148410.64 | G77: =+G76 -> 0.17 | H77: =+F77*G77 -> 25229.809
H80: Sub-Total | I80: =SUM(H76:H79) -> 45576.429
H81: Ajuste
G82: Total Costo Directo | I82: =ROUND(SUM(I52:I81),0) -> 183340
B84: FORMATO No.
B85: MANTENIMIENTO, MEJORAMIENTO Y ADECUACIONES LOCATIVAS DE LAS INSTITUCIONES EDUCATIVAS JUAN XXIII, BELLAVISTA, SIMÓN BOLÍVAR, MARÍA AUXILIADORA Y CONCORDE SEDE B EN EL MUNICIPIO DE MALAMBO – DEPARTAMENTO DEL ATLÁNTICO.
B86: ANALISIS DE PRECIOS UNITARIO
B87: Contrato No.
B89: Item: | C89: 1,1,3,3 | D89: =+'[2] PRESUPUESTO CENTRO DE DESARROL'!$B$30 -> Suministro e instalación de lámparas tipo panel led 60x60, incluye equipo y mano de obra. | I89: UNIDAD
I90: =+'[2] PRESUPUESTO CENTRO DE DESARROL'!$C$30 -> UND
B91: I-EQUIPO Y HERRAMIENTA
B92: Descripcion | E92: Unidad | F92: Tarifa | G92: Rendimiento. | H92: Valor
B93: Herramientos menores | E93: dia | F93: 51500 | G93: 13 | H93: =+F93/G93 -> 3961.5385
B94: Andamio | E94: dia | F94: 51500 | G94: 30 | H94: =+F94/G94 -> 1716.6667
H97: Sub-Total | I97: =SUM(H93:H96) -> 5678.2051
B99: II- MATERIALES EN OBRA
B100: Descripcion | E100: Unidad | F100: Valor/unit | G100: Cantidad | H100: Valor
B101: Lampara Panel 60X60cm | E101: Und | F101: 185400 | G101: 1 | H101: =+F101*G101 -> 185400
H102: =+F102*G102 -> 0
H106: Sub-Total | I106: =SUM(H101:H105) -> 185400
B108: III-TRANSPORTES
B109: Descripcion | F109: Tarifa | G109: Rendimiento. | H109: Valor
F110: 460 | G110: 1 | H110: =+F110*G110 -> 460
H112: Sub-Total | I112: =SUM(H110:H111) -> 460
B114: IV-MANO DE OBRA
B115: Trabajador | D115: Jornal | E115: Prestacion | F115: Jornal Tot. | G115: Rendiminto | H115: Valor
B116: Oficial | D116: 72100 | E116: =+(0.66)*D116 -> 47586 | F116: =+D116+E116 -> 119686 | G116: 0.15 | H116: =+F116*G116 -> 17952.9
B117: 2 Ayudante | D117: =2*44702 -> 89404 | E117: =+(0.66)*D117 -> 59006.64 | F117: =+D117+E117 -> 148410.64 | G117: =+G116 -> 0.15 | H117: =+F117*G117 -> 22261.596
H120: Sub-Total | I120: =SUM(H116:H119) -> 40214.496
H121: Ajuste
G122: Total Costo Directo | I122: =ROUND(SUM(I92:I121),0) -> 231753
B124: FORMATO No.
B125: MANTENIMIENTO, MEJORAMIENTO Y ADECUACIONES LOCATIVAS DE LAS INSTITUCIONES EDUCATIVAS JUAN XXIII, BELLAVISTA, SIMÓN BOLÍVAR, MARÍA AUXILIADORA Y CONCORDE SEDE B EN EL MUNICIPIO DE MALAMBO – DEPARTAMENTO DEL ATLÁNTICO.
B126: ANALISIS DE PRECIOS UNITARIO
B127: Contrato No.
B129: Item: | C129: 1,1,3,4 | D129: =+'[2] PRESUPUESTO CENTRO DE DESARROL'!$B$31 -> Salida de alumbrado común 110V, incluye materiales, equipo y mano de obra. | I129: UNIDAD
I130: =+'[2] PRESUPUESTO CENTRO DE DESARROL'!$C$31 -> UND
B131: I-EQUIPO Y HERRAMIENTA
B132: Descripcion | E132: Unidad | F132: Tarifa | G132: Rendimiento. | H132: Valor
B133: Herramientos menores | E133: dia | F133: 51500 | G133: 50 | H133: =+F133/G133 -> 1030
B134: Andamio | E134: dia | F134: 51500 | G134: 20 | H134: =+F134/G134 -> 2575
H137: Sub-Total | I137: =SUM(H133:H136) -> 3605
B139: II- MATERIALES EN OBRA
B140: Descripcion | E140: Unidad | F140: Valor/unit | G140: Cantidad | H140: Valor
B141: Tubo conduit 1/2 pulgada | E141: ml | F141: 3785 | G141: 2 | H141: =+F141*G141 -> 7570
B142: Curva Conduit 1/2 pulgada | E142: Und | F142: 1236 | G142: 1 | H142: =+F142*G142 -> 1236
B143: Adaptador 1/2 pulgada terminal conduit | E143: Und | F143: 1030 | G143: 1 | H143: =+F143*G143 -> 1030
...

Sheet ITEM 1,1,4
B1: FORMATO No.
B2: MANTENIMIENTO, MEJORAMIENTO Y ADECUACIONES LOCATIVAS DE LAS INSTITUCIONES EDUCATIVAS JUAN XXIII, BELLAVISTA, SIMÓN BOLÍVAR, MARÍA AUXILIADORA Y CONCORDE SEDE B EN EL MUNICIPIO DE MALAMBO – DEPARTAMENTO DEL ATLÁNTICO.
B3: ANALISIS DE PRECIOS UNITARIO
B4: Contrato No.
B6: Item: | C6: 1,1,4,1 | D6: =+'[2] PRESUPUESTO CENTRO DE DESARROL'!$B$40 -> Pañete allanado en mortero 1:5 en áreas de engolose, incluye materiales, equipo y mano de obra. | I6: UNIDAD
I7: =+'[2] PRESUPUESTO CENTRO DE DESARROL'!$C$40 -> ML
B8: I-EQUIPO Y HERRAMIENTA
B9: Descripcion | E9: Unidad | F9: Tarifa | G9: Rendimiento. | H9: Valor
B10: Herramientos menores | E10: dia | F10: 51500 | G10: 80 | H10: =+F10/G10 -> 643.75
B11: Andamio | E11: dia | F11: 51500 | G11: 80 | H11: =+F11/G11 -> 643.75
H14: Sub-Total | I14: =SUM(H10:H13) -> 1287.5
B16: II- MATERIALES EN OBRA
B17: Descripcion | E17: Unidad | F17: Valor/unit | G17: Cantidad | H17: Valor
H18: =+F18*G18 -> 0
B19: Mortero 1:5 Pañete | E19: M3 | F19: 700400 | G19: 0.0005 | H19: =+F19*G19 -> 350.2 | L19: =+F19*1.03 -> 721412
H20: =+F20*G20 -> 0
H21: =+F21*G21 -> 0
H22: =+F22*G22 -> 0
H26: Sub-Total | I26: =SUM(H18:H25) -> 350.2
B28: III-TRANSPORTES
B29: Descripcion | F29: Tarifa | G29: Rendimiento. | H29: Valor
G30: 1 | H30: =+F30*G30 -> 0
H32: Sub-Total | I32: =SUM(H30:H31) -> 0
B34: IV-MANO DE OBRA
B35: Trabajador | D35: Jornal | E35: Prestacion | F35: Jornal Tot. | G35: Rendiminto | H35: Valor
B36: Oficial | D36: 72100 | E36: =+(0.66)*D36 -> 47586 | F36: =+D36+E36 -> 119686 | G36: 0.0303 | H36: =+F36*G36 -> 3626.4858
B37: 2 Ayudante | D37: =2*44702 -> 89404 | E37: =+(0.66)*D37 -> 59006.64 | F37: =+D37+E37 -> 148410.64 | G37: =+G36 -> 0.0303 | H37: =+F37*G37 -> 4496.8424
H40: Sub-Total | I40: =SUM(H36:H39) -> 8123.3282
H41: Ajuste
G42: Total Costo Directo | I42: =ROUND(SUM(I12:I41),0) -> 9761
B44: FORMATO No.
B45: MANTENIMIENTO, MEJORAMIENTO Y ADECUACIONES LOCATIVAS DE LAS INSTITUCIONES EDUCATIVAS JUAN XXIII, BELLAVISTA, SIMÓN BOLÍVAR, MARÍA AUXILIADORA Y CONCORDE SEDE B EN EL MUNICIPIO DE MALAMBO – DEPARTAMENTO DEL ATLÁNTICO.
B46: ANALISIS DE PRECIOS UNITARIO
B47: Contrato No.
B49: Item: | C49: 1,1,4,2 | D49: =+'[2] PRESUPUESTO CENTRO DE DESARROL'!$B$41 -> Engolose de cubiertas a muros, mortero 1 :5, incluye materiales, equipo y mano de obra. | I49: UNIDAD
I50: =+'[2] PRESUPUESTO CENTRO DE DESARROL'!$C$41 -> ML
B51: I-EQUIPO Y HERRAMIENTA
B52: Descripcion | E52: Unidad | F52: Tarifa | G52: Rendimiento. | H52: Valor
B53: Herramientos menores | E53: dia | F53: 51500 | G53: 80 | H53: =+F53/G53 -> 643.75
B54: Andamio | E54: dia | F54: 51500 | G54: 80 | H54: =+F54/G54 -> 643.75
H57: Sub-Total | I57: =SUM(H53:H56) -> 1287.5
B59: II- MATERIALES EN OBRA
B60: Descripcion | E60: Unidad | F60: Valor/unit | G60: Cantidad | H60: Valor
B61: mortero 1:5 pega | E61: M3 | F61: 650000 | G61: 0.001 | H61: =+F61*G61 -> 650
B62: Ladrillo Tolete | E62: Und | F62: 800 | G62: 3.5 | H62: =+F62*G62 -> 2800
H64: =+F64*G64 -> 0
H65: =+F65*G65 -> 0
H69: Sub-Total | I69: =SUM(H61:H68) -> 3450
B71: III-TRANSPORTES
B72: Descripcion | F72: Tarifa | G72: Rendimiento. | H72: Valor
G73: 1 | H73: =+F73*G73 -> 0
H75: Sub-Total | I75: =SUM(H73:H74) -> 0
B77: IV-MANO DE OBRA
B78: Trabajador | D78: Jornal | E78: Prestacion | F78: Jornal Tot. | G78: Rendiminto | H78: Valor
B79: Oficial | D79: 72100 | E79: =+(0.66)*D79 -> 47586 | F79: =+D79+E79 -> 119686 | G79: 0.03 | H79: =+F79*G79 -> 3590.58
B80: 2 Ayudante | D80: =2*44702 -> 89404 | E80: =+(0.66)*D80 -> 59006.64 | F80: =+D80+E80 -> 148410.64 | G80: =+G79 -> 0.03 | H80: =+F80*G80 -> 4452.3192
H83: Sub-Total | I83: =SUM(H79:H82) -> 8042.8992
H84: Ajuste
G85: Total Costo Directo | I85: =ROUND(SUM(I55:I84),0) -> 12780

Sheet ITEM 1,1,5
B1: FORMATO No.
B2: MANTENIMIENTO, MEJORAMIENTO Y ADECUACIONES LOCATIVAS DE LAS INSTITUCIONES EDUCATIVAS JUAN XXIII, BELLAVISTA, SIMÓN BOLÍVAR, MARÍA AUXILIADORA Y CONCORDE SEDE B EN EL MUNICIPIO DE MALAMBO – DEPARTAMENTO DEL ATLÁNTICO.
B3: ANALISIS DE PRECIOS UNITARIO
B4: Contrato No.
B6: Item: | C6: 1,1,5,1 | D6: =+'[2] PRESUPUESTO CENTRO DE DESARROL'!$B$43 -> Plantilla en concreto de 2500 psi., E= 0,05 mts., incluye materiales,equipo y mano de obra. | I6: UNIDAD
I7: =+'[2] PRESUPUESTO CENTRO DE DESARROL'!$C$43 -> M2
B8: I-EQUIPO Y HERRAMIENTA
B9: Descripcion | E9: Unidad | F9: Tarifa | G9: Rendimiento. | H9: Valor
B10: Herramientos menores | E10: dia | F10: 51500 | G10: 80 | H10: =+F10/G10 -> 643.75
H14: Sub-Total | I14: =SUM(H10:H13) -> 643.75
B16: II- MATERIALES EN OBRA
B17: Descripcion | E17: Unidad | F17: Valor/unit | G17: Cantidad | H17: Valor | L17: =+F18*1.03 -> 901765
B18: Concreto 2500PSI | E18: M3 | F18: 875500 | G18: 0.05 | H18: =+F18*G18 -> 43775
H19: =+F19*G19 -> 0
H20: =+F20*G20 -> 0
H21: =+F21*G21 -> 0
H22: =+F22*G22 -> 0
H26: Sub-Total | I26: =SUM(H18:H25) -> 43775
B28: III-TRANSPORTES
B29: Descripcion | F29: Tarifa | G29: Rendimiento. | H29: Valor
F30: 454 | G30: 1 | H30: =+F30*G30 -> 454
H32: Sub-Total | I32: =SUM(H30:H31) -> 454
B34: IV-MANO DE OBRA
B35: Trabajador | D35: Jornal | E35: Prestacion | F35: Jornal Tot. | G35: Rendiminto | H35: Valor
B36: Oficial | D36: 72100 | E36: =+(0.66)*D36 -> 47586 | F36: =+D36+E36 -> 119686 | G36: 0.09 | H36: =+F36*G36 -> 10771.74
B37: 2 Ayudante | D37: =2*44702 -> 89404 | E37: =+(0.66)*D37 -> 59006.64 | F37: =+D37+E37 -> 148410.64 | G37: =+G36 -> 0.09 | H37: =+F37*G37 -> 13356.958
H40: Sub-Total | I40: =SUM(H36:H39) -> 24128.698
H41: Ajuste
G42: Total Costo Directo | I42: =ROUND(SUM(I9:I41),0) -> 69001
B44: FORMATO No.
B45: MANTENIMIENTO, MEJORAMIENTO Y ADECUACIONES LOCATIVAS DE LAS INSTITUCIONES EDUCATIVAS JUAN XXIII, BELLAVISTA, SIMÓN BOLÍVAR, MARÍA AUXILIADORA Y CONCORDE SEDE B EN EL MUNICIPIO DE MALAMBO – DEPARTAMENTO DEL ATLÁNTICO.
B46: ANALISIS DE PRECIOS UNITARIO
B47: Contrato No.
B49: Item: | C49: 1,1,5,2 | D49: =+'[2] PRESUPUESTO CENTRO DE DESARROL'!$B$44 -> Suministro e instalacion de piso de ceramica antideslizante, trafico 5, incluye materiales, equipo y mano de obra. | I49: UNIDAD
I50: =+'[2] PRESUPUESTO CENTRO DE DESARROL'!$C$44 -> M2
B51: I-EQUIPO Y HERRAMIENTA
B52: Descripcion | E52: Unidad | F52: Tarifa | G52: Rendimiento. | H52: Valor
B53: Herramientos menores | E53: dia | F53: 51500 | G53: 8 | H53: =+F53/G53 -> 6437.5
H57: Sub-Total | I57: =SUM(H53:H56) -> 6437.5
B59: II- MATERIALES EN OBRA
B60: Descripcion | E60: Unidad | F60: Valor/unit | G60: Cantidad | H60: Valor
B61: Cemento blanco | E61: Kg | F61: 2163 | G61: 3 | H61: =+F61*G61 -> 6489 | L61: =+F61*1.03 -> 2227.89
B62: Ceramica antidezlizante 50x50cm | E62: M2 | F62: 69010 | G62: 1 | H62: =+F62*G62 -> 69010 | L62: =+F62*1.03 -> 71080.3
B63: Boquilla para enchape | E63: Kg | F63: 7210 | G63: 0.5 | H63: =+F63*G63 -> 3605 | L63: =+F63*1.03 -> 7426.3
H64: =+F64*G64 -> 0
H65: =+F65*G65 -> 0
H69: Sub-Total | I69: =SUM(H61:H68) -> 79104
B71: III-TRANSPORTES
B72: Descripcion | F72: Tarifa | G72: Rendimiento. | H72: Valor
F73: 906 | G73: 1 | H73: =+F73*G73 -> 906
H75: Sub-Total | I75: =SUM(H73:H74) -> 906
B77: IV-MANO DE OBRA
B78: Trabajador | D78: Jornal | E78: Prestacion | F78: Jornal Tot. | G78: Rendiminto | H78: Valor
B79: Oficial | D79: 72100 | E79: =+(0.66)*D79 -> 47586 | F79: =+D79+E79 -> 119686 | G79: 0.15 | H79: =+F79*G79 -> 17952.9
B80: 2 Ayudante | D80: =2*44702 -> 89404 | E80: =+(0.66)*D80 -> 59006.64 | F80: =+D80+E80 -> 148410.64 | G80: =+G79 -> 0.15 | H80: =+F80*G80 -> 22261.596
H83: Sub-Total | I83: =SUM(H79:H82) -> 40214.496
H84: Ajuste
G85: Total Costo Directo | I85: =ROUND(SUM(I52:I84),0) -> 126662
B87: FORMATO No.
B88: MANTENIMIENTO, MEJORAMIENTO Y ADECUACIONES LOCATIVAS DE LAS INSTITUCIONES EDUCATIVAS JUAN XXIII, BELLAVISTA, SIMÓN BOLÍVAR, MARÍA AUXILIADORA Y CONCORDE SEDE B EN EL MUNICIPIO DE MALAMBO – DEPARTAMENTO DEL ATLÁNTICO.
B89: ANALISIS DE PRECIOS UNITARIO
B90: Contrato No.
B92: Item: | C92: 1,1,5,3 | D92: =+'[2] PRESUPUESTO CENTRO DE DESARROL'!$B$45 -> Suministro e instalacion de zocalo de ceramica, incluye materiales, equipo y mano de obra. | I92: UNIDAD
I93: =+'[2] PRESUPUESTO CENTRO DE DESARROL'!$C$45 -> ML
B94: I-EQUIPO Y HERRAMIENTA
B95: Descripcion | E95: Unidad | F95: Tarifa | G95: Rendimiento. | H95: Valor
B96: Herramientos menores | E96: dia | F96: 51500 | G96: 8 | H96: =+F96/G96 -> 6437.5
H100: Sub-Total | I100: =SUM(H96:H99) -> 6437.5
B102: II- MATERIALES EN OBRA
B103: Descripcion | E103: Unidad | F103: Valor/unit | G103: Cantidad | H103: Valor
B104: Cemento blanco | E104: Kg | F104: 2163 | G104: 0.5 | H104: =+F104*G104 -> 1081.5
B105: Ceramica antidezlizante 50x50cm | E105: M2 | F105: 69010 | G105: 0.1 | H105: =+F105*G105 -> 6901
B106: Boquilla para enchape | E106: Kg | F106: 7210 | G106: 0.1 | H106: =+F106*G106 -> 721
H107: =+F107*G107 -> 0
H108: =+F108*G108 -> 0
H112: Sub-Total | I112: =SUM(H104:H111) -> 8703.5
B114: III-TRANSPORTES
B115: Descripcion | F115: Tarifa | G115: Rendimiento. | H115: Valor
F116: 728 | G116: 1 | H116: =+F116*G116 -> 728
H118: Sub-Total | I118: =SUM(H116:H117) -> 728
B120: IV-MANO DE OBRA
B121: Trabajador | D121: Jornal | E121: Prestacion | F121: Jornal Tot. | G121: Rendiminto | H121: Valor
B122: Oficial | D122: 72100 | E122: =+(0.66)*D122 -> 47586 | F122: =+D122+E122 -> 119686 | G122: 0.04 | H122: =+F122*G122 -> 4787.44
B123: 2 Ayudante | D123: =2*44702 -> 89404 | E123: =+(0.66)*D123 -> 59006.64 | F123: =+D123+E123 -> 148410.64 | G123: =+G122 -> 0.04 | H123: =+F123*G123 -> 5936.4256
H126: Sub-Total | I126: =SUM(H122:H125) -> 10723.866
H127: Ajuste
G128: Total Costo Directo | I128: =ROUND(SUM(I98:I127),0) -> 26593

Sheet ITEM 1,1,6
B1: FORMATO No.
B2: MANTENIMIENTO, MEJORAMIENTO Y ADECUACIONES LOCATIVAS DE LAS INSTITUCIONES EDUCATIVAS JUAN XXIII, BELLAVISTA, SIMÓN BOLÍVAR, MARÍA AUXILIADORA Y CONCORDE SEDE B EN EL MUNICIPIO DE MALAMBO – DEPARTAMENTO DEL ATLÁNTICO.
B3: ANALISIS DE PRECIOS UNITARIO
B4: Contrato No.
B6: Item: | C6: 1,1,6,1 | D6: =+'[2] PRESUPUESTO CENTRO DE DESARROL'!$B$47 -> Pintura sobre muros y calados internos y externos en vinilo tipo 1, tres manos, incluye resane del pañete en las áreas dañadas, incluye materiales, equipo y mano de obra. | I6: UNIDAD
I7: =+'[2] PRESUPUESTO CENTRO DE DESARROL'!$C$43 -> M2
B8: I-EQUIPO Y HERRAMIENTA
B9: Descripcion | E9: Unidad | F9: Tarifa | G9: Rendimiento. | H9: Valor
B10: Herramientos menores | E10: dia | F10: 30900 | G10: 40 | H10: =+F10/G10 -> 772.5 | L10: =+F10*1.03 -> 31827
B11: Andamio | E11: Dia | F11: 51500 | G11: 40 | H11: =+F11/G11 -> 1287.5
H14: Sub-Total | I14: =SUM(H10:H13) -> 2060
B16: II- MATERIALES EN OBRA
B17: Descripcion | E17: Unidad | F17: Valor/unit | G17: Cantidad | H17: Valor | L17: =+F18*1.03 -> 424360
B18: Cuñete vinilo tipo 1 | E18: und | F18: 412000 | G18: 0.035 | H18: =+F18*G18 -> 14420
H19: =+F19*G19 -> 0
H20: =+F20*G20 -> 0
H21: =+F21*G21 -> 0
H22: =+F22*G22 -> 0
H26: Sub-Total | I26: =SUM(H18:H25) -> 14420
B28: III-TRANSPORTES
B29: Descripcion | F29: Tarifa | G29: Rendimiento. | H29: Valor
F30: 100 | G30: 1 | H30: =+F30*G30 -> 100
H32: Sub-Total | I32: =SUM(H30:H31) -> 100
B34: IV-MANO DE OBRA
B35: Trabajador | D35: Jornal | E35: Prestacion | F35: Jornal Tot. | G35: Rendiminto | H35: Valor
B36: Oficial | D36: 74263 | E36: =+(0.66)*D36 -> 49013.58 | F36: =+D36+E36 -> 123276.58 | G36: 0.03 | H36: =+F36*G36 -> 3698.2974
B37: 2 Ayudante | D37: =2*44702 -> 89404 | E37: =+(0.66)*D37 -> 59006.64 | F37: =+D37+E37 -> 148410.64 | G37: =+G36 -> 0.03 | H37: =+F37*G37 -> 4452.3192
H40: Sub-Total | I40: =SUM(H36:H39) -> 8150.6166
H41: Ajuste
G42: Total Costo Directo | I42: =ROUND(SUM(I12:I41),0) -> 24731
B44: FORMATO No.
B45: MANTENIMIENTO, MEJORAMIENTO Y ADECUACIONES LOCATIVAS DE LAS INSTITUCIONES EDUCATIVAS JUAN XXIII, BELLAVISTA, SIMÓN BOLÍVAR, MARÍA AUXILIADORA Y CONCORDE SEDE B EN EL MUNICIPIO DE MALAMBO – DEPARTAMENTO DEL ATLÁNTICO.
B46: ANALISIS DE PRECIOS UNITARIO
B47: Contrato No.
B49: Item: | C49: 1,1,6,2 | D49: =+'[2] PRESUPUESTO CENTRO DE DESARROL'!$B$48 -> Pintura de puerta metálica en esmalte, incluye materiales,equipo y mano de obra. | I49: UNIDAD
I50: =+'[2] PRESUPUESTO CENTRO DE DESARROL'!$C$48 -> M2
B51: I-EQUIPO Y HERRAMIENTA
B52: Descripcion | E52: Unidad | F52: Tarifa | G52: Rendimiento. | H52: Valor
B53: Herramientos menores | E53: dia | F53: 30900 | G53: 15 | H53: =+F53/G53 -> 2060
H57: Sub-Total | I57: =SUM(H53:H56) -> 2060
B59: II- MATERIALES EN OBRA
B60: Descripcion | E60: Unidad | F60: Valor/unit | G60: Cantidad | H60: Valor
B61: Galon pintura esmalte | E61: und | F61: 82400 | G61: 0.25 | H61: =+F61*G61 -> 20600 | L61: =+F61*1.03 -> 84872
B62: Galon Anticorrocivo | E62: und | F62: 77250 | G62: 0.25 | H62: =+F62*G62 -> 19312.5 | L62: =+F62*1.03 -> 79567.5
B63: Thinner | E63: Lt | F63: 5150 | G63: 0.3 | H63: =+F63*G63 -> 1545 | L63: =+F63*1.03 -> 5304.5
H64: =+F64*G64 -> 0
H65: =+F65*G65 -> 0
H69: Sub-Total | I69: =SUM(H61:H68) -> 41457.5
B71: III-TRANSPORTES
B72: Descripcion | F72: Tarifa | G72: Rendimiento. | H72: Valor
F73: 41 | G73: 1 | H73: =+F73*G73 -> 41
H75: Sub-Total | I75: =SUM(H73:H74) -> 41
B77: IV-MANO DE OBRA
B78: Trabajador | D78: Jornal | E78: Prestacion | F78: Jornal Tot. | G78: Rendiminto | H78: Valor
B79: Oficial | D79: 74263 | E79: =+(0.66)*D79 -> 49013.58 | F79: =+D79+E79 -> 123276.58 | G79: 0.1 | H79: =+F79*G79 -> 12327.658
B80: 2 Ayudante | D80: =2*44702 -> 89404 | E80: =+(0.66)*D80 -> 59006.64 | F80: =+D80+E80 -> 148410.64 | G80: =+G79 -> 0.1 | H80: =+F80*G80 -> 14841.064
H83: Sub-Total | I83: =SUM(H79:H82) -> 27168.722
H84: Ajuste
G85: Total Costo Directo | I85: =ROUND(SUM(I55:I84),0) -> 70727
B87: FORMATO No.
B88: MANTENIMIENTO, MEJORAMIENTO Y ADECUACIONES LOCATIVAS DE LAS INSTITUCIONES EDUCATIVAS JUAN XXIII, BELLAVISTA, SIMÓN BOLÍVAR, MARÍA AUXILIADORA Y CONCORDE SEDE B EN EL MUNICIPIO DE MALAMBO – DEPARTAMENTO DEL ATLÁNTICO.
B89: ANALISIS DE PRECIOS UNITARIO
B90: Contrato No.
B92: Item: | C92: 1,1,6,3 | D92: =+'[2] PRESUPUESTO CENTRO DE DESARROL'!$B$49 -> Pintura de rejas en hierro en esmalte, incluye raspe y anticorrosivo, materiales, equipo y mano de obra. | I92: UNIDAD
I93: =+'[2] PRESUPUESTO CENTRO DE DESARROL'!$C$49 -> M2
B94: I-EQUIPO Y HERRAMIENTA
B95: Descripcion | E95: Unidad | F95: Tarifa | G95: Rendimiento. | H95: Valor
B96: Herramientos menores | E96: dia | F96: 51500 | G96: 10 | H96: =+F96/G96 -> 5150
H100: Sub-Total | I100: =SUM(H96:H99) -> 5150
B102: II- MATERIALES EN OBRA
B103: Descripcion | E103: Unidad | F103: Valor/unit | G103: Cantidad | H103: Valor
B104: Galon pintura esmalte | E104: und | F104: 82400 | G104: 0.02 | H104: =+F104*G104 -> 1648
B105: Galon Anticorrocivo | E105: und | F105: 77250 | G105: 0.2 | H105: =+F105*G105 -> 15450
B106: Thinner | E106: Lt | F106: 5150 | G106: 0.1 | H106: =+F106*G106 -> 515
H107: =+F107*G107 -> 0
H108: =+F108*G108 -> 0
H112: Sub-Total | I112: =SUM(H104:H111) -> 17613
B114: III-TRANSPORTES
B115: Descripcion | F115: Tarifa | G115: Rendimiento. | H115: Valor
F116: 371 | G116: 1 | H116: =+F116*G116 -> 371
H118: Sub-Total | I118: =SUM(H116:H117) -> 371
B120: IV-MANO DE OBRA
B121: Trabajador | D121: Jornal | E121: Prestacion | F121: Jornal Tot. | G121: Rendiminto | H121: Valor
B122: Oficial | D122: 74263 | E122: =+(0.66)*D122 -> 49013.58 | F122: =+D122+E122 -> 123276.58 | G122: 0.1 | H122: =+F122*G122 -> 12327.658
B123: 2 Ayudante | D123: =2*44702 -> 89404 | E123: =+(0.66)*D123 -> 59006.64 | F123: =+D123+E123 -> 148410.64 | G123: =+G122 -> 0.1 | H123: =+F123*G123 -> 14841.064
H126: Sub-Total | I126: =SUM(H122:H125) -> 27168.722
H127: Ajuste
G128: Total Costo Directo | I128: =ROUND(SUM(I98:I127),0) -> 50303
B130: FORMATO No.
B131: MANTENIMIENTO, MEJORAMIENTO Y ADECUACIONES LOCATIVAS DE LAS INSTITUCIONES EDUCATIVAS JUAN XXIII, BELLAVISTA, SIMÓN BOLÍVAR, MARÍA AUXILIADORA Y CONCORDE SEDE B EN EL MUNICIPIO DE MALAMBO – DEPARTAMENTO DEL ATLÁNTICO.
B132: ANALISIS DE PRECIOS UNITARIO
B133: Contrato No.
B135: Item: | C135: 1,1,6,4 | D135: =+'[2] PRESUPUESTO CENTRO DE DESARROL'!$B$50 -> suministro e instalacion de protector de ventana en varilla redonda de 1/2" entorchada, incluye materiales, equipos y mano de obra | I135: UNIDAD
I136: =+'[2] PRESUPUESTO CENTRO DE DESARROL'!$C$50 -> M2
B137: I-EQUIPO Y HERRAMIENTA
B138: Descripcion | E138: Unidad | F138: Tarifa | G138: Rendimiento. | H138: Valor
B139: Herramientos menores | E139: dia | F139: 51500 | G139: 8 | H139: =+F139/G139 -> 6437.5
B140: Equipo de Soldadura | E140: dia | F140: 103000 | G140: 10 | H140: =+F140/G140 -> 10300
B141: andamio | E141: dia | F141: 51500 | G141: 70 | H141: =+F141/G141 -> 735.71429
H143: Sub-Total | I143: =SUM(H139:H142) -> 17473.214
...

Sheet ITEM 1,1,7
B1: FORMATO No.
B2: MANTENIMIENTO, MEJORAMIENTO Y ADECUACIONES LOCATIVAS DE LAS INSTITUCIONES EDUCATIVAS JUAN XXIII, BELLAVISTA, SIMÓN BOLÍVAR, MARÍA AUXILIADORA Y CONCORDE SEDE B EN EL MUNICIPIO DE MALAMBO – DEPARTAMENTO DEL ATLÁNTICO.
B3: ANALISIS DE PRECIOS UNITARIO
B4: Contrato No.
B6: Item: | C6: 1,1,7,1 | D6: =+'[2] PRESUPUESTO CENTRO DE DESARROL'!$B$52 -> Limpieza general y desalojo de material sobrante. | I6: UNIDAD
I7: =+'[2] PRESUPUESTO CENTRO DE DESARROL'!$C$52 -> GL
B8: I-EQUIPO Y HERRAMIENTA
B9: Descripcion | E9: Unidad | F9: Tarifa | G9: Rendimiento. | H9: Valor
B10: Herramientos menores | E10: dia | F10: 20600 | G10: 13 | H10: =+F10/G10 -> 1584.6154
H14: Sub-Total | I14: =SUM(H10:H13) -> 1584.6154
B16: II- MATERIALES EN OBRA
B17: Descripcion | E17: Unidad | F17: Valor/unit | G17: Cantidad | H17: Valor
H18: =+F18*G18 -> 0
H19: =+F19*G19 -> 0
H20: =+F20*G20 -> 0
H21: =+F21*G21 -> 0
H22: =+F22*G22 -> 0
H26: Sub-Total | I26: =SUM(H18:H25) -> 0
B28: III-TRANSPORTES
B29: Descripcion | F29: Tarifa | G29: Rendimiento. | H29: Valor
B30: volqueta | F30: 30900 | G30: 3 | H30: =+F30*G30 -> 92700
H32: Sub-Total | I32: =SUM(H30:H31) -> 92700
B34: IV-MANO DE OBRA
B35: Trabajador | D35: Jornal | E35: Prestacion | F35: Jornal Tot. | G35: Rendiminto | H35: Valor
H36: =+F36*G36 -> 0
B37: 2 Ayudante | D37: =2*44702 -> 89404 | E37: =+(0.66)*D37 -> 59006.64 | F37: =+D37+E37 -> 148410.64 | G37: 1.1 | H37: =+F37*G37 -> 163251.7
H40: Sub-Total | I40: =SUM(H36:H39) -> 163251.7
H41: Ajuste
G42: Total Costo Directo | I42: =ROUND(SUM(I12:I41),0) -> 257536

Sheet ITEM 1,2,1
B1: FORMATO No.
B2: MANTENIMIENTO, MEJORAMIENTO Y ADECUACIONES LOCATIVAS DE LAS INSTITUCIONES EDUCATIVAS JUAN XXIII, BELLAVISTA, SIMÓN BOLÍVAR, MARÍA AUXILIADORA Y CONCORDE SEDE B EN EL MUNICIPIO DE MALAMBO – DEPARTAMENTO DEL ATLÁNTICO.
B3: ANALISIS DE PRECIOS UNITARIO
B4: Contrato No.
B6: Item: | C6: 1,2,1,1 | D6: Desmonte de cubierta existente en lamina ondulada de asbesto cemento, incluye equipo y mano de obra. | I6: UNIDAD
I7: M2
B8: I-EQUIPO Y HERRAMIENTA
B9: Descripcion | E9: Unidad | F9: Tarifa | G9: Rendimiento. | H9: Valor
B10: Herramientos menores | E10: dia | F10: 51500 | G10: 6.14 | H10: =+F10/G10 -> 8387.6221
H14: Sub-Total | I14: =SUM(H10:H13) -> 8387.6221
B16: II- MATERIALES EN OBRA
B17: Descripcion | E17: Unidad | F17: Valor/unit | G17: Cantidad | H17: Valor
H23: Sub-Total | I23: =SUM(H18:H22) -> 0
B25: III-TRANSPORTES
B26: Descripcion | F26: Tarifa | G26: Rendimiento. | H26: Valor
G27: 0.00256 | H27: =+F27*G27 -> 0
H29: Sub-Total | I29: =SUM(H27:H28) -> 0
B31: IV-MANO DE OBRA
B32: Trabajador | D32: Jornal | E32: Prestacion | F32: Jornal Tot. | G32: Rendiminto | H32: Valor
B33: Oficial | D33: 74263 | E33: =+(0.66)*D33 -> 49013.58 | F33: =+D33+E33 -> 123276.58 | G33: 0.2 | H33: =+F33*G33 -> 24655.316
B34: Ayudante | D34: 44702 | E34: =+(0.66)*D34 -> 29503.32 | F34: =+D34+E34 -> 74205.32 | G34: 0.2 | H34: =+F34*G34 -> 14841.064
H37: Sub-Total | I37: =SUM(H33:H36) -> 39496.38
H38: Ajuste
G39: Total Costo Directo | I39: =ROUND(SUM(I9:I38),0) -> 47884
B41: FORMATO No.
B42: MANTENIMIENTO, MEJORAMIENTO Y ADECUACIONES LOCATIVAS DE LAS INSTITUCIONES EDUCATIVAS JUAN XXIII, BELLAVISTA, SIMÓN BOLÍVAR, MARÍA AUXILIADORA Y CONCORDE SEDE B EN EL MUNICIPIO DE MALAMBO – DEPARTAMENTO DEL ATLÁNTICO.
B43: ANALISIS DE PRECIOS UNITARIO
B44: Contrato No.
B46: Item: | C46: 1,2,1,2 | D46: Demolición de zabaleta existente, incluye equipo y mano de obra. | I46: UNIDAD
I47: ML
B48: I-EQUIPO Y HERRAMIENTA
B49: Descripcion | E49: Unidad | F49: Tarifa | G49: Rendimiento. | H49: Valor
B50: Herramientos menores | E50: dia | F50: 51500 | G50: 33 | H50: =+F50/G50 -> 1560.6061
B51: Andamio | E51: dia | F51: 51500 | G51: 33 | H51: =+F51/G51 -> 1560.6061
H54: Sub-Total | I54: =SUM(H50:H53) -> 3121.2121
B56: II- MATERIALES EN OBRA
B57: Descripcion | E57: Unidad | F57: Valor/unit | G57: Cantidad | H57: Valor
H63: Sub-Total | I63: =SUM(H58:H62) -> 0
B65: III-TRANSPORTES
B66: Descripcion | F66: Tarifa | G66: Rendimiento. | H66: Valor
G67: 0.00256 | H67: =+F67*G67 -> 0
H69: Sub-Total | I69: =SUM(H67:H68) -> 0
B71: IV-MANO DE OBRA
B72: Trabajador | D72: Jornal | E72: Prestacion | F72: Jornal Tot. | G72: Rendiminto | H72: Valor
B73: Oficial | D73: 74263 | E73: =+(0.66)*D73 -> 49013.58 | F73: =+D73+E73 -> 123276.58 | G73: 0.13 | H73: =+F73*G73 -> 16025.955
B74: Ayudante | D74: 44702 | E74: =+(0.66)*D74 -> 29503.32 | F74: =+D74+E74 -> 74205.32 | G74: 0.13 | H74: =+F74*G74 -> 9646.6916
H77: Sub-Total | I77: =SUM(H73:H76) -> 25672.647
H78: Ajuste
G79: Total Costo Directo | I79: =ROUND(SUM(I49:I78),0) -> 28794
B81: FORMATO No.
B82: MANTENIMIENTO, MEJORAMIENTO Y ADECUACIONES LOCATIVAS DE LAS INSTITUCIONES EDUCATIVAS JUAN XXIII, BELLAVISTA, SIMÓN BOLÍVAR, MARÍA AUXILIADORA Y CONCORDE SEDE B EN EL MUNICIPIO DE MALAMBO – DEPARTAMENTO DEL ATLÁNTICO.
B83: ANALISIS DE PRECIOS UNITARIO
B84: Contrato No.
B86: Item: | C86: 1,2,1,3 | D86: Desmonte de cielo raso existente, incluye equipo y mano de obra. | I86: UNIDAD
I87: M2
B88: I-EQUIPO Y HERRAMIENTA
B89: Descripcion | E89: Unidad | F89: Tarifa | G89: Rendimiento. | H89: Valor
B90: Herramientos menores | E90: dia | F90: 51500 | G90: 41.25 | H90: =+F90/G90 -> 1248.4848
B91: andamio | E91: dia | F91: 51500 | G91: 70 | H91: =+F91/G91 -> 735.71429
H94: Sub-Total | I94: =SUM(H90:H93) -> 1984.1991
B96: II- MATERIALES EN OBRA
B97: Descripcion | E97: Unidad | F97: Valor/unit | G97: Cantidad | H97: Valor
H103: Sub-Total | I103: =SUM(H98:H102) -> 0
B105: III-TRANSPORTES
B106: Descripcion | F106: Tarifa | G106: Rendimiento. | H106: Valor
G107: 0.00256 | H107: =+F107*G107 -> 0
H109: Sub-Total | I109: =SUM(H107:H108) -> 0
B111: IV-MANO DE OBRA
B112: Trabajador | D112: Jornal | E112: Prestacion | F112: Jornal Tot. | G112: Rendiminto | H112: Valor
B113: Oficial | D113: 74263 | E113: =+(0.66)*D113 -> 49013.58 | F113: =+D113+E113 -> 123276.58 | G113: 0.16 | H113: =+F113*G113 -> 19724.253
B114: Ayudante | D114: 44702 | E114: =+(0.66)*D114 -> 29503.32 | F114: =+D114+E114 -> 74205.32 | G114: =+G113 -> 0.16 | H114: =+F114*G114 -> 11872.851
H117: Sub-Total | I117: =SUM(H113:H116) -> 31597.104
H118: Ajuste
G119: Total Costo Directo | I119: =ROUND(SUM(I89:I118),0) -> 33581
B121: FORMATO No.
B122: MANTENIMIENTO, MEJORAMIENTO Y ADECUACIONES LOCATIVAS DE LAS INSTITUCIONES EDUCATIVAS JUAN XXIII, BELLAVISTA, SIMÓN BOLÍVAR, MARÍA AUXILIADORA Y CONCORDE SEDE B EN EL MUNICIPIO DE MALAMBO – DEPARTAMENTO DEL ATLÁNTICO.
B123: ANALISIS DE PRECIOS UNITARIO
B124: Contrato No.
B126: Item: | C126: 1,2,1,4 | D126: =+'[2] PRESUPUESTO CENTRO DE DESARROL'!$B$61 -> Demolición de piso de granito, incluye equipo y mano de obra. | I126: UNIDAD
I127: =+'[2] PRESUPUESTO CENTRO DE DESARROL'!$C$61 -> M2
B128: I-EQUIPO Y HERRAMIENTA
B129: Descripcion | E129: Unidad | F129: Tarifa | G129: Rendimiento. | H129: Valor
B130: Herramientos menores | E130: dia | F130: 51500 | G130: 4.8355 | H130: =+F130/G130 -> 10650.398
H134: Sub-Total | I134: =SUM(H130:H133) -> 10650.398
B136: II- MATERIALES EN OBRA
B137: Descripcion | E137: Unidad | F137: Valor/unit | G137: Cantidad | H137: Valor
H143: Sub-Total | I143: =SUM(H138:H142) -> 0
B145: III-TRANSPORTES
B146: Descripcion | F146: Tarifa | G146: Rendimiento. | H146: Valor
G147: 0.00256 | H147: =+F147*G147 -> 0
H149: Sub-Total | I149: =SUM(H147:H148) -> 0
B151: IV-MANO DE OBRA
B152: Trabajador | D152: Jornal | E152: Prestacion | F152: Jornal Tot. | G152: Rendiminto | H152: Valor
B153: Oficial | D153: 74263 | E153: =+(0.66)*D153 -> 49013.58 | F153: =+D153+E153 -> 123276.58 | G153: 0.25 | H153: =+F153*G153 -> 30819.145
B154: Ayudante | D154: 44702 | E154: =+(0.66)*D154 -> 29503.32 | F154: =+D154+E154 -> 74205.32 | G154: =+G153 -> 0.25 | H154: =+F154*G154 -> 18551.33
H157: Sub-Total | I157: =SUM(H153:H156) -> 49370.475
H158: Ajuste
G159: Total Costo Directo | I159: =ROUND(SUM(I129:I158),0) -> 60021
B161: FORMATO No.
B162: MANTENIMIENTO, MEJORAMIENTO Y ADECUACIONES LOCATIVAS DE LAS INSTITUCIONES EDUCATIVAS JUAN XXIII, BELLAVISTA, SIMÓN BOLÍVAR, MARÍA AUXILIADORA Y CONCORDE SEDE B EN EL MUNICIPIO DE MALAMBO – DEPARTAMENTO DEL ATLÁNTICO.
...

Sheet ITEM 1,2,2
B1: FORMATO No.
B2: MANTENIMIENTO, MEJORAMIENTO Y ADECUACIONES LOCATIVAS DE LAS INSTITUCIONES EDUCATIVAS JUAN XXIII, BELLAVISTA, SIMÓN BOLÍVAR, MARÍA AUXILIADORA Y CONCORDE SEDE B EN EL MUNICIPIO DE MALAMBO – DEPARTAMENTO DEL ATLÁNTICO.
B3: ANALISIS DE PRECIOS UNITARIO
B4: Contrato No.
B5: Item: | C5: 1,2,2,1 | D5: =+'[2] PRESUPUESTO CENTRO DE DESARROL'!$B$69 -> Suministro e instalación cubierta en láminas ondulada de asbesto cemento perfil 7, incluye materiales, equipo y mano de obra. | I5: UNIDAD
I6: =+'[2] PRESUPUESTO CENTRO DE DESARROL'!$C$69 -> M2
B7: I-EQUIPO Y HERRAMIENTA
B8: Descripcion | E8: Unidad | F8: Tarifa | G8: Rendimiento. | H8: Valor
B9: Herramientos menores | E9: dia | F9: 51500 | G9: 28 | H9: =+F9/G9 -> 1839.2857
B10: Andamio | E10: dia | F10: 51500 | G10: 60 | H10: =+F10/G10 -> 858.33333
H13: Sub-Total | I13: =SUM(H9:H12) -> 2697.619
B15: II- MATERIALES EN OBRA
B16: Descripcion | E16: Unidad | F16: Valor/unit | G16: Cantidad | H16: Valor | K16: =+F17*1.03 -> 1380.2
B17: fijador ala capuchon | E17: und | F17: 1340 | G17: 0.707 | H17: =+F17*G17 -> 947.38 | K17: =+F18*1.03 -> 3607.06
B18: Ganccho teja ondulada | E18: und | F18: 3502 | G18: 1 | H18: =+F18*G18 -> 3502 | K18: =+F19*1.03 -> 76490.89
B19: Lamina ondulada perfil 7 | E19: Und | F19: 74263 | G19: 0.36 | H19: =+F19*G19 -> 26734.68 | K19: =+F20*1.03 -> 0
H22: Sub-Total | I22: =SUM(H17:H21) -> 31184.06
B24: III-TRANSPORTES
B25: Descripcion | F25: Tarifa | G25: Rendimiento. | H25: Valor
B26: transporte | F26: 750 | G26: 1 | H26: =+F26*G26 -> 750
H28: Sub-Total | I28: =SUM(H26:H27) -> 750
B30: IV-MANO DE OBRA
B31: Trabajador | D31: Jornal | E31: Prestacion | F31: Jornal Tot. | G31: Rendiminto | H31: Valor
B32: Oficial | D32: 74263 | E32: =+(0.66)*D32 -> 49013.58 | F32: =+D32+E32 -> 123276.58 | G32: 0.21 | H32: =+F32*G32 -> 25888.082
B33: 2 Ayudante | D33: =2*44702 -> 89404 | E33: =+(0.66)*D33 -> 59006.64 | F33: =+D33+E33 -> 148410.64 | G33: =+G32 -> 0.21 | H33: =+F33*G33 -> 31166.234
H36: Sub-Total | I36: =SUM(H32:H35) -> 57054.316
H37: Ajuste
G38: Total Costo Directo | I38: =ROUND(SUM(I8:I37),0) -> 91686
B40: FORMATO No.
B41: MANTENIMIENTO, MEJORAMIENTO Y ADECUACIONES LOCATIVAS DE LAS INSTITUCIONES EDUCATIVAS JUAN XXIII, BELLAVISTA, SIMÓN BOLÍVAR, MARÍA AUXILIADORA Y CONCORDE SEDE B EN EL MUNICIPIO DE MALAMBO – DEPARTAMENTO DEL ATLÁNTICO.
B42: ANALISIS DE PRECIOS UNITARIO
B43: Contrato No.
B45: Item: | C45: 1,2,2,2 | D45: =+'[2] PRESUPUESTO CENTRO DE DESARROL'!$B$70 -> Suministro e instalación de caballete fijo, incluye materiales, equipo y mano de obra. | I45: UNIDAD
I46: =+'[2] PRESUPUESTO CENTRO DE DESARROL'!$C$70 -> ML
B47: I-EQUIPO Y HERRAMIENTA
B48: Descripcion | E48: Unidad | F48: Tarifa | G48: Rendimiento. | H48: Valor
B49: Herramientos menores | E49: dia | F49: 51500 | G49: 200 | H49: =+F49/G49 -> 257.5
B50: Andamio | E50: dia | F50: 51500 | G50: 200 | H50: =+F50/G50 -> 257.5
H53: Sub-Total | I53: =SUM(H49:H52) -> 515
B55: II- MATERIALES EN OBRA
B56: Descripcion | E56: Unidad | F56: Valor/unit | G56: Cantidad | H56: Valor
H57: =+F57*G57 -> 0
B58: caballete fijo 15 | E58: Und | F58: 45000 | G58: 1 | H58: =+F58*G58 -> 45000
H62: Sub-Total | I62: =SUM(H57:H61) -> 45000
B64: III-TRANSPORTES
B65: Descripcion | F65: Tarifa | G65: Rendimiento. | H65: Valor
B66: transporte | F66: 236 | G66: 1 | H66: =+F66*G66 -> 236
H68: Sub-Total | I68: =SUM(H66:H67) -> 236
B70: IV-MANO DE OBRA
B71: Trabajador | D71: Jornal | E71: Prestacion | F71: Jornal Tot. | G71: Rendiminto | H71: Valor
B72: Oficial | D72: 74263 | E72: =+(0.66)*D72 -> 49013.58 | F72: =+D72+E72 -> 123276.58 | G72: 0.011 | H72: =+F72*G72 -> 1356.0424
B73: 2 Ayudante | D73: =2*44702 -> 89404 | E73: =+(0.66)*D73 -> 59006.64 | F73: =+D73+E73 -> 148410.64 | G73: =+G72 -> 0.011 | H73: =+F73*G73 -> 1632.517
H76: Sub-Total | I76: =SUM(H72:H75) -> 2988.5594
H77: Ajuste
G78: Total Costo Directo | I78: =ROUND(SUM(I48:I77),0) -> 48740
B80: FORMATO No.
B81: MANTENIMIENTO, MEJORAMIENTO Y ADECUACIONES LOCATIVAS DE LAS INSTITUCIONES EDUCATIVAS JUAN XXIII, BELLAVISTA, SIMÓN BOLÍVAR, MARÍA AUXILIADORA Y CONCORDE SEDE B EN EL MUNICIPIO DE MALAMBO – DEPARTAMENTO DEL ATLÁNTICO.
B82: ANALISIS DE PRECIOS UNITARIO
B83: Contrato No.
B85: Item: | C85: 1,2,2,4 | D85: =+'[2] PRESUPUESTO CENTRO DE DESARROL'!$B$72 -> Zabaleta en block de cemento pañetada con mortero impermeabilizado 1:5, incluye materiales, equipo y mano de obra. | I85: UNIDAD
I86: =+'[2] PRESUPUESTO CENTRO DE DESARROL'!$C$72 -> ML
B87: I-EQUIPO Y HERRAMIENTA | D87: ,
B88: Descripcion | E88: Unidad | F88: Tarifa | G88: Rendimiento. | H88: Valor
B89: Herramientos menores | E89: dia | F89: 51500 | G89: 60 | H89: =+F89/G89 -> 858.33333
B90: Andamio | E90: dia | F90: 51500 | G90: 60 | H90: =+F90/G90 -> 858.33333
B91: Mezcladora | E91: Dia | F91: 82400 | G91: 40 | H91: =+F91/G91 -> 2060
H93: Sub-Total | I93: =SUM(H89:H92) -> 3776.6667
B95: II- MATERIALES EN OBRA
B96: Descripcion | E96: Unidad | F96: Valor/unit | G96: Cantidad | H96: Valor
B97: Bloque Vibroprensado | E97: Und | F97: 4500 | G97: 2.5 | H97: =+F97*G97 -> 11250
B98: Mortero de pega 1:4 | E98: M3 | F98: 750000 | G98: 0.004 | H98: =+F98*G98 -> 3000
B99: Moetero pañete 1:4 | E99: M3 | F99: 750000 | G99: 0.006 | H99: =+F99*G99 -> 4500
B100: Sika 1 | E100: Kg | F100: 20600 | G100: 1 | H100: =+F100*G100 -> 20600
H104: Sub-Total | I104: =SUM(H97:H103) -> 39350
B106: III-TRANSPORTES
B107: Descripcion | F107: Tarifa | G107: Rendimiento. | H107: Valor
B108: transporte ladrillo, cemento, arena | F108: 3354 | G108: 1 | H108: =+F108*G108 -> 3354
H110: Sub-Total | I110: =SUM(H108:H109) -> 3354
B112: IV-MANO DE OBRA
B113: Trabajador | D113: Jornal | E113: Prestacion | F113: Jornal Tot. | G113: Rendiminto | H113: Valor
B114: Oficial | D114: 74263 | E114: =+(0.66)*D114 -> 49013.58 | F114: =+D114+E114 -> 123276.58 | G114: 0.11 | H114: =+F114*G114 -> 13560.424
B115: 3 Ayudante | D115: =3*44702 -> 134106 | E115: =+(0.66)*D115 -> 88509.96 | F115: =+D115+E115 -> 222615.96 | G115: =+G114 -> 0.11 | H115: =+F115*G115 -> 24487.756
H118: Sub-Total | I118: =SUM(H114:H117) -> 38048.179
H119: Ajuste
G120: Total Costo Directo | I120: =ROUND(SUM(I90:I119),0) -> 84529
B122: FORMATO No.
B123: MANTENIMIENTO, MEJORAMIENTO Y ADECUACIONES LOCATIVAS DE LAS INSTITUCIONES EDUCATIVAS JUAN XXIII, BELLAVISTA, SIMÓN BOLÍVAR, MARÍA AUXILIADORA Y CONCORDE SEDE B EN EL MUNICIPIO DE MALAMBO – DEPARTAMENTO DEL ATLÁNTICO.
B124: ANALISIS DE PRECIOS UNITARIO
B125: Contrato No.
B127: Item: | C127: 1,2,2,3 | D127: =+'[2] PRESUPUESTO CENTRO DE DESARROL'!$B$71 -> Suministro e instalación de cielo raso en PVC y perfilería metálica, incluye materiales, equipo y mano de obra. | I127: UNIDAD
I128: =+'[2] PRESUPUESTO CENTRO DE DESARROL'!$C$71 -> M2
B129: I-EQUIPO Y HERRAMIENTA | D129: ,
B130: Descripcion | E130: Unidad | F130: Tarifa | G130: Rendimiento. | H130: Valor
B131: Herramientos menores | E131: dia | F131: 51500 | G131: 20 | H131: =+F131/G131 -> 2575
B132: Andamio | E132: dia | F132: 51500 | G132: 50 | H132: =+F132/G132 -> 1030
H135: Sub-Total | I135: =SUM(H131:H134) -> 3605
B137: II- MATERIALES EN OBRA
B138: Descripcion | E138: Unidad | F138: Valor/unit | G138: Cantidad | H138: Valor
B139: LAMINA EN PVC 0,2X5X 5.95 X.00,7 | E139: M2 | F139: 30900 | G139: 1 | H139: =+F139*G139 -> 30900
B140: Alambre Galvanizado No 14 | E140: Kg | F140: 12000 | G140: 0.02 | H140: =+F140*G140 -> 240
...

Sheet ITEM 1,2,3
B1: FORMATO No.
B2: MANTENIMIENTO, MEJORAMIENTO Y ADECUACIONES LOCATIVAS DE LAS INSTITUCIONES EDUCATIVAS JUAN XXIII, BELLAVISTA, SIMÓN BOLÍVAR, MARÍA AUXILIADORA Y CONCORDE SEDE B EN EL MUNICIPIO DE MALAMBO – DEPARTAMENTO DEL ATLÁNTICO.
B3: ANALISIS DE PRECIOS UNITARIO
B4: Contrato No.
B6: Item: | C6: 1,2,3,1 | D6: =+'[2] PRESUPUESTO CENTRO DE DESARROL'!$B$75 -> Pañete allanado en mortero 1:5 en áreas de engolose, incluye materiales, equipo y mano de obra. | I6: UNIDAD
I7: =+'[2] PRESUPUESTO CENTRO DE DESARROL'!$C$75 -> ML
B8: I-EQUIPO Y HERRAMIENTA
B9: Descripcion | E9: Unidad | F9: Tarifa | G9: Rendimiento. | H9: Valor
B10: Herramientos menores | E10: dia | F10: 51500 | G10: 80 | H10: =+F10/G10 -> 643.75
B11: Andamio | E11: dia | F11: 51500 | G11: 80 | H11: =+F11/G11 -> 643.75
H14: Sub-Total | I14: =SUM(H10:H13) -> 1287.5
B16: II- MATERIALES EN OBRA
B17: Descripcion | E17: Unidad | F17: Valor/unit | G17: Cantidad | H17: Valor
H18: =+F18*G18 -> 0
B19: Mortero 1:5 Pañete | E19: M3 | F19: 700400 | G19: 0.0005 | H19: =+F19*G19 -> 350.2
H20: =+F20*G20 -> 0
H21: =+F21*G21 -> 0
H22: =+F22*G22 -> 0
H26: Sub-Total | I26: =SUM(H18:H25) -> 350.2
B28: III-TRANSPORTES
B29: Descripcion | F29: Tarifa | G29: Rendimiento. | H29: Valor
G30: 1 | H30: =+F30*G30 -> 0
H32: Sub-Total | I32: =SUM(H30:H31) -> 0
B34: IV-MANO DE OBRA
B35: Trabajador | D35: Jornal | E35: Prestacion | F35: Jornal Tot. | G35: Rendiminto | H35: Valor
B36: Oficial | D36: 74263 | E36: =+(0.66)*D36 -> 49013.58 | F36: =+D36+E36 -> 123276.58 | G36: 0.0303 | H36: =+F36*G36 -> 3735.2804
B37: 2 Ayudante | D37: =2*44702 -> 89404 | E37: =+(0.66)*D37 -> 59006.64 | F37: =+D37+E37 -> 148410.64 | G37: =+G36 -> 0.0303 | H37: =+F37*G37 -> 4496.8424
H40: Sub-Total | I40: =SUM(H36:H39) -> 8232.1228
H41: Ajuste
G42: Total Costo Directo | I42: =ROUND(SUM(I12:I41),0) -> 9870
B44: FORMATO No.
B45: MANTENIMIENTO, MEJORAMIENTO Y ADECUACIONES LOCATIVAS DE LAS INSTITUCIONES EDUCATIVAS JUAN XXIII, BELLAVISTA, SIMÓN BOLÍVAR, MARÍA AUXILIADORA Y CONCORDE SEDE B EN EL MUNICIPIO DE MALAMBO – DEPARTAMENTO DEL ATLÁNTICO.
B46: ANALISIS DE PRECIOS UNITARIO
B47: Contrato No.
B49: Item: | C49: 1,2,3,2 | D49: =+'[2] PRESUPUESTO CENTRO DE DESARROL'!$B$76 -> Construcción de entrepaños en concreto de 3.000 psi de ancho 0,50 mts, incluye materiales, equipo y mano de obra. | I49: UNIDAD
I50: =+'[2] PRESUPUESTO CENTRO DE DESARROL'!$C$76 -> ML
B51: I-EQUIPO Y HERRAMIENTA
B52: Descripcion | E52: Unidad | F52: Tarifa | G52: Rendimiento. | H52: Valor
B53: Herramientos menores | E53: dia | F53: 51500 | G53: 80 | H53: =+F53/G53 -> 643.75
B54: Formaleta | E54: Dia | F54: 51500 | G54: 20 | H54: =+F54/G54 -> 2575
H57: Sub-Total | I57: =SUM(H53:H56) -> 3218.75
B59: II- MATERIALES EN OBRA
B60: Descripcion | E60: Unidad | F60: Valor/unit | G60: Cantidad | H60: Valor
B61: Concreto de 3000psi | E61: M3 | F61: 800000 | G61: =0.05*0.5 -> 0.025 | H61: =+F61*G61 -> 20000
B62: Acero de refuerzo de 6000psi | E62: Kg | F62: 4500 | G62: 2 | H62: =+F62*G62 -> 9000
H64: =+F64*G64 -> 0
H65: =+F65*G65 -> 0
H69: Sub-Total | I69: =SUM(H61:H68) -> 29000
B71: III-TRANSPORTES
B72: Descripcion | F72: Tarifa | G72: Rendimiento. | H72: Valor
B73: trasporte farreteria a obra | F73: 817 | G73: 1 | H73: =+F73*G73 -> 817
H75: Sub-Total | I75: =SUM(H73:H74) -> 817
B77: IV-MANO DE OBRA
B78: Trabajador | D78: Jornal | E78: Prestacion | F78: Jornal Tot. | G78: Rendiminto | H78: Valor
B79: Oficial | D79: 74263 | E79: =+(0.66)*D79 -> 49013.58 | F79: =+D79+E79 -> 123276.58 | G79: 0.2 | H79: =+F79*G79 -> 24655.316
B80: 2 Ayudante | D80: =2*44702 -> 89404 | E80: =+(0.66)*D80 -> 59006.64 | F80: =+D80+E80 -> 148410.64 | G80: =+G79 -> 0.2 | H80: =+F80*G80 -> 29682.128
H83: Sub-Total | I83: =SUM(H79:H82) -> 54337.444
H84: Ajuste
G85: Total Costo Directo | I85: =ROUND(SUM(I55:I84),0) -> 87373
B87: FORMATO No.
B88: MANTENIMIENTO, MEJORAMIENTO Y ADECUACIONES LOCATIVAS DE LAS INSTITUCIONES EDUCATIVAS JUAN XXIII, BELLAVISTA, SIMÓN BOLÍVAR, MARÍA AUXILIADORA Y CONCORDE SEDE B EN EL MUNICIPIO DE MALAMBO – DEPARTAMENTO DEL ATLÁNTICO.
B89: ANALISIS DE PRECIOS UNITARIO
B90: Contrato No.
B92: Item: | C92: 1,2,3,3 | D92: =+'[2] PRESUPUESTO CENTRO DE DESARROL'!$B$77 -> Levante en block de arcilla 0,10 x 0,20 x 0,40, incluye materiales, equipo y mano de obra. | I92: UNIDAD
I93: =+'[2] PRESUPUESTO CENTRO DE DESARROL'!$C$77 -> ML
B94: I-EQUIPO Y HERRAMIENTA
B95: Descripcion | E95: Unidad | F95: Tarifa | G95: Rendimiento. | H95: Valor
B96: Herramientos menores | E96: dia | F96: 51500 | G96: 80 | H96: =+F96/G96 -> 643.75
H100: Sub-Total | I100: =SUM(H96:H99) -> 643.75
B102: II- MATERIALES EN OBRA
B103: Descripcion | E103: Unidad | F103: Valor/unit | G103: Cantidad | H103: Valor
B104: mortero de pega 1:3 | E104: M3 | F104: 750000 | G104: 0.003 | H104: =+F104*G104 -> 2250
B105: bloque en arcilla de 10x20x40 | E105: und | F105: 2500 | G105: 5 | H105: =+F105*G105 -> 12500
H107: =+F107*G107 -> 0
H108: =+F108*G108 -> 0
H112: Sub-Total | I112: =SUM(H104:H111) -> 14750
B114: III-TRANSPORTES
B115: Descripcion | F115: Tarifa | G115: Rendimiento. | H115: Valor
B116: trasporte farreteria a obra | F116: 713 | G116: 1 | H116: =+F116*G116 -> 713
H118: Sub-Total | I118: =SUM(H116:H117) -> 713
B120: IV-MANO DE OBRA
B121: Trabajador | D121: Jornal | E121: Prestacion | F121: Jornal Tot. | G121: Rendiminto | H121: Valor
B122: Oficial | D122: 74263 | E122: =+(0.66)*D122 -> 49013.58 | F122: =+D122+E122 -> 123276.58 | G122: 0.04 | H122: =+F122*G122 -> 4931.0632
B123: 2 Ayudante | D123: =2*44702 -> 89404 | E123: =+(0.66)*D123 -> 59006.64 | F123: =+D123+E123 -> 148410.64 | G123: =+G122 -> 0.04 | H123: =+F123*G123 -> 5936.4256
H126: Sub-Total | I126: =SUM(H122:H125) -> 10867.489
H127: Ajuste
G128: Total Costo Directo | I128: =ROUND(SUM(I98:I127),0) -> 26974

Sheet ITEM 1,2,4
B1: FORMATO No.
B2: MANTENIMIENTO, MEJORAMIENTO Y ADECUACIONES LOCATIVAS DE LAS INSTITUCIONES EDUCATIVAS JUAN XXIII, BELLAVISTA, SIMÓN BOLÍVAR, MARÍA AUXILIADORA Y CONCORDE SEDE B EN EL MUNICIPIO DE MALAMBO – DEPARTAMENTO DEL ATLÁNTICO.
B3: ANALISIS DE PRECIOS UNITARIO
B4: Contrato No.
B6: Item: | C6: 1,2,4,1 | D6: =+'[2] PRESUPUESTO CENTRO DE DESARROL'!$B$79 -> Plantilla en concreto de 2500 psi., E= 0,05 mts., incluye materiales, equipo y mano de obra. | I6: UNIDAD
I7: =+'[2] PRESUPUESTO CENTRO DE DESARROL'!$C$79 -> M2
B8: I-EQUIPO Y HERRAMIENTA
B9: Descripcion | E9: Unidad | F9: Tarifa | G9: Rendimiento. | H9: Valor
B10: Herramientos menores | E10: dia | F10: 51500 | G10: 80 | H10: =+F10/G10 -> 643.75
H14: Sub-Total | I14: =SUM(H10:H13) -> 643.75
B16: II- MATERIALES EN OBRA
B17: Descripcion | E17: Unidad | F17: Valor/unit | G17: Cantidad | H17: Valor
B18: Concreto 2500PSI | E18: M3 | F18: 875500 | G18: 0.05 | H18: =+F18*G18 -> 43775
H19: =+F19*G19 -> 0
H20: =+F20*G20 -> 0
H21: =+F21*G21 -> 0
H22: =+F22*G22 -> 0
H26: Sub-Total | I26: =SUM(H18:H25) -> 43775
B28: III-TRANSPORTES
B29: Descripcion | F29: Tarifa | G29: Rendimiento. | H29: Valor
F30: 454 | G30: 1 | H30: =+F30*G30 -> 454
H32: Sub-Total | I32: =SUM(H30:H31) -> 454
B34: IV-MANO DE OBRA
B35: Trabajador | D35: Jornal | E35: Prestacion | F35: Jornal Tot. | G35: Rendiminto | H35: Valor
B36: Oficial | D36: 74263 | E36: =+(0.66)*D36 -> 49013.58 | F36: =+D36+E36 -> 123276.58 | G36: 0.09 | H36: =+F36*G36 -> 11094.892
B37: 2 Ayudante | D37: =2*44702 -> 89404 | E37: =+(0.66)*D37 -> 59006.64 | F37: =+D37+E37 -> 148410.64 | G37: =+G36 -> 0.09 | H37: =+F37*G37 -> 13356.958
H40: Sub-Total | I40: =SUM(H36:H39) -> 24451.85
H41: Ajuste
G42: Total Costo Directo | I42: =ROUND(SUM(I12:I41),0) -> 69325
B44: FORMATO No.
B45: MANTENIMIENTO, MEJORAMIENTO Y ADECUACIONES LOCATIVAS DE LAS INSTITUCIONES EDUCATIVAS JUAN XXIII, BELLAVISTA, SIMÓN BOLÍVAR, MARÍA AUXILIADORA Y CONCORDE SEDE B EN EL MUNICIPIO DE MALAMBO – DEPARTAMENTO DEL ATLÁNTICO.
B46: ANALISIS DE PRECIOS UNITARIO
B47: Contrato No.
B49: Item: | C49: 1,2,4,2 | D49: =+'[2] PRESUPUESTO CENTRO DE DESARROL'!$B$80 -> Suministro e instalación de piso de cerámica antideslizante de 0,50 x 0,50 mts., trafico 5, incluye materiales, equipo y mano de obra. | I49: UNIDAD
I50: =+'[2] PRESUPUESTO CENTRO DE DESARROL'!$C$80 -> M2
B51: I-EQUIPO Y HERRAMIENTA
B52: Descripcion | E52: Unidad | F52: Tarifa | G52: Rendimiento. | H52: Valor
B53: Herramientos menores | E53: dia | F53: 51500 | G53: 8 | H53: =+F53/G53 -> 6437.5
H57: Sub-Total | I57: =SUM(H53:H56) -> 6437.5
B59: II- MATERIALES EN OBRA
B60: Descripcion | E60: Unidad | F60: Valor/unit | G60: Cantidad | H60: Valor
B61: Cemento blanco | E61: Kg | F61: 2163 | G61: 3 | H61: =+F61*G61 -> 6489
B62: Ceramica antidezlizante 50x50cm | E62: M2 | F62: 69010 | G62: 1 | H62: =+F62*G62 -> 69010
B63: Boquilla para enchape | E63: Kg | F63: 7210 | G63: 0.5 | H63: =+F63*G63 -> 3605
H64: =+F64*G64 -> 0
H65: =+F65*G65 -> 0
H69: Sub-Total | I69: =SUM(H61:H68) -> 79104
B71: III-TRANSPORTES
B72: Descripcion | F72: Tarifa | G72: Rendimiento. | H72: Valor
F73: 906 | G73: 1 | H73: =+F73*G73 -> 906
H75: Sub-Total | I75: =SUM(H73:H74) -> 906
B77: IV-MANO DE OBRA
B78: Trabajador | D78: Jornal | E78: Prestacion | F78: Jornal Tot. | G78: Rendiminto | H78: Valor
B79: Oficial | D79: 74263 | E79: =+(0.66)*D79 -> 49013.58 | F79: =+D79+E79 -> 123276.58 | G79: 0.15 | H79: =+F79*G79 -> 18491.487
B80: 2 Ayudante | D80: =2*44702 -> 89404 | E80: =+(0.66)*D80 -> 59006.64 | F80: =+D80+E80 -> 148410.64 | G80: =+G79 -> 0.15 | H80: =+F80*G80 -> 22261.596
H83: Sub-Total | I83: =SUM(H79:H82) -> 40753.083
H84: Ajuste
G85: Total Costo Directo | I85: =ROUND(SUM(I55:I84),0) -> 127201
B87: FORMATO No.
B88: MANTENIMIENTO, MEJORAMIENTO Y ADECUACIONES LOCATIVAS DE LAS INSTITUCIONES EDUCATIVAS JUAN XXIII, BELLAVISTA, SIMÓN BOLÍVAR, MARÍA AUXILIADORA Y CONCORDE SEDE B EN EL MUNICIPIO DE MALAMBO – DEPARTAMENTO DEL ATLÁNTICO.
B89: ANALISIS DE PRECIOS UNITARIO
B90: Contrato No.
B92: Item: | C92: 1,2,4,3 | D92: =+'[2] PRESUPUESTO CENTRO DE DESARROL'!$B$81 -> Suministro e instalación de zocalo de cerámica de 0,50 x 0,10, incluye materiales, equipo y mano de obra. | I92: UNIDAD
I93: =+'[2] PRESUPUESTO CENTRO DE DESARROL'!$C$81 -> ML
B94: I-EQUIPO Y HERRAMIENTA
B95: Descripcion | E95: Unidad | F95: Tarifa | G95: Rendimiento. | H95: Valor
B96: Herramientos menores | E96: dia | F96: 51500 | G96: 8 | H96: =+F96/G96 -> 6437.5
H100: Sub-Total | I100: =SUM(H96:H99) -> 6437.5
B102: II- MATERIALES EN OBRA
B103: Descripcion | E103: Unidad | F103: Valor/unit | G103: Cantidad | H103: Valor
B104: Cemento blanco | E104: Kg | F104: 2163 | G104: 0.5 | H104: =+F104*G104 -> 1081.5
B105: Ceramica antidezlizante 50x50cm | E105: M2 | F105: 69010 | G105: 0.1 | H105: =+F105*G105 -> 6901
B106: Boquilla para enchape | E106: Kg | F106: 7210 | G106: 0.1 | H106: =+F106*G106 -> 721
H107: =+F107*G107 -> 0
H108: =+F108*G108 -> 0
H112: Sub-Total | I112: =SUM(H104:H111) -> 8703.5
B114: III-TRANSPORTES
B115: Descripcion | F115: Tarifa | G115: Rendimiento. | H115: Valor
F116: 728 | G116: 1 | H116: =+F116*G116 -> 728
H118: Sub-Total | I118: =SUM(H116:H117) -> 728
B120: IV-MANO DE OBRA
B121: Trabajador | D121: Jornal | E121: Prestacion | F121: Jornal Tot. | G121: Rendiminto | H121: Valor
B122: Oficial | D122: 74263 | E122: =+(0.66)*D122 -> 49013.58 | F122: =+D122+E122 -> 123276.58 | G122: 0.04 | H122: =+F122*G122 -> 4931.0632
B123: 2 Ayudante | D123: =2*44702 -> 89404 | E123: =+(0.66)*D123 -> 59006.64 | F123: =+D123+E123 -> 148410.64 | G123: =+G122 -> 0.04 | H123: =+F123*G123 -> 5936.4256
H126: Sub-Total | I126: =SUM(H122:H125) -> 10867.489
H127: Ajuste
G128: Total Costo Directo | I128: =ROUND(SUM(I98:I127),0) -> 26736
B130: FORMATO No.
B131: MANTENIMIENTO, MEJORAMIENTO Y ADECUACIONES LOCATIVAS DE LAS INSTITUCIONES EDUCATIVAS JUAN XXIII, BELLAVISTA, SIMÓN BOLÍVAR, MARÍA AUXILIADORA Y CONCORDE SEDE B EN EL MUNICIPIO DE MALAMBO – DEPARTAMENTO DEL ATLÁNTICO.
B132: ANALISIS DE PRECIOS UNITARIO
B133: Contrato No.
B135: Item: | C135: 1,2,4,4 | D135: =+'[2] PRESUPUESTO CENTRO DE DESARROL'!$B$82 -> Suministro e instalación de piso en tablón vitrificado, incluye materiales, equipo y mano de obras | I135: UNIDAD
I136: =+'[2] PRESUPUESTO CENTRO DE DESARROL'!$C$82 -> M2
B137: I-EQUIPO Y HERRAMIENTA
B138: Descripcion | E138: Unidad | F138: Tarifa | G138: Rendimiento. | H138: Valor
B139: Herramientos menores | E139: dia | F139: 51500 | G139: 20 | H139: =+F139/G139 -> 2575
H143: Sub-Total | I143: =SUM(H139:H142) -> 2575
B145: II- MATERIALES EN OBRA
B146: Descripcion | E146: Unidad | F146: Valor/unit | G146: Cantidad | H146: Valor
B147: pegante para piso de gres | E147: Kg | F147: 3000 | G147: 3.13 | H147: =+F147*G147 -> 9390
...

Sheet ITEM 1,2,5
B1: Item: | C1: 1,2,5,6 | D1: =+'[2] PRESUPUESTO CENTRO DE DESARROL'!$B$90 -> Suministro e instalación de lámparas fluorescentes 2 x 32, incluye materiales, equipo y mano de obra. | I1: UNIDAD
I2: =+'[2] PRESUPUESTO CENTRO DE DESARROL'!$C$90 -> UND
B3: I-EQUIPO Y HERRAMIENTA
B4: Descripcion | E4: Unidad | F4: Tarifa | G4: Rendimiento. | H4: Valor
B5: Herramientos menores | E5: dia | F5: 51500 | G5: 13 | H5: =+F5/G5 -> 3961.5385
B6: Andamio | E6: dia | F6: 51500 | G6: 30 | H6: =+F6/G6 -> 1716.6667
H9: Sub-Total | I9: =SUM(H5:H8) -> 5678.2051
B11: II- MATERIALES EN OBRA
B12: Descripcion | E12: Unidad | F12: Valor/unit | G12: Cantidad | H12: Valor
B13: lámparas fluorescentes 2 x 32 | E13: Und | F13: 185400 | G13: 1 | H13: =+F13*G13 -> 185400
H14: =+F14*G14 -> 0
H18: Sub-Total | I18: =SUM(H13:H17) -> 185400
B20: III-TRANSPORTES
B21: Descripcion | F21: Tarifa | G21: Rendimiento. | H21: Valor
F22: 443 | G22: 1 | H22: =+F22*G22 -> 443
H24: Sub-Total | I24: =SUM(H22:H23) -> 443
B26: IV-MANO DE OBRA
B27: Trabajador | D27: Jornal | E27: Prestacion | F27: Jornal Tot. | G27: Rendiminto | H27: Valor
B28: Oficial | D28: 74263 | E28: =+(0.66)*D28 -> 49013.58 | F28: =+D28+E28 -> 123276.58 | G28: 0.15 | H28: =+F28*G28 -> 18491.487
B29: 2 Ayudante | D29: =2*44702 -> 89404 | E29: =+(0.66)*D29 -> 59006.64 | F29: =+D29+E29 -> 148410.64 | G29: =+G28 -> 0.15 | H29: =+F29*G29 -> 22261.596
H32: Sub-Total | I32: =SUM(H28:H31) -> 40753.083
H33: Ajuste
G34: Total Costo Directo | I34: =ROUND(SUM(I4:I33),0) -> 232274
B36: FORMATO No.
B37: MANTENIMIENTO, MEJORAMIENTO Y ADECUACIONES LOCATIVAS DE LAS INSTITUCIONES EDUCATIVAS JUAN XXIII, BELLAVISTA, SIMÓN BOLÍVAR, MARÍA AUXILIADORA Y CONCORDE SEDE B EN EL MUNICIPIO DE MALAMBO – DEPARTAMENTO DEL ATLÁNTICO.
B38: ANALISIS DE PRECIOS UNITARIO
B39: Contrato No.
B41: Item: | C41: 1,2,5,2 | D41: =+'[2] PRESUPUESTO CENTRO DE DESARROL'!$B$86 -> Salida de alumbrado común 110V, incluye materiales, equipo y mano de obra. | I41: UNIDAD
I42: =+'[2] PRESUPUESTO CENTRO DE DESARROL'!$C$86 -> UND
B43: I-EQUIPO Y HERRAMIENTA
B44: Descripcion | E44: Unidad | F44: Tarifa | G44: Rendimiento. | H44: Valor
B45: Herramientos menores | E45: dia | F45: 51500 | G45: 50 | H45: =+F45/G45 -> 1030
B46: Andamio | E46: dia | F46: 51500 | G46: 20 | H46: =+F46/G46 -> 2575
H49: Sub-Total | I49: =SUM(H45:H48) -> 3605
B51: II- MATERIALES EN OBRA
B52: Descripcion | E52: Unidad | F52: Valor/unit | G52: Cantidad | H52: Valor
B53: Tubo conduit 1/2 pulgada | E53: ml | F53: 3785 | G53: 2 | H53: =+F53*G53 -> 7570
B54: Curva Conduit 1/2 pulgada | E54: Und | F54: 1236 | G54: 1 | H54: =+F54*G54 -> 1236
B55: Adaptador 1/2 pulgada terminal conduit | E55: Und | F55: 1030 | G55: 1 | H55: =+F55*G55 -> 1030
B56: Alambre De Cobre #12 | E56: Ml | F56: 4738 | G56: 18 | H56: =+F56*G56 -> 85284
B57: Almabre de cobre # 10 | E57: Ml | F57: 6577 | G57: 2 | H57: =+F57*G57 -> 13154
B58: Cinta Aislante | E58: Und | F58: 26780 | G58: 0.1 | H58: =+F58*G58 -> 2678
B59: Caja octagonal 100 x 100 x 47 mm conduit | E59: Und | F59: 3914 | G59: 1 | H59: =+F59*G59 -> 3914
B60: tomacorriente con polo a tierra | E60: Und | F60: 16480 | G60: 1 | H60: =+F60*G60 -> 16480
H61: Sub-Total | I61: =SUM(H53:H60) -> 131346
B63: III-TRANSPORTES
B64: Descripcion | F64: Tarifa | G64: Rendimiento. | H64: Valor
B65: transporte | F65: 55 | G65: 1 | H65: =+F65*G65 -> 55
H67: Sub-Total | I67: =SUM(H65:H66) -> 55
B69: IV-MANO DE OBRA
B70: Trabajador | D70: Jornal | E70: Prestacion | F70: Jornal Tot. | G70: Rendiminto | H70: Valor
B71: Oficial | D71: 74263 | E71: =+(0.66)*D71 -> 49013.58 | F71: =+D71+E71 -> 123276.58 | G71: 0.16 | H71: =+F71*G71 -> 19724.253
B72: 2 Ayudante | D72: =2*44702 -> 89404 | E72: =+(0.66)*D72 -> 59006.64 | F72: =+D72+E72 -> 148410.64 | G72: =+G71 -> 0.16 | H72: =+F72*G72 -> 23745.702
H75: Sub-Total | I75: =SUM(H71:H74) -> 43469.955
H76: Ajuste
G77: Total Costo Directo | I77: =ROUND(SUM(I47:I76),0) -> 178476
B79: FORMATO No.
B80: MANTENIMIENTO, MEJORAMIENTO Y ADECUACIONES LOCATIVAS DE LAS INSTITUCIONES EDUCATIVAS JUAN XXIII, BELLAVISTA, SIMÓN BOLÍVAR, MARÍA AUXILIADORA Y CONCORDE SEDE B EN EL MUNICIPIO DE MALAMBO – DEPARTAMENTO DEL ATLÁNTICO.
B81: ANALISIS DE PRECIOS UNITARIO
B82: Contrato No.
B84: Item: | C84: 1,2,5,3 | D84: =+'[2] PRESUPUESTO CENTRO DE DESARROL'!$B$87 -> Salida de tomacorriente común 110V, incluye materiales, equipo y mano de obra. | I84: UNIDAD
I85: =+'[2] PRESUPUESTO CENTRO DE DESARROL'!$C$87 -> UND
B86: I-EQUIPO Y HERRAMIENTA
B87: Descripcion | E87: Unidad | F87: Tarifa | G87: Rendimiento. | H87: Valor
B88: Herramientos menores | E88: dia | F88: 51500 | G88: 50 | H88: =+F88/G88 -> 1030
H92: Sub-Total | I92: =SUM(H88:H91) -> 1030
B94: II- MATERIALES EN OBRA
B95: Descripcion | E95: Unidad | F95: Valor/unit | G95: Cantidad | H95: Valor
B96: Tubo conduit 1/2 pulgada | E96: ml | F96: 3785 | G96: 4 | H96: =+F96*G96 -> 15140
B97: Curva Conduit 1/2 pulgada | E97: Und | F97: 1236 | G97: 1 | H97: =+F97*G97 -> 1236
B98: Adaptador 1/2 pulgada terminal conduit | E98: Und | F98: 1030 | G98: 2 | H98: =+F98*G98 -> 2060
B99: Alambre De Cobre #12 | E99: Ml | F99: 4738 | G99: 18 | H99: =+F99*G99 -> 85284
B100: Cinta Aislante | E100: Und | F100: 26780 | G100: 0.1 | H100: =+F100*G100 -> 2678
B101: Caja Sencilla 103X60X45 Mm Conduit | E101: Und | F101: 3000 | G101: 1 | H101: =+F101*G101 -> 3000
B102: tomacorriente con polo a tierra | E102: Und | F102: 16480 | G102: 1 | H102: =+F102*G102 -> 16480
H104: Sub-Total | I104: =SUM(H96:H103) -> 125878
B106: III-TRANSPORTES
B107: Descripcion | F107: Tarifa | G107: Rendimiento. | H107: Valor
B108: transporte | F108: 388 | G108: 1 | H108: =+F108*G108 -> 388
H110: Sub-Total | I110: =SUM(H108:H109) -> 388
B112: IV-MANO DE OBRA
B113: Trabajador | D113: Jornal | E113: Prestacion | F113: Jornal Tot. | G113: Rendiminto | H113: Valor
B114: Oficial | D114: 74263 | E114: =+(0.66)*D114 -> 49013.58 | F114: =+D114+E114 -> 123276.58 | G114: 0.18 | H114: =+F114*G114 -> 22189.784
B115: 2 Ayudante | D115: =2*44702 -> 89404 | E115: =+(0.66)*D115 -> 59006.64 | F115: =+D115+E115 -> 148410.64 | G115: =+G114 -> 0.18 | H115: =+F115*G115 -> 26713.915
H118: Sub-Total | I118: =SUM(H114:H117) -> 48903.7
H119: Ajuste
G120: Total Costo Directo | I120: =ROUND(SUM(I90:I119),0) -> 176200
B122: FORMATO No.
B123: MANTENIMIENTO, MEJORAMIENTO Y ADECUACIONES LOCATIVAS DE LAS INSTITUCIONES EDUCATIVAS JUAN XXIII, BELLAVISTA, SIMÓN BOLÍVAR, MARÍA AUXILIADORA Y CONCORDE SEDE B EN EL MUNICIPIO DE MALAMBO – DEPARTAMENTO DEL ATLÁNTICO.
B124: ANALISIS DE PRECIOS UNITARIO
B125: Contrato No.
B127: Item: | C127: 1,2,5,4 | D127: =+'[2] PRESUPUESTO CENTRO DE DESARROL'!$B$88 -> Salida de tomacorriente común 220V, incluye materiales, equipo y mano de obra. | I127: UNIDAD
I128: =+'[2] PRESUPUESTO CENTRO DE DESARROL'!$C$88 -> UND
B129: I-EQUIPO Y HERRAMIENTA
B130: Descripcion | E130: Unidad | F130: Tarifa | G130: Rendimiento. | H130: Valor
B131: Herramientos menores | E131: dia | F131: 51500 | G131: 20 | H131: =+F131/G131 -> 2575
H135: Sub-Total | I135: =SUM(H131:H134) -> 2575
B137: II- MATERIALES EN OBRA
B138: Descripcion | E138: Unidad | F138: Valor/unit | G138: Cantidad | H138: Valor
B139: Tubo conduit 1/2 pulgada | E139: ml | F139: 3785 | G139: 4 | H139: =+F139*G139 -> 15140
...

Sheet ITEM 1,2,6
B1: FORMATO No.
B2: MANTENIMIENTO, MEJORAMIENTO Y ADECUACIONES LOCATIVAS DE LAS INSTITUCIONES EDUCATIVAS JUAN XXIII, BELLAVISTA, SIMÓN BOLÍVAR, MARÍA AUXILIADORA Y CONCORDE SEDE B EN EL MUNICIPIO DE MALAMBO – DEPARTAMENTO DEL ATLÁNTICO.
B3: ANALISIS DE PRECIOS UNITARIO
B4: Contrato No.
B5: Item: | C5: 1,2,6,1 | D5: =+'[2] PRESUPUESTO CENTRO DE DESARROL'!$B$93 -> Mantenimiento general de ventaneria existente en perfileria de aluminio y vidrio, incluye materiales, equipo y mano de obra, | I5: UNIDAD
I6: =+'[2] PRESUPUESTO CENTRO DE DESARROL'!$C$93 -> M2
B7: I-EQUIPO Y HERRAMIENTA
B8: Descripcion | E8: Unidad | F8: Tarifa | G8: Rendimiento. | H8: Valor
B9: Herramientos menores | E9: dia | F9: 51500 | G9: 90 | H9: =+F9/G9 -> 572.22222
B10: Pulidora electrico | E10: dia | F10: 20600 | G10: 50 | H10: =+F10/G10 -> 412
B11: taladro Electrico | E11: dia | F11: 20600 | G11: 50 | H11: =+F11/G11 -> 412
B12: Tronzadora Industrial | E12: dia | F12: 30900 | G12: 70 | H12: =+F12/G12 -> 441.42857
B13: taladro Electrico | E13: dia | F13: 20600 | G13: 50 | H13: =+F13/G13 -> 412
H14: Sub-Total | I14: =SUM(H9:H12) -> 1837.6508
B16: II- MATERIALES EN OBRA
B17: Descripcion | E17: Unidad | F17: Valor/unit | G17: Cantidad | H17: Valor
B18: Accesorios | E18: m2 | F18: 123600 | G18: 0.5 | H18: =+F18*G18 -> 61800
B19: Vidrio | E19: m2 | F19: 45000 | G19: 0.5 | H19: =+F19*G19 -> 22500
H23: Sub-Total | I23: =SUM(H18:H22) -> 84300
B25: III-TRANSPORTES
B26: Descripcion | F26: Tarifa | G26: Rendimiento. | H26: Valor
F27: 255 | G27: 1 | H27: =+F27*G27 -> 255
H29: Sub-Total | I29: =SUM(H27:H28) -> 255
B31: IV-MANO DE OBRA
B32: Trabajador | D32: Jornal | E32: Prestacion | F32: Jornal Tot. | G32: Rendiminto | H32: Valor
B33: Oficial | D33: 74263 | E33: =+(0.66)*D33 -> 49013.58 | F33: =+D33+E33 -> 123276.58 | G33: 0.628 | H33: =+F33*G33 -> 77417.692
B34: 2 Ayudante | D34: =2*44702 -> 89404 | E34: =+(0.66)*D34 -> 59006.64 | F34: =+D34+E34 -> 148410.64 | G34: =+G33 -> 0.628 | H34: =+F34*G34 -> 93201.882
H37: Sub-Total | I37: =SUM(H33:H36) -> 170619.57
H38: Ajuste
G39: Total Costo Directo | I39: =ROUND(SUM(I9:I38),0) -> 257012
B41: FORMATO No.
B42: MANTENIMIENTO, MEJORAMIENTO Y ADECUACIONES LOCATIVAS DE LAS INSTITUCIONES EDUCATIVAS JUAN XXIII, BELLAVISTA, SIMÓN BOLÍVAR, MARÍA AUXILIADORA Y CONCORDE SEDE B EN EL MUNICIPIO DE MALAMBO – DEPARTAMENTO DEL ATLÁNTICO.
B43: ANALISIS DE PRECIOS UNITARIO
B44: Contrato No.
B46: Item: | C46: 1,2,6,2 | D46: =+'[2] PRESUPUESTO CENTRO DE DESARROL'!$B$94 -> Suministro e instalación de puerta en perfileria de aluminio de 1,00 x 2,00, incluye materiales, equipo y mano de obra. | I46: UNIDAD
I47: =+'[2] PRESUPUESTO CENTRO DE DESARROL'!$C$94 -> UND
B48: I-EQUIPO Y HERRAMIENTA
B49: Descripcion | E49: Unidad | F49: Tarifa | G49: Rendimiento. | H49: Valor
B50: Herramientos menores | E50: dia | F50: 51500 | G50: 50 | H50: =+F50/G50 -> 1030
H54: Sub-Total | I54: =SUM(H50:H53) -> 1030
B56: II- MATERIALES EN OBRA
B57: Descripcion | E57: Unidad | F57: Valor/unit | G57: Cantidad | H57: Valor
B58: puerta en perfil de aluminio 0 .90x1,90 | E58: und | F58: 721000 | G58: 1 | H58: =+F58*G58 -> 721000
B59: Marco en aluminio | E59: Und | F59: 200000 | G59: 1 | H59: =+F59*G59 -> 200000
B60: Visagra 3X3 | E60: Und | F60: 10000 | G60: 4 | H60: =+F60*G60 -> 40000
B61: Cerradura | E61: Und | F61: 90000 | G61: 1 | H61: =+F61*G61 -> 90000
H62: =+F62*G62 -> 0
H63: =+F63*G63 -> 0
H64: =+F64*G64 -> 0
H65: =+F65*G65 -> 0
H66: Sub-Total | I66: =SUM(H58:H65) -> 1051000
B68: III-TRANSPORTES
B69: Descripcion | F69: Tarifa | G69: Rendimiento. | H69: Valor
B70: transporte | F70: 1462 | G70: 1 | H70: =+F70*G70 -> 1462
H72: Sub-Total | I72: =SUM(H70:H71) -> 1462
B74: IV-MANO DE OBRA
B75: Trabajador | D75: Jornal | E75: Prestacion | F75: Jornal Tot. | G75: Rendiminto | H75: Valor
B76: Oficial | D76: 74263 | E76: =+(0.66)*D76 -> 49013.58 | F76: =+D76+E76 -> 123276.58 | G76: 0.89 | H76: =+F76*G76 -> 109716.16
B77: Ayudante | D77: =44702 -> 44702 | E77: =+(0.66)*D77 -> 29503.32 | F77: =+D77+E77 -> 74205.32 | G77: =+G76 -> 0.89 | H77: =+F77*G77 -> 66042.735
H80: Sub-Total | I80: =SUM(H76:H79) -> 175758.89
H81: Ajuste
G82: Total Costo Directo | I82: =ROUND(SUM(I52:I81),0) -> 1229251
B84: FORMATO No.
B85: MANTENIMIENTO, MEJORAMIENTO Y ADECUACIONES LOCATIVAS DE LAS INSTITUCIONES EDUCATIVAS JUAN XXIII, BELLAVISTA, SIMÓN BOLÍVAR, MARÍA AUXILIADORA Y CONCORDE SEDE B EN EL MUNICIPIO DE MALAMBO – DEPARTAMENTO DEL ATLÁNTICO.
B86: ANALISIS DE PRECIOS UNITARIO
B87: Contrato No.
B89: Item: | C89: 1,2,6,3 | D89: =+'[2] PRESUPUESTO CENTRO DE DESARROL'!$B$95 -> Suministro e instalación de reja metálica en varilla cuadrada de 1/2" de 1,00 x 2,00, incluye materiales, equipo y mano de obra. | I89: UNIDAD
I90: =+'[2] PRESUPUESTO CENTRO DE DESARROL'!$C$95 -> M2
B91: I-EQUIPO Y HERRAMIENTA
B92: Descripcion | E92: Unidad | F92: Tarifa | G92: Rendimiento. | H92: Valor
B93: Herramientos menores | E93: dia | F93: 51500 | G93: 8 | H93: =+F93/G93 -> 6437.5
B94: Equipo de Soldadura | E94: dia | F94: 103000 | G94: 10 | H94: =+F94/G94 -> 10300
B95: andamio | E95: dia | F95: 51500 | G95: 70 | H95: =+F95/G95 -> 735.71429
H97: Sub-Total | I97: =SUM(H93:H96) -> 17473.214
B99: II- MATERIALES EN OBRA
B100: Descripcion | E100: Unidad | F100: Valor/unit | G100: Cantidad | H100: Valor
B101: VARILLA CUADRA TRONCHADA DE 1/2" | E101: Ml | F101: 8000 | G101: 13 | H101: =+F101*G101 -> 104000
B102: SOLDADURA PARA HIERRO ESTRUCTURAL | E102: kg | F102: 20600 | G102: 1 | H102: =+F102*G102 -> 20600
B103: Galon Anticorrocivo | E103: und | F103: 77250 | G103: 0.05 | H103: =+F103*G103 -> 3862.5
B104: Galon PINTURA EPOXICA | E104: und | F104: 257500 | G104: 0.025 | H104: =+F104*G104 -> 6437.5
B105: MORTERO 1:3 | E105: m3 | F105: 669500 | G105: 0.02 | H105: =+F105*G105 -> 13390
H109: Sub-Total | I109: =SUM(H101:H108) -> 148290
B111: III-TRANSPORTES
B112: Descripcion | F112: Tarifa | G112: Rendimiento. | H112: Valor
F113: 500 | G113: 1 | H113: =+F113*G113 -> 500
H115: Sub-Total | I115: =SUM(H113:H114) -> 500
B117: IV-MANO DE OBRA
B118: Trabajador | D118: Jornal | E118: Prestacion | F118: Jornal Tot. | G118: Rendiminto | H118: Valor
B119: Oficial | D119: 74263 | E119: =+(0.66)*D119 -> 49013.58 | F119: =+D119+E119 -> 123276.58 | G119: 0.55 | H119: =+F119*G119 -> 67802.119
B120: Ayudante | D120: =44702 -> 44702 | E120: =+(0.66)*D120 -> 29503.32 | F120: =+D120+E120 -> 74205.32 | G120: =+G119 -> 0.55 | H120: =+F120*G120 -> 40812.926
H123: Sub-Total | I123: =SUM(H119:H122) -> 108615.05
H124: Ajuste
G125: Total Costo Directo | I125: =ROUND(SUM(I95:I124),0) -> 274878
B127: FORMATO No.
B128: MANTENIMIENTO, MEJORAMIENTO Y ADECUACIONES LOCATIVAS DE LAS INSTITUCIONES EDUCATIVAS JUAN XXIII, BELLAVISTA, SIMÓN BOLÍVAR, MARÍA AUXILIADORA Y CONCORDE SEDE B EN EL MUNICIPIO DE MALAMBO – DEPARTAMENTO DEL ATLÁNTICO.
B129: ANALISIS DE PRECIOS UNITARIO
B130: Contrato No.
B132: Item: | C132: 1,2,6,4 | D132: =+'[2] PRESUPUESTO CENTRO DE DESARROL'!$B$96 -> Suministro e instalación de perfileria de aluminio y vidrio en área de entrepaños, incluye materiales, equipo y mano de obra. | I132: UNIDAD
I133: =+'[2] PRESUPUESTO CENTRO DE DESARROL'!$C$96 -> M2
B134: I-EQUIPO Y HERRAMIENTA
...

Sheet ITEM 1,2,7
B1: Item: | C1: 1,2,7,1 | D1: =+'[2] PRESUPUESTO CENTRO DE DESARROL'!$B$98 -> Suministro e instalación de granimarmol sintético para mesón de cocina. | I1: UNIDAD
I2: =+'[2] PRESUPUESTO CENTRO DE DESARROL'!$C$98 -> ML
B3: I-EQUIPO Y HERRAMIENTA
B4: Descripcion | E4: Unidad | F4: Tarifa | G4: Rendimiento. | H4: Valor
B5: Herramientos menores | E5: dia | F5: 51500 | G5: 9 | H5: =+F5/G5 -> 5722.2222
H10: Sub-Total | I10: =SUM(H5:H8) -> 5722.2222
B12: II- MATERIALES EN OBRA
B13: Descripcion | E13: Unidad | F13: Valor/unit | G13: Cantidad | H13: Valor
B14: Meson en granito sintetico | E14: M2 | F14: 290000 | G14: 1 | H14: =+F14*G14 -> 290000
B15: Sellado elastico de puliuretano | E15: Kg | F15: 30900 | G15: 0.09 | H15: =+F15*G15 -> 2781
B16: anclajes | E16: und | F16: 4700 | G16: 3 | H16: =+F16*G16 -> 14100
H19: Sub-Total | I19: =SUM(H14:H18) -> 306881
B21: III-TRANSPORTES
B22: Descripcion | F22: Tarifa | G22: Rendimiento. | H22: Valor
F23: 442 | G23: 1 | H23: =+F23*G23 -> 442
H25: Sub-Total | I25: =SUM(H23:H24) -> 442
B27: IV-MANO DE OBRA
B28: Trabajador | D28: Jornal | E28: Prestacion | F28: Jornal Tot. | G28: Rendiminto | H28: Valor
B29: Oficial | D29: 74263 | E29: =+(0.66)*D29 -> 49013.58 | F29: =+D29+E29 -> 123276.58 | G29: 0.7 | H29: =+F29*G29 -> 86293.606
B30: 2 Ayudante | D30: =2*44702 -> 89404 | E30: =+(0.66)*D30 -> 59006.64 | F30: =+D30+E30 -> 148410.64 | G30: =+G29 -> 0.7 | H30: =+F30*G30 -> 103887.45
H33: Sub-Total | I33: =SUM(H29:H32) -> 190181.05
H34: Ajuste
G35: Total Costo Directo | I35: =ROUND(SUM(I5:I34),0) -> 503226
B37: FORMATO No.
B38: MANTENIMIENTO, MEJORAMIENTO Y ADECUACIONES LOCATIVAS DE LAS INSTITUCIONES EDUCATIVAS JUAN XXIII, BELLAVISTA, SIMÓN BOLÍVAR, MARÍA AUXILIADORA Y CONCORDE SEDE B EN EL MUNICIPIO DE MALAMBO – DEPARTAMENTO DEL ATLÁNTICO.
B39: ANALISIS DE PRECIOS UNITARIO
B40: Contrato No.
B42: Item: | C42: 1,2,7,2 | D42: =+'[2] PRESUPUESTO CENTRO DE DESARROL'!$B$99 -> Enchape en cerámica área de mesones y entrepaños, incluye materiales, equipo y mano de obra. | I42: UNIDAD
I43: =+'[2] PRESUPUESTO CENTRO DE DESARROL'!$C$99 -> M2
B44: I-EQUIPO Y HERRAMIENTA
B45: Descripcion | E45: Unidad | F45: Tarifa | G45: Rendimiento. | H45: Valor
B46: Herramientos menores | E46: dia | F46: 51500 | G46: 50 | H46: =+F46/G46 -> 1030
H50: Sub-Total | I50: =SUM(H46:H49) -> 1030
B52: II- MATERIALES EN OBRA
B53: Descripcion | E53: Unidad | F53: Valor/unit | G53: Cantidad | H53: Valor
B54: Ceramita formato 60x60 | E54: m2 | F54: 45000 | G54: 1 | H54: =+F54*G54 -> 45000
B55: Cemeto Blanco | E55: Kg | F55: 2000 | G55: 2 | H55: =+F55*G55 -> 4000
B56: Boquilla para enchape | E56: Kg | F56: 7210 | G56: 0.5 | H56: =+F56*G56 -> 3605
H57: =+F57*G57 -> 0
H58: =+F58*G58 -> 0
H59: =+F59*G59 -> 0
H60: =+F60*G60 -> 0
H61: =+F61*G61 -> 0
H62: Sub-Total | I62: =SUM(H54:H61) -> 52605
B64: III-TRANSPORTES
B65: Descripcion | F65: Tarifa | G65: Rendimiento. | H65: Valor
B66: transporte | F66: 275 | G66: 1 | H66: =+F66*G66 -> 275
H68: Sub-Total | I68: =SUM(H66:H67) -> 275
B70: IV-MANO DE OBRA
B71: Trabajador | D71: Jornal | E71: Prestacion | F71: Jornal Tot. | G71: Rendiminto | H71: Valor
B72: Oficial | D72: 74263 | E72: =+(0.66)*D72 -> 49013.58 | F72: =+D72+E72 -> 123276.58 | G72: 0.134 | H72: =+F72*G72 -> 16519.062
B73: Ayudante | D73: =44702 -> 44702 | E73: =+(0.66)*D73 -> 29503.32 | F73: =+D73+E73 -> 74205.32 | G73: =+G72 -> 0.134 | H73: =+F73*G73 -> 9943.5129
H76: Sub-Total | I76: =SUM(H72:H75) -> 26462.575
H77: Ajuste
G78: Total Costo Directo | I78: =ROUND(SUM(I48:I77),0) -> 80373

Sheet ITEM 1,2,8
B1: FORMATO No.
B2: MANTENIMIENTO, MEJORAMIENTO Y ADECUACIONES LOCATIVAS DE LAS INSTITUCIONES EDUCATIVAS JUAN XXIII, BELLAVISTA, SIMÓN BOLÍVAR, MARÍA AUXILIADORA Y CONCORDE SEDE B EN EL MUNICIPIO DE MALAMBO – DEPARTAMENTO DEL ATLÁNTICO.
B3: ANALISIS DE PRECIOS UNITARIO
B4: Contrato No.
B6: Item: | C6: 1,2,8,1 | D6: =+'[2] PRESUPUESTO CENTRO DE DESARROL'!$B$101 -> Pintura sobre muros y calados internos y externos en vinilo tipo 1, tres manos, incluye resane del pañete en las áreas dañadas, incluye materiales, equipo y mano de obra. | I6: UNIDAD
I7: =+'[2] PRESUPUESTO CENTRO DE DESARROL'!$C$101 -> M2
B8: I-EQUIPO Y HERRAMIENTA
B9: Descripcion | E9: Unidad | F9: Tarifa | G9: Rendimiento. | H9: Valor
B10: Herramientos menores | E10: dia | F10: 30900 | G10: 40 | H10: =+F10/G10 -> 772.5
B11: Andamio | E11: Dia | F11: 51500 | G11: 40 | H11: =+F11/G11 -> 1287.5
H14: Sub-Total | I14: =SUM(H10:H13) -> 2060 | L14: =+I14+L42 -> 1238 | M14: =+F10/L14 -> 24.959612
B16: II- MATERIALES EN OBRA
B17: Descripcion | E17: Unidad | F17: Valor/unit | G17: Cantidad | H17: Valor
B18: Cuñete vinilo tipo 1 | E18: und | F18: 412000 | G18: 0.035 | H18: =+F18*G18 -> 14420
H19: =+F19*G19 -> 0
H20: =+F20*G20 -> 0
H21: =+F21*G21 -> 0
H22: =+F22*G22 -> 0
H26: Sub-Total | I26: =SUM(H18:H25) -> 14420
B28: III-TRANSPORTES
B29: Descripcion | F29: Tarifa | G29: Rendimiento. | H29: Valor
F30: 87 | G30: 1 | H30: =+F30*G30 -> 87
H32: Sub-Total | I32: =SUM(H30:H31) -> 87
B34: IV-MANO DE OBRA
B35: Trabajador | D35: Jornal | E35: Prestacion | F35: Jornal Tot. | G35: Rendiminto | H35: Valor
B36: Oficial | D36: 74263 | E36: =+(0.66)*D36 -> 49013.58 | F36: =+D36+E36 -> 123276.58 | G36: 0.03 | H36: =+F36*G36 -> 3698.2974
B37: 2 Ayudante | D37: =2*44702 -> 89404 | E37: =+(0.66)*D37 -> 59006.64 | F37: =+D37+E37 -> 148410.64 | G37: =+G36 -> 0.03 | H37: =+F37*G37 -> 4452.3192
H40: Sub-Total | I40: =SUM(H36:H39) -> 8150.6166
H41: Ajuste
G42: Total Costo Directo | I42: =ROUND(SUM(I12:I41),0) -> 24718 | K42: 23896 | L42: =+K42-I42 -> -822
B44: Item: | C44: 1,2,8,2 | D44: =+'[2] PRESUPUESTO CENTRO DE DESARROL'!$B$49 -> Pintura de rejas en hierro en esmalte, incluye raspe y anticorrosivo, materiales, equipo y mano de obra. | I44: UNIDAD
I45: =+'[2] PRESUPUESTO CENTRO DE DESARROL'!$C$49 -> M2
B46: I-EQUIPO Y HERRAMIENTA
B47: Descripcion | E47: Unidad | F47: Tarifa | G47: Rendimiento. | H47: Valor
B48: Herramientos menores | E48: dia | F48: 51500 | G48: 10 | H48: =+F48/G48 -> 5150
H52: Sub-Total | I52: =SUM(H48:H51) -> 5150
B54: II- MATERIALES EN OBRA
B55: Descripcion | E55: Unidad | F55: Valor/unit | G55: Cantidad | H55: Valor
B56: Galon pintura esmalte | E56: und | F56: 82400 | G56: 0.02 | H56: =+F56*G56 -> 1648 | K56: =+G56*L61 -> 0.004
B57: Galon Anticorrocivo | E57: und | F57: 77250 | G57: 0.2 | H57: =+F57*G57 -> 15450 | L57: =0.5*0.1 -> 0.05
B58: Thinner | E58: Lt | F58: 5150 | G58: 0.1 | H58: =+F58*G58 -> 515 | L58: =+L57*2 -> 0.1
H59: =+F59*G59 -> 0
H60: =+F60*G60 -> 0
L61: =+H57/F57 -> 0.2
H64: Sub-Total | I64: =SUM(H56:H63) -> 17613
B66: III-TRANSPORTES
B67: Descripcion | F67: Tarifa | G67: Rendimiento. | H67: Valor
F68: 371 | G68: 1 | H68: =+F68*G68 -> 371
H70: Sub-Total | I70: =SUM(H68:H69) -> 371
B72: IV-MANO DE OBRA
B73: Trabajador | D73: Jornal | E73: Prestacion | F73: Jornal Tot. | G73: Rendiminto | H73: Valor
B74: Oficial | D74: 74263 | E74: =+(0.66)*D74 -> 49013.58 | F74: =+D74+E74 -> 123276.58 | G74: 0.1 | H74: =+F74*G74 -> 12327.658
B75: 2 Ayudante | D75: =2*44702 -> 89404 | E75: =+(0.66)*D75 -> 59006.64 | F75: =+D75+E75 -> 148410.64 | G75: =+G74 -> 0.1 | H75: =+F75*G75 -> 14841.064
H78: Sub-Total | I78: =SUM(H74:H77) -> 27168.722
H79: Ajuste
G80: Total Costo Directo | I80: =ROUND(SUM(I50:I79),0) -> 50303 | K80: 48500 | L80: =+I80-K80 -> 1803

Sheet ITEM 1,2,9
B1: FORMATO No.
B2: MANTENIMIENTO, MEJORAMIENTO Y ADECUACIONES LOCATIVAS DE LAS INSTITUCIONES EDUCATIVAS JUAN XXIII, BELLAVISTA, SIMÓN BOLÍVAR, MARÍA AUXILIADORA Y CONCORDE SEDE B EN EL MUNICIPIO DE MALAMBO – DEPARTAMENTO DEL ATLÁNTICO.
B3: ANALISIS DE PRECIOS UNITARIO
B4: Contrato No.
B6: Item: | C6: 1,1,9,1 | D6: =+'[2] PRESUPUESTO CENTRO DE DESARROL'!$B$104 -> Salida de gas natural laboratorio, incluye materiales, equipo y mano de obra. | I6: UNIDAD
I7: =+'[2] PRESUPUESTO CENTRO DE DESARROL'!$C$104 -> UND
B8: I-EQUIPO Y HERRAMIENTA
B9: Descripcion | E9: Unidad | F9: Tarifa | G9: Rendimiento. | H9: Valor
B10: Herramientos menores | E10: dia | F10: 30900 | G10: 15.38 | H10: =+F10/G10 -> 2009.1027
H14: Sub-Total | I14: =SUM(H10:H13) -> 2009.1027
B16: II- MATERIALES EN OBRA
B17: Descripcion | E17: Unidad | F17: Valor/unit | G17: Cantidad | H17: Valor
B18: Codo cobre a cobre de 90 grados de 13 mm | E18: Und | F18: 4000 | G18: 1 | H18: =+F18*G18 -> 4000
B19: Codo cobre a cobre de 90 grados de 19 mm | E19: Und | F19: 12000 | G19: 1 | H19: =+F19*G19 -> 12000
B20: Soldadura 50x50 rollo | E20: Kg | F20: 92000 | G20: 0.15 | H20: =+F20*G20 -> 13800
B21: Tee cobre soldable 13 mm | E21: Und | F21: 12000 | G21: 1 | H21: =+F21*G21 -> 12000
B22: Tee cobre soldable 19 mm | E22: Und | F22: 12000 | G22: 1 | H22: =+F22*G22 -> 12000
B23: Tubo de cobre 13 mm | E23: Ml | F23: 60000 | G23: 1.4 | H23: =+F23*G23 -> 84000
B24: Tubo de cobre 13 mm | E24: ml | F24: 96000 | G24: 1.4 | H24: =+F24*G24 -> 134400
B25: valvula de gas | E25: Und | F25: 48000 | G25: 1 | H25: =+F25*G25 -> 48000
H26: Sub-Total | I26: =SUM(H18:H25) -> 320200
B28: III-TRANSPORTES
B29: Descripcion | F29: Tarifa | G29: Rendimiento. | H29: Valor
B30: transporte de pesonal tenico | F30: 185000 | G30: 1 | H30: =+F30*G30 -> 185000
H32: Sub-Total | I32: =SUM(H30:H31) -> 185000
B34: IV-MANO DE OBRA
B35: Trabajador | D35: Jornal | E35: Prestacion | F35: Jornal Tot. | G35: Rendiminto | H35: Valor
B36: Oficial - tecnico | D36: 74263 | E36: =+(0.66)*D36 -> 49013.58 | F36: =+D36+E36 -> 123276.58 | G36: 1.3 | H36: =+F36*G36 -> 160259.55
B37: 3 Ayudante | D37: =3*44702 -> 134106 | E37: =+(0.66)*D37 -> 88509.96 | F37: =+D37+E37 -> 222615.96 | G37: =+G36 -> 1.3 | H37: =+F37*G37 -> 289400.75
H40: Sub-Total | I40: =SUM(H36:H39) -> 449660.3
H41: Ajuste
G42: Total Costo Directo | I42: =ROUND(SUM(I12:I41),0) -> 956869
B44: MANTENIMIENTO, MEJORAMIENTO Y ADECUACIONES LOCATIVAS DE LAS INSTITUCIONES EDUCATIVAS JUAN XXIII, BELLAVISTA, SIMÓN BOLÍVAR, MARÍA AUXILIADORA Y CONCORDE SEDE B EN EL MUNICIPIO DE MALAMBO – DEPARTAMENTO DEL ATLÁNTICO.
B45: ANALISIS DE PRECIOS UNITARIO
B46: Contrato No.
B47: Item: | C47: 1,1,9,2 | D47: =+'[2] PRESUPUESTO CENTRO DE DESARROL'!$B$105 -> Revisión y reparaciones internas de instalaciones hidráulicas y de aguas negras área laboratorio, incluye materiales, equipo y mano de obra. | I47: UNIDAD
I48: =+'[2] PRESUPUESTO CENTRO DE DESARROL'!$C$105 -> GL
B49: I-EQUIPO Y HERRAMIENTA
B50: Descripcion | E50: Unidad | F50: Tarifa | G50: Rendimiento. | H50: Valor
B51: Herramientos menores | E51: dia | F51: 51500 | G51: 5 | H51: =+F51/G51 -> 10300
H55: Sub-Total | I55: =SUM(H51:H54) -> 10300
B57: II- MATERIALES EN OBRA
B58: Descripcion | E58: Unidad | F58: Valor/unit | G58: Cantidad | H58: Valor
B59: Tuberia 3" Sanitaria | E59: ML | F59: 15000 | G59: 18 | H59: =+F59*G59 -> 270000
B60: Union 3" | E60: Und | F60: 12000 | G60: 4 | H60: =+F60*G60 -> 48000
B61: tuberia 2" sanitaria | E61: Ml | F61: 8000 | G61: 12 | H61: =+F61*G61 -> 96000
B62: Union 2" | E62: Und | F62: 6000 | G62: 4 | H62: =+F62*G62 -> 24000
B63: 1/4 Galon soldadura PVC | E63: und | F63: 74263 | G63: 0.5 | H63: =+F63*G63 -> 37131.5
B64: 1/4 Removedor | E64: Und | F64: 55000 | G64: 0.5 | H64: =+F64*G64 -> 27500
H67: Sub-Total | I67: =SUM(H59:H66) -> 502631.5
B69: III-TRANSPORTES
B70: Descripcion | F70: Tarifa | G70: Rendimiento. | H70: Valor
F71: 1850 | G71: 1 | H71: =+F71*G71 -> 1850
H73: Sub-Total | I73: =SUM(H71:H72) -> 1850
B75: IV-MANO DE OBRA
B76: Trabajador | D76: Jornal | E76: Prestacion | F76: Jornal Tot. | G76: Rendiminto | H76: Valor
B77: Oficial | D77: 74263 | E77: =+(0.66)*D77 -> 49013.58 | F77: =+D77+E77 -> 123276.58 | G77: 0.2 | H77: =+F77*G77 -> 24655.316
B78: Ayudante | D78: =1*44702 -> 44702 | E78: =+(0.66)*D78 -> 29503.32 | F78: =+D78+E78 -> 74205.32 | G78: =+G77 -> 0.2 | H78: =+F78*G78 -> 14841.064
H81: Sub-Total | I81: =SUM(H77:H80) -> 39496.38
H82: Ajuste
G83: Total Costo Directo | I83: =ROUND(SUM(I53:I82),0) -> 554278
B85: MANTENIMIENTO, MEJORAMIENTO Y ADECUACIONES LOCATIVAS DE LAS INSTITUCIONES EDUCATIVAS JUAN XXIII, BELLAVISTA, SIMÓN BOLÍVAR, MARÍA AUXILIADORA Y CONCORDE SEDE B EN EL MUNICIPIO DE MALAMBO – DEPARTAMENTO DEL ATLÁNTICO.
B86: ANALISIS DE PRECIOS UNITARIO
B87: Contrato No.
B88: Item: | C88: 1,2,9,3 | D88: =+'[2] PRESUPUESTO CENTRO DE DESARROL'!$B$106 -> Suministro e instalación de lavaplatos en acero inoxidable tipo cubeta sencillo para sobreponer, incluye accesorios múltiples. | I88: UNIDAD
I89: =+'[2] PRESUPUESTO CENTRO DE DESARROL'!$C$106 -> UND
B90: I-EQUIPO Y HERRAMIENTA
B91: Descripcion | E91: Unidad | F91: Tarifa | G91: Rendimiento. | H91: Valor
B92: Herramientos menores | E92: dia | F92: 51500 | G92: 50 | H92: =+F92/G92 -> 1030
H96: Sub-Total | I96: =SUM(H92:H95) -> 1030
B98: II- MATERIALES EN OBRA
B99: Descripcion | E99: Unidad | F99: Valor/unit | G99: Cantidad | H99: Valor
B100: lavaplato de empotrar | E100: Und | F100: 280000 | G100: 1 | H100: =+F100*G100 -> 280000
B101: Grifería monomando con cartucho cerámico para lavaplatos, gama básica, acabado cromado, compuesta de caño giratorio, aireador y enlaces de alimentación flexibles. | E101: Und | F101: 150000 | G101: 1 | H101: =+F101*G101 -> 150000
B102: Registro de 1/2" | E102: Und | F102: 25000 | G102: 1 | H102: =+F102*G102 -> 25000
B103: Kit Sifon Flexible | E103: Und | F103: 56000 | G103: 1 | H103: =+F103*G103 -> 56000
H104: =+F104*G104 -> 0
H105: =+F105*G105 -> 0
H108: Sub-Total | I108: =SUM(H100:H107) -> 511000
B110: III-TRANSPORTES
B111: Descripcion | F111: Tarifa | G111: Rendimiento. | H111: Valor
F112: 4550 | G112: 1 | H112: =+F112*G112 -> 4550
H114: Sub-Total | I114: =SUM(H112:H113) -> 4550
B116: IV-MANO DE OBRA
B117: Trabajador | D117: Jornal | E117: Prestacion | F117: Jornal Tot. | G117: Rendiminto | H117: Valor
B118: Oficial | D118: 74263 | E118: =+(0.66)*D118 -> 49013.58 | F118: =+D118+E118 -> 123276.58 | G118: 0.55 | H118: =+F118*G118 -> 67802.119
B119: Ayudante | D119: =1*44702 -> 44702 | E119: =+(0.66)*D119 -> 29503.32 | F119: =+D119+E119 -> 74205.32 | G119: =+G118 -> 0.55 | H119: =+F119*G119 -> 40812.926
H122: Sub-Total | I122: =SUM(H118:H121) -> 108615.05
H123: Ajuste
G124: Total Costo Directo | I124: =ROUND(SUM(I94:I123),0) -> 625195

Sheet ITEM 1,2,10
B1: FORMATO No.
B2: MANTENIMIENTO, MEJORAMIENTO Y ADECUACIONES LOCATIVAS DE LAS INSTITUCIONES EDUCATIVAS JUAN XXIII, BELLAVISTA, SIMÓN BOLÍVAR, MARÍA AUXILIADORA Y CONCORDE SEDE B EN EL MUNICIPIO DE MALAMBO – DEPARTAMENTO DEL ATLÁNTICO.
B3: ANALISIS DE PRECIOS UNITARIO
B4: Contrato No.
B6: Item: | C6: 1,2,10,1 | D6: =+'[2] PRESUPUESTO CENTRO DE DESARROL'!$B$108 -> Limpieza general y desalojo de material sobrante. | I6: UNIDAD
I7: =+'[2] PRESUPUESTO CENTRO DE DESARROL'!$C$108 -> GL
B8: I-EQUIPO Y HERRAMIENTA
B9: Descripcion | E9: Unidad | F9: Tarifa | G9: Rendimiento. | H9: Valor
B10: Herramientos menores | E10: dia | F10: 20600 | G10: 13 | H10: =+F10/G10 -> 1584.6154
H14: Sub-Total | I14: =SUM(H10:H13) -> 1584.6154
B16: II- MATERIALES EN OBRA
B17: Descripcion | E17: Unidad | F17: Valor/unit | G17: Cantidad | H17: Valor
H18: =+F18*G18 -> 0
H19: =+F19*G19 -> 0
H20: =+F20*G20 -> 0
H21: =+F21*G21 -> 0
H22: =+F22*G22 -> 0
H26: Sub-Total | I26: =SUM(H18:H25) -> 0
B28: III-TRANSPORTES
B29: Descripcion | F29: Tarifa | G29: Rendimiento. | H29: Valor
B30: volqueta | F30: 30900 | G30: 3 | H30: =+F30*G30 -> 92700
H32: Sub-Total | I32: =SUM(H30:H31) -> 92700
B34: IV-MANO DE OBRA
B35: Trabajador | D35: Jornal | E35: Prestacion | F35: Jornal Tot. | G35: Rendiminto | H35: Valor
H36: =+F36*G36 -> 0
B37: 2 Ayudante | D37: =2*44702 -> 89404 | E37: =+(0.66)*D37 -> 59006.64 | F37: =+D37+E37 -> 148410.64 | G37: 1.1 | H37: =+F37*G37 -> 163251.7
H40: Sub-Total | I40: =SUM(H36:H39) -> 163251.7
H41: Ajuste
G42: Total Costo Directo | I42: =ROUND(SUM(I12:I41),0) -> 257536

Sheet ITEM 1,3,1
B1: FORMATO No.
B2: MANTENIMIENTO, MEJORAMIENTO Y ADECUACIONES LOCATIVAS DE LAS INSTITUCIONES EDUCATIVAS JUAN XXIII, BELLAVISTA, SIMÓN BOLÍVAR, MARÍA AUXILIADORA Y CONCORDE SEDE B EN EL MUNICIPIO DE MALAMBO – DEPARTAMENTO DEL ATLÁNTICO.
B3: ANALISIS DE PRECIOS UNITARIO
B4: Contrato No.
B6: Item: | C6: 1,3,1,1 | D6: =+'[2] PRESUPUESTO CENTRO DE DESARROL'!$B$114 -> Red de aguas negras Ø 4", incluye accesorios, material, equipo y mano de obra. | I6: UNIDAD
I7: =+'[2] PRESUPUESTO CENTRO DE DESARROL'!$C$114 -> ML
B8: I-EQUIPO Y HERRAMIENTA
B9: Descripcion | E9: Unidad | F9: Tarifa | G9: Rendimiento. | H9: Valor
B10: Herramientos menores | E10: dia | F10: 20600 | G10: 110 | H10: =+F10/G10 -> 187.27273
H14: Sub-Total | I14: =SUM(H10:H13) -> 187.27273 | L14: =+I14+L42 -> -1480.7273 | M14: =+F10/L14 -> -13.912083
B16: II- MATERIALES EN OBRA
B17: Descripcion | E17: Unidad | F17: Valor/unit | G17: Cantidad | H17: Valor
B18: Tuberia sanitaria 4" | E18: ML | F18: 25000 | G18: 1.05 | H18: =+F18*G18 -> 26250
B19: Limpiador PVC | E19: GL | F19: 190000 | G19: 0.04 | H19: =+F19*G19 -> 7600
B20: Soldadura PVC | E20: GL | F20: =84000*4 -> 336000 | G20: 0.04 | H20: =+F20*G20 -> 13440
H21: =+F21*G21 -> 0
H22: =+F22*G22 -> 0
H26: Sub-Total | I26: =SUM(H18:H25) -> 47290
B28: III-TRANSPORTES
B29: Descripcion | F29: Tarifa | G29: Rendimiento. | H29: Valor
F30: 144 | G30: 1 | H30: =+F30*G30 -> 144
H32: Sub-Total | I32: =SUM(H30:H31) -> 144
B34: IV-MANO DE OBRA
B35: Trabajador | D35: Jornal | E35: Prestacion | F35: Jornal Tot. | G35: Rendiminto | H35: Valor
B36: Oficial | D36: 74263 | E36: =+(0.66)*D36 -> 49013.58 | F36: =+D36+E36 -> 123276.58 | G36: 0.18 | H36: =+F36*G36 -> 22189.784
B37: Ayudante | D37: =1*44702 -> 44702 | E37: =+(0.66)*D37 -> 29503.32 | F37: =+D37+E37 -> 74205.32 | G37: =+G36 -> 0.18 | H37: =+F37*G37 -> 13356.958
H40: Sub-Total | I40: =SUM(H36:H39) -> 35546.742
H41: Ajuste
G42: Total Costo Directo | I42: =ROUND(SUM(I12:I41),0) -> 83168 | K42: 81500 | L42: =+K42-I42 -> -1668
B44: FORMATO No.
B45: MANTENIMIENTO, MEJORAMIENTO Y ADECUACIONES LOCATIVAS DE LAS INSTITUCIONES EDUCATIVAS JUAN XXIII, BELLAVISTA, SIMÓN BOLÍVAR, MARÍA AUXILIADORA Y CONCORDE SEDE B EN EL MUNICIPIO DE MALAMBO – DEPARTAMENTO DEL ATLÁNTICO.
B46: ANALISIS DE PRECIOS UNITARIO
B47: Contrato No.
B49: Item: | C49: 1,3,1,2 | D49: =+'[2] PRESUPUESTO CENTRO DE DESARROL'!$B$115 -> Red de aguas negras Ø 2", incluye accesorios, material, equipo y mano de obra. | I49: UNIDAD
I50: =+'[2] PRESUPUESTO CENTRO DE DESARROL'!$C$115 -> ML
B51: I-EQUIPO Y HERRAMIENTA
B52: Descripcion | E52: Unidad | F52: Tarifa | G52: Rendimiento. | H52: Valor
B53: Herramientos menores | E53: dia | F53: 20600 | G53: 110 | H53: =+F53/G53 -> 187.27273
H57: Sub-Total | I57: =SUM(H53:H56) -> 187.27273 | L57: =+I57+L85 -> -925.72727 | M57: =+F53/L57 -> -22.252774
B59: II- MATERIALES EN OBRA
B60: Descripcion | E60: Unidad | F60: Valor/unit | G60: Cantidad | H60: Valor
B61: Tuberia sanitaria 2" | E61: ML | F61: 7500 | G61: 1.05 | H61: =+F61*G61 -> 7875
B62: Limpiador PVC | E62: GL | F62: 190000 | G62: 0.02 | H62: =+F62*G62 -> 3800
B63: Soldadura PVC | E63: GL | F63: =84000*4 -> 336000 | G63: 0.02 | H63: =+F63*G63 -> 6720
H64: =+F64*G64 -> 0
H65: =+F65*G65 -> 0
H69: Sub-Total | I69: =SUM(H61:H68) -> 18395
B71: III-TRANSPORTES
B72: Descripcion | F72: Tarifa | G72: Rendimiento. | H72: Valor
F73: 453 | G73: 1 | H73: =+F73*G73 -> 453
H75: Sub-Total | I75: =SUM(H73:H74) -> 453
B77: IV-MANO DE OBRA
B78: Trabajador | D78: Jornal | E78: Prestacion | F78: Jornal Tot. | G78: Rendiminto | H78: Valor
B79: Oficial | D79: 74263 | E79: =+(0.66)*D79 -> 49013.58 | F79: =+D79+E79 -> 123276.58 | G79: 0.12 | H79: =+F79*G79 -> 14793.19
B80: Ayudante | D80: =1*44702 -> 44702 | E80: =+(0.66)*D80 -> 29503.32 | F80: =+D80+E80 -> 74205.32 | G80: =+G79 -> 0.12 | H80: =+F80*G80 -> 8904.6384
H83: Sub-Total | I83: =SUM(H79:H82) -> 23697.828
H84: Ajuste
G85: Total Costo Directo | I85: =ROUND(SUM(I55:I84),0) -> 42733 | K85: 41620 | L85: =+K85-I85 -> -1113
B87: FORMATO No.
B88: MANTENIMIENTO, MEJORAMIENTO Y ADECUACIONES LOCATIVAS DE LAS INSTITUCIONES EDUCATIVAS JUAN XXIII, BELLAVISTA, SIMÓN BOLÍVAR, MARÍA AUXILIADORA Y CONCORDE SEDE B EN EL MUNICIPIO DE MALAMBO – DEPARTAMENTO DEL ATLÁNTICO.
B89: ANALISIS DE PRECIOS UNITARIO
B90: Contrato No.
B92: Item: | C92: 1,3,1,3 | D92: =+'[2] PRESUPUESTO CENTRO DE DESARROL'!$B$116 -> Punto sanitario Ø 2", incluye accesorios, material, equipo y mano de obra. | I92: UNIDAD
I93: =+'[2] PRESUPUESTO CENTRO DE DESARROL'!$C$116 -> UND
B94: I-EQUIPO Y HERRAMIENTA
B95: Descripcion | E95: Unidad | F95: Tarifa | G95: Rendimiento. | H95: Valor
B96: Herramientos menores | E96: dia | F96: 20600 | G96: 110 | H96: =+F96/G96 -> 187.27273
H100: Sub-Total | I100: =SUM(H96:H99) -> 187.27273 | L100: =+I100+L128 -> -845.72727 | M100: =+F96/L100 -> -24.357734
B102: II- MATERIALES EN OBRA
B103: Descripcion | E103: Unidad | F103: Valor/unit | G103: Cantidad | H103: Valor
B104: Codo PVC sanitario 2x90 | E104: und | F104: 2500 | G104: 1 | H104: =+F104*G104 -> 2500
B105: Limpiador PVC | E105: GL | F105: 190000 | G105: 0.02 | H105: =+F105*G105 -> 3800
B106: Soldadura PVC | E106: GL | F106: =84000*4 -> 336000 | G106: 0.02 | H106: =+F106*G106 -> 6720
B107: Tee Sanitaria 2" | E107: Und | F107: 8000 | G107: 1 | H107: =+F107*G107 -> 8000
B108: Tubo PVC " | E108: Ml | F108: 7500 | G108: 1.05 | H108: =+F108*G108 -> 7875
H112: Sub-Total | I112: =SUM(H104:H111) -> 28895
B114: III-TRANSPORTES
B115: Descripcion | F115: Tarifa | G115: Rendimiento. | H115: Valor
F116: 453 | G116: 1 | H116: =+F116*G116 -> 453
H118: Sub-Total | I118: =SUM(H116:H117) -> 453
B120: IV-MANO DE OBRA
B121: Trabajador | D121: Jornal | E121: Prestacion | F121: Jornal Tot. | G121: Rendiminto | H121: Valor
B122: Oficial | D122: 74263 | E122: =+(0.66)*D122 -> 49013.58 | F122: =+D122+E122 -> 123276.58 | G122: 0.12 | H122: =+F122*G122 -> 14793.19
B123: Ayudante | D123: =1*44702 -> 44702 | E123: =+(0.66)*D123 -> 29503.32 | F123: =+D123+E123 -> 74205.32 | G123: =+G122 -> 0.12 | H123: =+F123*G123 -> 8904.6384
H126: Sub-Total | I126: =SUM(H122:H125) -> 23697.828
H127: Ajuste
G128: Total Costo Directo | I128: =ROUND(SUM(I98:I127),0) -> 53233 | K128: 52200 | L128: =+K128-I128 -> -1033
B130: FORMATO No.
B131: MANTENIMIENTO, MEJORAMIENTO Y ADECUACIONES LOCATIVAS DE LAS INSTITUCIONES EDUCATIVAS JUAN XXIII, BELLAVISTA, SIMÓN BOLÍVAR, MARÍA AUXILIADORA Y CONCORDE SEDE B EN EL MUNICIPIO DE MALAMBO – DEPARTAMENTO DEL ATLÁNTICO.
B132: ANALISIS DE PRECIOS UNITARIO
B133: Contrato No.
B135: Item: | C135: 1,3,1,4 | D135: =+'[2] PRESUPUESTO CENTRO DE DESARROL'!$B$117 -> Punto sanitario Ø 4", incluye accesorios, material, equipo y mano de obra. | I135: UNIDAD
I136: =+'[2] PRESUPUESTO CENTRO DE DESARROL'!$C$117 -> UND
B137: I-EQUIPO Y HERRAMIENTA
B138: Descripcion | E138: Unidad | F138: Tarifa | G138: Rendimiento. | H138: Valor
B139: Herramientos menores | E139: dia | F139: 20600 | G139: 110 | H139: =+F139/G139 -> 187.27273
H143: Sub-Total | I143: =SUM(H139:H142) -> 187.27273 | L143: =+I143+L171 -> -925.72727 | M143: =+F139/L143 -> -22.252774
B145: II- MATERIALES EN OBRA
B146: Descripcion | E146: Unidad | F146: Valor/unit | G146: Cantidad | H146: Valor
B147: SIFON SANITARIO DE 4" | E147: und | F147: 25000 | G147: 1 | H147: =+F147*G147 -> 25000
...

Sheet ITEM 1,3,2
B1: FORMATO No.
B2: MANTENIMIENTO, MEJORAMIENTO Y ADECUACIONES LOCATIVAS DE LAS INSTITUCIONES EDUCATIVAS JUAN XXIII, BELLAVISTA, SIMÓN BOLÍVAR, MARÍA AUXILIADORA Y CONCORDE SEDE B EN EL MUNICIPIO DE MALAMBO – DEPARTAMENTO DEL ATLÁNTICO.
B3: ANALISIS DE PRECIOS UNITARIO
B4: Contrato No.
B6: Item: | C6: 1,3,2,1 | D6: =+'[2] PRESUPUESTO CENTRO DE DESARROL'!$B$138 -> Limpieza general tanque semienterrado existente para agua, incluye equipos y mano de obra. | I6: UNIDAD
I7: =+'[2] PRESUPUESTO CENTRO DE DESARROL'!$C$138 -> GL
B8: I-EQUIPO Y HERRAMIENTA
B9: Descripcion | E9: Unidad | F9: Tarifa | G9: Rendimiento. | H9: Valor
B10: Herramientos menores | E10: dia | F10: 51500 | G10: 1 | H10: =+F10/G10 -> 51500
B11: Hidrolavadora | E11: dia | F11: 41200 | G11: 1 | H11: =+F11/G11 -> 41200
B12: polipasto | E12: dia | F12: 51500 | G12: 1 | H12: =+F12/G12 -> 51500
B13: Motobomba sumergible | E13: dia | F13: 51500 | G13: 1 | H13: =+F13/G13 -> 51500
B14: Andamio | E14: Dia | F14: 51500 | G14: 1 | H14: =+F14/G14 -> 51500
H15: Sub-Total | I15: =SUM(H10:H14) -> 247200
B17: II- MATERIALES EN OBRA
B18: Descripcion | E18: Unidad | F18: Valor/unit | G18: Cantidad | H18: Valor
B19: Cloro al 70% | E19: Kg | F19: 74263 | G19: 0.31 | H19: =+F19*G19 -> 23021.53
H20: =+F20*G20 -> 0
H21: =+F21*G21 -> 0
H22: =+F22*G22 -> 0
H23: =+F23*G23 -> 0
H27: Sub-Total | I27: =SUM(H19:H26) -> 23021.53
B29: III-TRANSPORTES
B30: Descripcion | F30: Tarifa | G30: Rendimiento. | H30: Valor
B31: Volqueta | F31: 103000 | G31: 1 | H31: =+F31*G31 -> 103000
H33: Sub-Total | I33: =SUM(H31:H32) -> 103000
B35: IV-MANO DE OBRA
B36: Trabajador | D36: Jornal | E36: Prestacion | F36: Jornal Tot. | G36: Rendiminto | H36: Valor
B37: Oficial | D37: 74263 | E37: =+(0.66)*D37 -> 49013.58 | F37: =+D37+E37 -> 123276.58 | G37: 1 | H37: =+F37*G37 -> 123276.58
B38: Ayudante | D38: =1*44702 -> 44702 | E38: =+(0.66)*D38 -> 29503.32 | F38: =+D38+E38 -> 74205.32 | G38: =+G37 -> 1 | H38: =+F38*G38 -> 74205.32
H41: Sub-Total | I41: =SUM(H37:H40) -> 197481.9
H42: Ajuste
G43: Total Costo Directo | I43: =ROUND(SUM(I13:I42),0) -> 570703
B45: FORMATO No.
B46: MANTENIMIENTO, MEJORAMIENTO Y ADECUACIONES LOCATIVAS DE LAS INSTITUCIONES EDUCATIVAS JUAN XXIII, BELLAVISTA, SIMÓN BOLÍVAR, MARÍA AUXILIADORA Y CONCORDE SEDE B EN EL MUNICIPIO DE MALAMBO – DEPARTAMENTO DEL ATLÁNTICO.
B47: ANALISIS DE PRECIOS UNITARIO
B48: Contrato No.
B50: Item: | C50: 1,3,2,2 | D50: =+'[2] PRESUPUESTO CENTRO DE DESARROL'!$B$139 -> Picada de pañete existente tanque semienterrado existente, incluye equipo y mano de obra. | I50: UNIDAD
I51: =+'[2] PRESUPUESTO CENTRO DE DESARROL'!$C$139 -> M2
B52: I-EQUIPO Y HERRAMIENTA
B53: Descripcion | E53: Unidad | F53: Tarifa | G53: Rendimiento. | H53: Valor
B54: Herramientos menores | E54: dia | F54: 20600 | G54: 20 | H54: =+F54/G54 -> 1030
H58: Sub-Total | I58: =SUM(H54:H57) -> 1030
B60: II- MATERIALES EN OBRA
B61: Descripcion | E61: Unidad | F61: Valor/unit | G61: Cantidad | H61: Valor
H62: =+F62*G62 -> 0
H63: =+F63*G63 -> 0
H64: =+F64*G64 -> 0
H65: =+F65*G65 -> 0
H66: =+F66*G66 -> 0
H70: Sub-Total | I70: =SUM(H62:H69) -> 0
B72: III-TRANSPORTES
B73: Descripcion | F73: Tarifa | G73: Rendimiento. | H73: Valor
F74: 940 | G74: 1 | H74: =+F74*G74 -> 940
H76: Sub-Total | I76: =SUM(H74:H75) -> 940
B78: IV-MANO DE OBRA
B79: Trabajador | D79: Jornal | E79: Prestacion | F79: Jornal Tot. | G79: Rendiminto | H79: Valor
B80: Oficial | D80: 74263 | E80: =+(0.66)*D80 -> 49013.58 | F80: =+D80+E80 -> 123276.58 | G80: 0.08 | H80: =+F80*G80 -> 9862.1264
B81: Ayudante | D81: =1*44702 -> 44702 | E81: =+(0.66)*D81 -> 29503.32 | F81: =+D81+E81 -> 74205.32 | G81: =+G80 -> 0.08 | H81: =+F81*G81 -> 5936.4256
H84: Sub-Total | I84: =SUM(H80:H83) -> 15798.552
H85: Ajuste
G86: Total Costo Directo | I86: =ROUND(SUM(I56:I85),0) -> 17769
B88: FORMATO No.
B89: MANTENIMIENTO, MEJORAMIENTO Y ADECUACIONES LOCATIVAS DE LAS INSTITUCIONES EDUCATIVAS JUAN XXIII, BELLAVISTA, SIMÓN BOLÍVAR, MARÍA AUXILIADORA Y CONCORDE SEDE B EN EL MUNICIPIO DE MALAMBO – DEPARTAMENTO DEL ATLÁNTICO.
B90: ANALISIS DE PRECIOS UNITARIO
B91: Contrato No.
B93: Item: | C93: 1,3,2,3 | D93: =+'[2] PRESUPUESTO CENTRO DE DESARROL'!$B$140 -> Pañete allanado impermeabilizado , mortero de pega 1:4, incluye material, equipo y mano de obra. | I93: UNIDAD
I94: =+'[2] PRESUPUESTO CENTRO DE DESARROL'!$C$140 -> M2
B95: I-EQUIPO Y HERRAMIENTA
B96: Descripcion | E96: Unidad | F96: Tarifa | G96: Rendimiento. | H96: Valor
B97: Herramientos menores | E97: dia | F97: 20600 | G97: 120 | H97: =+F97/G97 -> 171.66667
H101: Sub-Total | I101: =SUM(H97:H100) -> 171.66667
B103: II- MATERIALES EN OBRA
B104: Descripcion | E104: Unidad | F104: Valor/unit | G104: Cantidad | H104: Valor
B105: Pañete 1:4 | E105: M3 | F105: 772500 | G105: =1*1*0.025 -> 0.025 | H105: =+F105*G105 -> 19312.5
B106: Sika 1 | E106: Kg | F106: 20600 | G106: 0.03 | H106: =+F106*G106 -> 618
H107: =+F107*G107 -> 0
H108: =+F108*G108 -> 0
H109: =+F109*G109 -> 0
H113: Sub-Total | I113: =SUM(H105:H112) -> 19930.5
B115: III-TRANSPORTES
B116: Descripcion | F116: Tarifa | G116: Rendimiento. | H116: Valor
F117: 236 | G117: 1 | H117: =+F117*G117 -> 236
H119: Sub-Total | I119: =SUM(H117:H118) -> 236
B121: IV-MANO DE OBRA
B122: Trabajador | D122: Jornal | E122: Prestacion | F122: Jornal Tot. | G122: Rendiminto | H122: Valor
B123: Oficial | D123: 74263 | E123: =+(0.66)*D123 -> 49013.58 | F123: =+D123+E123 -> 123276.58 | G123: 0.03 | H123: =+F123*G123 -> 3698.2974
B124: Ayudante | D124: =1*44702 -> 44702 | E124: =+(0.66)*D124 -> 29503.32 | F124: =+D124+E124 -> 74205.32 | G124: =+G123 -> 0.03 | H124: =+F124*G124 -> 2226.1596
H127: Sub-Total | I127: =SUM(H123:H126) -> 5924.457
H128: Ajuste
G129: Total Costo Directo | I129: =ROUND(SUM(I99:I128),0) -> 26263
B131: FORMATO No.
B132: MANTENIMIENTO, MEJORAMIENTO Y ADECUACIONES LOCATIVAS DE LAS INSTITUCIONES EDUCATIVAS JUAN XXIII, BELLAVISTA, SIMÓN BOLÍVAR, MARÍA AUXILIADORA Y CONCORDE SEDE B EN EL MUNICIPIO DE MALAMBO – DEPARTAMENTO DEL ATLÁNTICO.
B133: ANALISIS DE PRECIOS UNITARIO
B134: Contrato No.
B136: Item: | C136: 1,3,2,4 | D136: =+'[2] PRESUPUESTO CENTRO DE DESARROL'!$B$141 -> Suministro e instalacion de flotador mecanico de 1/2", incluye materiales, equipos y mano de obra. | I136: UNIDAD
I137: =+'[2] PRESUPUESTO CENTRO DE DESARROL'!$C$141 -> UND
B138: I-EQUIPO Y HERRAMIENTA
B139: Descripcion | E139: Unidad | F139: Tarifa | G139: Rendimiento. | H139: Valor
B140: Herramientos menores | E140: dia | F140: 51500 | G140: 0.8 | H140: =+F140/G140 -> 64375
...

Sheet ITEM 1,3,3
B1: FORMATO No.
B2: MANTENIMIENTO, MEJORAMIENTO Y ADECUACIONES LOCATIVAS DE LAS INSTITUCIONES EDUCATIVAS JUAN XXIII, BELLAVISTA, SIMÓN BOLÍVAR, MARÍA AUXILIADORA Y CONCORDE SEDE B EN EL MUNICIPIO DE MALAMBO – DEPARTAMENTO DEL ATLÁNTICO.
B3: ANALISIS DE PRECIOS UNITARIO
B4: Contrato No.
B6: Item: | C6: 1,3,3,1 | D6: =+'[2] PRESUPUESTO CENTRO DE DESARROL'!$B$144 -> Excavación manual nuevo tanque semienterrado en área de comedor incluye equipos y mano de obra | I6: UNIDAD
I7: =+'[2] PRESUPUESTO CENTRO DE DESARROL'!$C$144 -> M3
B8: I-EQUIPO Y HERRAMIENTA
B9: Descripcion | E9: Unidad | F9: Tarifa | G9: Rendimiento. | H9: Valor
B10: Herramientos menores | E10: dia | F10: 51500 | G10: 50 | H10: =+F10/G10 -> 1030
H15: Sub-Total | I15: =SUM(H10:H14) -> 1030
B17: II- MATERIALES EN OBRA
B18: Descripcion | E18: Unidad | F18: Valor/unit | G18: Cantidad | H18: Valor
H19: =+F19*G19 -> 0
H20: =+F20*G20 -> 0
H21: =+F21*G21 -> 0
H22: =+F22*G22 -> 0
H23: =+F23*G23 -> 0
H27: Sub-Total | I27: =SUM(H19:H26) -> 0
B29: III-TRANSPORTES
B30: Descripcion | F30: Tarifa | G30: Rendimiento. | H30: Valor
B31: Volqueta | F31: 560 | G31: 1 | H31: =+F31*G31 -> 560
H33: Sub-Total | I33: =SUM(H31:H32) -> 560
B35: IV-MANO DE OBRA
B36: Trabajador | D36: Jornal | E36: Prestacion | F36: Jornal Tot. | G36: Rendiminto | H36: Valor
B37: Oficial | D37: 74263 | E37: =+(0.66)*D37 -> 49013.58 | F37: =+D37+E37 -> 123276.58 | G37: 0.14 | H37: =+F37*G37 -> 17258.721
B38: 2 Ayudante | D38: =2*44702 -> 89404 | E38: =+(0.66)*D38 -> 59006.64 | F38: =+D38+E38 -> 148410.64 | G38: =+G37 -> 0.14 | H38: =+F38*G38 -> 20777.49
H41: Sub-Total | I41: =SUM(H37:H40) -> 38036.211
H42: Ajuste
G43: Total Costo Directo | I43: =ROUND(SUM(I13:I42),0) -> 39626
B45: FORMATO No.
B46: MANTENIMIENTO, MEJORAMIENTO Y ADECUACIONES LOCATIVAS DE LAS INSTITUCIONES EDUCATIVAS JUAN XXIII, BELLAVISTA, SIMÓN BOLÍVAR, MARÍA AUXILIADORA Y CONCORDE SEDE B EN EL MUNICIPIO DE MALAMBO – DEPARTAMENTO DEL ATLÁNTICO.
B47: ANALISIS DE PRECIOS UNITARIO
B48: Contrato No.
B50: Item: | C50: 1,3,3,2 | D50: =+'[2] PRESUPUESTO CENTRO DE DESARROL'!$B$145 -> Placa de fondo en concreto de 3.000 psi, E= 0.15 mts., incluye material, equipo y mano de obra. | I50: UNIDAD
I51: =+'[2] PRESUPUESTO CENTRO DE DESARROL'!$C$139 -> M2
B52: I-EQUIPO Y HERRAMIENTA
B53: Descripcion | E53: Unidad | F53: Tarifa | G53: Rendimiento. | H53: Valor
B54: Herramientos menores | E54: dia | F54: 20600 | G54: 20 | H54: =+F54/G54 -> 1030
B55: vibrador concreto | E55: dia | F55: 20600 | G55: 20 | H55: =+F55/G55 -> 1030
H58: Sub-Total | I58: =SUM(H54:H57) -> 2060
B60: II- MATERIALES EN OBRA
B61: Descripcion | E61: Unidad | F61: Valor/unit | G61: Cantidad | H61: Valor
B62: Concreto de 3000psi | E62: M3 | F62: 850000 | G62: 0.16 | H62: =+F62*G62 -> 136000
B63: Antisol | E63: Lt | F63: 27000 | G63: 0.2 | H63: =+F63*G63 -> 5400
B64: Sika 1 | E64: Kg | F64: 20600 | G64: 0.04 | H64: =+F64*G64 -> 824
B65: Acero de Refuerzo | E65: Kg | F65: 4500 | G65: 21 | H65: =+F65*G65 -> 94500
B66: Alambre negro | E66: Kg | F66: 5150 | G66: 0.7 | H66: =+F66*G66 -> 3605
H70: Sub-Total | I70: =SUM(H62:H69) -> 240329
B72: III-TRANSPORTES
B73: Descripcion | F73: Tarifa | G73: Rendimiento. | H73: Valor
F74: 933 | G74: 1 | H74: =+F74*G74 -> 933
H76: Sub-Total | I76: =SUM(H74:H75) -> 933
B78: IV-MANO DE OBRA
B79: Trabajador | D79: Jornal | E79: Prestacion | F79: Jornal Tot. | G79: Rendiminto | H79: Valor
B80: Oficial | D80: 74263 | E80: =+(0.66)*D80 -> 49013.58 | F80: =+D80+E80 -> 123276.58 | G80: 0.23 | H80: =+F80*G80 -> 28353.613
B81: 2 Ayudante | D81: =2*44702 -> 89404 | E81: =+(0.66)*D81 -> 59006.64 | F81: =+D81+E81 -> 148410.64 | G81: =+G80 -> 0.23 | H81: =+F81*G81 -> 34134.447
H84: Sub-Total | I84: =SUM(H80:H83) -> 62488.061
H85: Ajuste
G86: Total Costo Directo | I86: =ROUND(SUM(I56:I85),0) -> 305810
B88: FORMATO No.
B89: MANTENIMIENTO, MEJORAMIENTO Y ADECUACIONES LOCATIVAS DE LAS INSTITUCIONES EDUCATIVAS JUAN XXIII, BELLAVISTA, SIMÓN BOLÍVAR, MARÍA AUXILIADORA Y CONCORDE SEDE B EN EL MUNICIPIO DE MALAMBO – DEPARTAMENTO DEL ATLÁNTICO.
B90: ANALISIS DE PRECIOS UNITARIO
B91: Contrato No.
B93: Item: | C93: 1,3,3,3 | D93: =+'[2] PRESUPUESTO CENTRO DE DESARROL'!$B$146 -> Placa superior en concreto de 3.000 psi, E= 0.15 mts., incluye material, equipo y mano de obra. | I93: UNIDAD
I94: =+'[2] PRESUPUESTO CENTRO DE DESARROL'!$C$146 -> M2
B95: I-EQUIPO Y HERRAMIENTA
B96: Descripcion | E96: Unidad | F96: Tarifa | G96: Rendimiento. | H96: Valor
B97: Herramientos menores | E97: dia | F97: 20600 | G97: 20 | H97: =+F97/G97 -> 1030
B98: vibrador concreto | E98: dia | F98: 20600 | G98: 20 | H98: =+F98/G98 -> 1030
B99: Andamio | E99: Dia | F99: 51500 | G99: 20 | H99: =+F99/G99 -> 2575
B100: Parales metalico | E100: Dia | F100: 1236 | G100: 20 | H100: =+F100/G100 -> 61.8
H101: Sub-Total | I101: =SUM(H97:H100) -> 4696.8
B103: II- MATERIALES EN OBRA
B104: Descripcion | E104: Unidad | F104: Valor/unit | G104: Cantidad | H104: Valor
B105: Concreto de 3000psi | E105: M3 | F105: 850000 | G105: 0.16 | H105: =+F105*G105 -> 136000
B106: Antisol | E106: Lt | F106: 27000 | G106: 0.2 | H106: =+F106*G106 -> 5400
B107: Sika 1 | E107: Kg | F107: 20600 | G107: 0.04 | H107: =+F107*G107 -> 824
B108: Acero de Refuerzo | E108: Kg | F108: 4500 | G108: 21 | H108: =+F108*G108 -> 94500
B109: Alambre negro | E109: Kg | F109: 5150 | G109: 0.7 | H109: =+F109*G109 -> 3605
B110: Madera para formaleta | E110: und | F110: 30900 | G110: 1.2 | H110: =+F110*G110 -> 37080
B111: puntilla | E111: Lb | F111: 3914 | G111: 0.8 | H111: =+F111*G111 -> 3131.2
H113: Sub-Total | I113: =SUM(H105:H112) -> 280540.2
B115: III-TRANSPORTES
B116: Descripcion | F116: Tarifa | G116: Rendimiento. | H116: Valor
F117: 903 | G117: 1 | H117: =+F117*G117 -> 903
H119: Sub-Total | I119: =SUM(H117:H118) -> 903
B121: IV-MANO DE OBRA
B122: Trabajador | D122: Jornal | E122: Prestacion | F122: Jornal Tot. | G122: Rendiminto | H122: Valor
B123: Oficial | D123: 74263 | E123: =+(0.66)*D123 -> 49013.58 | F123: =+D123+E123 -> 123276.58 | G123: 0.23 | H123: =+F123*G123 -> 28353.613
B124: Ayudante | D124: =1*44702 -> 44702 | E124: =+(0.66)*D124 -> 29503.32 | F124: =+D124+E124 -> 74205.32 | G124: =+G123 -> 0.23 | H124: =+F124*G124 -> 17067.224
H127: Sub-Total | I127: =SUM(H123:H126) -> 45420.837
H128: Ajuste
G129: Total Costo Directo | I129: =ROUND(SUM(I99:I128),0) -> 331561
B131: FORMATO No.
B132: MANTENIMIENTO, MEJORAMIENTO Y ADECUACIONES LOCATIVAS DE LAS INSTITUCIONES EDUCATIVAS JUAN XXIII, BELLAVISTA, SIMÓN BOLÍVAR, MARÍA AUXILIADORA Y CONCORDE SEDE B EN EL MUNICIPIO DE MALAMBO – DEPARTAMENTO DEL ATLÁNTICO.
B133: ANALISIS DE PRECIOS UNITARIO
B134: Contrato No.
B136: Item: | C136: 1,3,3,4 | D136: =+'[2] PRESUPUESTO CENTRO DE DESARROL'!$B$147 -> Levante en bloque vibro prensado E= 0.15 mts, mortero de pega 1:6, rallado en dos caras, incluye material, equipo y mano de obra. | I136: UNIDAD
I137: =+'[2] PRESUPUESTO CENTRO DE DESARROL'!$C$147 -> M2
B138: I-EQUIPO Y HERRAMIENTA
...

Sheet ITEM 1,3,4
B1: FORMATO No.
B2: MANTENIMIENTO, MEJORAMIENTO Y ADECUACIONES LOCATIVAS DE LAS INSTITUCIONES EDUCATIVAS JUAN XXIII, BELLAVISTA, SIMÓN BOLÍVAR, MARÍA AUXILIADORA Y CONCORDE SEDE B EN EL MUNICIPIO DE MALAMBO – DEPARTAMENTO DEL ATLÁNTICO.
B3: ANALISIS DE PRECIOS UNITARIO
B4: Contrato No.
B6: Item: | C6: 1,3,4,1 | D6: =+'[2] PRESUPUESTO CENTRO DE DESARROL'!$B$160 -> Limpieza general y desalojo de material sobrante. | I6: UNIDAD
I7: =+'[2] PRESUPUESTO CENTRO DE DESARROL'!$C$160 -> GL
B8: I-EQUIPO Y HERRAMIENTA
B9: Descripcion | E9: Unidad | F9: Tarifa | G9: Rendimiento. | H9: Valor
B10: Herramientos menores | E10: dia | F10: 20600 | G10: 13 | H10: =+F10/G10 -> 1584.6154
H14: Sub-Total | I14: =SUM(H10:H13) -> 1584.6154
B16: II- MATERIALES EN OBRA
B17: Descripcion | E17: Unidad | F17: Valor/unit | G17: Cantidad | H17: Valor
H18: =+F18*G18 -> 0
H19: =+F19*G19 -> 0
H20: =+F20*G20 -> 0
H21: =+F21*G21 -> 0
H22: =+F22*G22 -> 0
H26: Sub-Total | I26: =SUM(H18:H25) -> 0
B28: III-TRANSPORTES
B29: Descripcion | F29: Tarifa | G29: Rendimiento. | H29: Valor
B30: volqueta | F30: 30900 | G30: 3 | H30: =+F30*G30 -> 92700
H32: Sub-Total | I32: =SUM(H30:H31) -> 92700
B34: IV-MANO DE OBRA
B35: Trabajador | D35: Jornal | E35: Prestacion | F35: Jornal Tot. | G35: Rendiminto | H35: Valor
H36: =+F36*G36 -> 0
B37: 2 Ayudante | D37: =2*44702 -> 89404 | E37: =+(0.66)*D37 -> 59006.64 | F37: =+D37+E37 -> 148410.64 | G37: 1.1 | H37: =+F37*G37 -> 163251.7
H40: Sub-Total | I40: =SUM(H36:H39) -> 163251.7
H41: Ajuste
G42: Total Costo Directo | I42: =ROUND(SUM(I12:I41),0) -> 257536

Sheet ITEM 2,1,1
B1: FORMATO No.
B2: MANTENIMIENTO, MEJORAMIENTO Y ADECUACIONES LOCATIVAS DE LAS INSTITUCIONES EDUCATIVAS JUAN XXIII, BELLAVISTA, SIMÓN BOLÍVAR, MARÍA AUXILIADORA Y CONCORDE SEDE B EN EL MUNICIPIO DE MALAMBO – DEPARTAMENTO DEL ATLÁNTICO.
B3: ANALISIS DE PRECIOS UNITARIO
B4: Contrato No.
B6: Item: | C6: 2,1,1,1 | D6: =+'[2] PRESUPUESTO CENTRO DE DESARROL'!$B$169 -> Desmonte de cielo raso existente | I6: UNIDAD
I7: M2
B8: I-EQUIPO Y HERRAMIENTA
B9: Descripcion | E9: Unidad | F9: Tarifa | G9: Rendimiento. | H9: Valor
B10: Herramientos menores | E10: dia | F10: 51500 | G10: 41.25 | H10: =+F10/G10 -> 1248.4848
B11: andamio | E11: dia | F11: 51500 | G11: 70 | H11: =+F11/G11 -> 735.71429
H14: Sub-Total | I14: =SUM(H10:H13) -> 1984.1991
B16: II- MATERIALES EN OBRA
B17: Descripcion | E17: Unidad | F17: Valor/unit | G17: Cantidad | H17: Valor
H23: Sub-Total | I23: =SUM(H18:H22) -> 0
B25: III-TRANSPORTES
B26: Descripcion | F26: Tarifa | G26: Rendimiento. | H26: Valor
G27: 0.00256 | H27: =+F27*G27 -> 0
H29: Sub-Total | I29: =SUM(H27:H28) -> 0
B31: IV-MANO DE OBRA
B32: Trabajador | D32: Jornal | E32: Prestacion | F32: Jornal Tot. | G32: Rendiminto | H32: Valor
B33: Oficial | D33: 74263 | E33: =+(0.66)*D33 -> 49013.58 | F33: =+D33+E33 -> 123276.58 | G33: 0.16 | H33: =+F33*G33 -> 19724.253
B34: Ayudante | D34: 44702 | E34: =+(0.66)*D34 -> 29503.32 | F34: =+D34+E34 -> 74205.32 | G34: =+G33 -> 0.16 | H34: =+F34*G34 -> 11872.851
H37: Sub-Total | I37: =SUM(H33:H36) -> 31597.104
H38: Ajuste
G39: Total Costo Directo | I39: =ROUND(SUM(I9:I38),0) -> 33581
B41: FORMATO No.
B42: MANTENIMIENTO, MEJORAMIENTO Y ADECUACIONES LOCATIVAS DE LAS INSTITUCIONES EDUCATIVAS JUAN XXIII, BELLAVISTA, SIMÓN BOLÍVAR, MARÍA AUXILIADORA Y CONCORDE SEDE B EN EL MUNICIPIO DE MALAMBO – DEPARTAMENTO DEL ATLÁNTICO.
B43: ANALISIS DE PRECIOS UNITARIO
B44: Contrato No.
B46: Item: | C46: 2,1,1,2 | D46: =+'[2] PRESUPUESTO CENTRO DE DESARROL'!$B$170 -> Demolicion de piso de cemento, incluye retiro. | I46: UNIDAD
I47: =+'[2] PRESUPUESTO CENTRO DE DESARROL'!$C$170 -> M2
B48: I-EQUIPO Y HERRAMIENTA
B49: Descripcion | E49: Unidad | F49: Tarifa | G49: Rendimiento. | H49: Valor
B50: Herramientos menores | E50: dia | F50: 51500 | G50: 4.8355 | H50: =+F50/G50 -> 10650.398
H54: Sub-Total | I54: =SUM(H50:H53) -> 10650.398
B56: II- MATERIALES EN OBRA
B57: Descripcion | E57: Unidad | F57: Valor/unit | G57: Cantidad | H57: Valor
H63: Sub-Total | I63: =SUM(H58:H62) -> 0
B65: III-TRANSPORTES
B66: Descripcion | F66: Tarifa | G66: Rendimiento. | H66: Valor
G67: 0.00256 | H67: =+F67*G67 -> 0
H69: Sub-Total | I69: =SUM(H67:H68) -> 0
B71: IV-MANO DE OBRA
B72: Trabajador | D72: Jornal | E72: Prestacion | F72: Jornal Tot. | G72: Rendiminto | H72: Valor
B73: Oficial | D73: 74263 | E73: =+(0.66)*D73 -> 49013.58 | F73: =+D73+E73 -> 123276.58 | G73: 0.25 | H73: =+F73*G73 -> 30819.145
B74: Ayudante | D74: 44702 | E74: =+(0.66)*D74 -> 29503.32 | F74: =+D74+E74 -> 74205.32 | G74: =+G73 -> 0.25 | H74: =+F74*G74 -> 18551.33
H77: Sub-Total | I77: =SUM(H73:H76) -> 49370.475
H78: Ajuste
G79: Total Costo Directo | I79: =ROUND(SUM(I49:I78),0) -> 60021
B81: FORMATO No.
B82: MANTENIMIENTO, MEJORAMIENTO Y ADECUACIONES LOCATIVAS DE LAS INSTITUCIONES EDUCATIVAS JUAN XXIII, BELLAVISTA, SIMÓN BOLÍVAR, MARÍA AUXILIADORA Y CONCORDE SEDE B EN EL MUNICIPIO DE MALAMBO – DEPARTAMENTO DEL ATLÁNTICO.
B83: ANALISIS DE PRECIOS UNITARIO
B84: Contrato No.
B86: Item: | C86: 2,1,1,3 | D86: =+'[2] PRESUPUESTO CENTRO DE DESARROL'!$B$171 -> Desmonte de reja metalica protector de ventanas de 2,00 x 1,00 mts. | I86: UNIDAD
I87: =+'[2] PRESUPUESTO CENTRO DE DESARROL'!$C$171 -> UND
B88: I-EQUIPO Y HERRAMIENTA
B89: Descripcion | E89: Unidad | F89: Tarifa | G89: Rendimiento. | H89: Valor
B90: Herramientos menores | E90: dia | F90: 51500 | G90: 60 | H90: =+F90/G90 -> 858.33333
B91: pulidora electrica | E91: Dia | F91: 20600 | G91: 55.3 | H91: =+F91/G91 -> 372.51356
H94: Sub-Total | I94: =SUM(H90:H93) -> 1230.8469
B96: II- MATERIALES EN OBRA
B97: Descripcion | E97: Unidad | F97: Valor/unit | G97: Cantidad | H97: Valor
B98: Disco Abrasivo Corte Metal 7 X 0.055 | E98: Und | F98: 9500 | G98: 1 | H98: =+F98*G98 -> 9500
H103: Sub-Total | I103: =SUM(H98:H102) -> 9500
B105: III-TRANSPORTES
B106: Descripcion | F106: Tarifa | G106: Rendimiento. | H106: Valor
G107: 0.00256 | H107: =+F107*G107 -> 0
H109: Sub-Total | I109: =SUM(H107:H108) -> 0
B111: IV-MANO DE OBRA
B112: Trabajador | D112: Jornal | E112: Prestacion | F112: Jornal Tot. | G112: Rendiminto | H112: Valor
B113: Oficial | D113: 74263 | E113: =+(0.66)*D113 -> 49013.58 | F113: =+D113+E113 -> 123276.58 | G113: 0.11 | H113: =+F113*G113 -> 13560.424
B114: Ayudante | D114: 44702 | E114: =+(0.66)*D114 -> 29503.32 | F114: =+D114+E114 -> 74205.32 | G114: =+G113 -> 0.11 | H114: =+F114*G114 -> 8162.5852
H117: Sub-Total | I117: =SUM(H113:H116) -> 21723.009
H118: Ajuste
G119: Total Costo Directo | I119: =ROUND(SUM(I89:I118),0) -> 32454
B121: FORMATO No.
B122: MANTENIMIENTO, MEJORAMIENTO Y ADECUACIONES LOCATIVAS DE LAS INSTITUCIONES EDUCATIVAS JUAN XXIII, BELLAVISTA, SIMÓN BOLÍVAR, MARÍA AUXILIADORA Y CONCORDE SEDE B EN EL MUNICIPIO DE MALAMBO – DEPARTAMENTO DEL ATLÁNTICO.
B123: ANALISIS DE PRECIOS UNITARIO
B124: Contrato No.
B126: Item: | C126: 2,1,1,4 | D126: =+'[2] PRESUPUESTO CENTRO DE DESARROL'!$B$172 -> Demolicion de muro en block E= 0,10 mts. | I126: UNIDAD
I127: =+'[2] PRESUPUESTO CENTRO DE DESARROL'!$C$172 -> ML
B128: I-EQUIPO Y HERRAMIENTA
B129: Descripcion | E129: Unidad | F129: Tarifa | G129: Rendimiento. | H129: Valor
B130: Herramientos menores | E130: dia | F130: 51500 | G130: 60 | H130: =+F130/G130 -> 858.33333
H134: Sub-Total | I134: =SUM(H130:H133) -> 858.33333
B136: II- MATERIALES EN OBRA
B137: Descripcion | E137: Unidad | F137: Valor/unit | G137: Cantidad | H137: Valor
H138: =+F138*G138 -> 0
H143: Sub-Total | I143: =SUM(H138:H142) -> 0
B145: III-TRANSPORTES
B146: Descripcion | F146: Tarifa | G146: Rendimiento. | H146: Valor
B147: acarreo interno | F147: 1150 | G147: 1 | H147: =+F147*G147 -> 1150
H149: Sub-Total | I149: =SUM(H147:H148) -> 1150
B151: IV-MANO DE OBRA
B152: Trabajador | D152: Jornal | E152: Prestacion | F152: Jornal Tot. | G152: Rendiminto | H152: Valor
B153: Oficial | D153: 74263 | E153: =+(0.66)*D153 -> 49013.58 | F153: =+D153+E153 -> 123276.58 | G153: 0.14 | H153: =+F153*G153 -> 17258.721
B154: 2 Ayudante | D154: =2*44702 -> 89404 | E154: =+(0.66)*D154 -> 59006.64 | F154: =+D154+E154 -> 148410.64 | G154: =+G153 -> 0.14 | H154: =+F154*G154 -> 20777.49
H157: Sub-Total | I157: =SUM(H153:H156) -> 38036.211
H158: Ajuste
G159: Total Costo Directo | I159: =ROUND(SUM(I129:I158),0) -> 40045
...

Sheet ITEM 2,1,2
B1: FORMATO No.
B2: MANTENIMIENTO, MEJORAMIENTO Y ADECUACIONES LOCATIVAS DE LAS INSTITUCIONES EDUCATIVAS JUAN XXIII, BELLAVISTA, SIMÓN BOLÍVAR, MARÍA AUXILIADORA Y CONCORDE SEDE B EN EL MUNICIPIO DE MALAMBO – DEPARTAMENTO DEL ATLÁNTICO.
B3: ANALISIS DE PRECIOS UNITARIO
B4: Contrato No.
B6: Item: | C6: 2,1,2,1 | D6: =+'[2] PRESUPUESTO CENTRO DE DESARROL'!$B$175 -> Plantilla en concreto de 2500 psi, E=0,05 mts., incluye materiales, equipo y mano de obra | I6: UNIDAD
I7: =+'[2] PRESUPUESTO CENTRO DE DESARROL'!$C$175 -> M2
B8: I-EQUIPO Y HERRAMIENTA
B9: Descripcion | E9: Unidad | F9: Tarifa | G9: Rendimiento. | H9: Valor
B10: Herramientos menores | E10: dia | F10: 51500 | G10: 80 | H10: =+F10/G10 -> 643.75
H14: Sub-Total | I14: =SUM(H10:H13) -> 643.75
B16: II- MATERIALES EN OBRA
B17: Descripcion | E17: Unidad | F17: Valor/unit | G17: Cantidad | H17: Valor
B18: Concreto 2500PSI | E18: M3 | F18: 875500 | G18: 0.05 | H18: =+F18*G18 -> 43775
H19: =+F19*G19 -> 0
H20: =+F20*G20 -> 0
H21: =+F21*G21 -> 0
H22: =+F22*G22 -> 0
H26: Sub-Total | I26: =SUM(H18:H25) -> 43775
B28: III-TRANSPORTES
B29: Descripcion | F29: Tarifa | G29: Rendimiento. | H29: Valor
F30: 454 | G30: 1 | H30: =+F30*G30 -> 454
H32: Sub-Total | I32: =SUM(H30:H31) -> 454
B34: IV-MANO DE OBRA
B35: Trabajador | D35: Jornal | E35: Prestacion | F35: Jornal Tot. | G35: Rendiminto | H35: Valor
B36: Oficial | D36: 74263 | E36: =+(0.66)*D36 -> 49013.58 | F36: =+D36+E36 -> 123276.58 | G36: 0.09 | H36: =+F36*G36 -> 11094.892
B37: 2 Ayudante | D37: =2*44702 -> 89404 | E37: =+(0.66)*D37 -> 59006.64 | F37: =+D37+E37 -> 148410.64 | G37: =+G36 -> 0.09 | H37: =+F37*G37 -> 13356.958
H40: Sub-Total | I40: =SUM(H36:H39) -> 24451.85
H41: Ajuste
G42: Total Costo Directo | I42: =ROUND(SUM(I12:I41),0) -> 69325
B44: FORMATO No.
B45: MANTENIMIENTO, MEJORAMIENTO Y ADECUACIONES LOCATIVAS DE LAS INSTITUCIONES EDUCATIVAS JUAN XXIII, BELLAVISTA, SIMÓN BOLÍVAR, MARÍA AUXILIADORA Y CONCORDE SEDE B EN EL MUNICIPIO DE MALAMBO – DEPARTAMENTO DEL ATLÁNTICO.
B46: ANALISIS DE PRECIOS UNITARIO
B47: Contrato No.
B49: Item: | C49: 2,1,2,2 | D49: =+'[2] PRESUPUESTO CENTRO DE DESARROL'!$B$176 -> Suministro e instalacion de piso de ceramica antideslizante de 0,50 x 0,50 mts., trafico 5, incluye materiales, equipo y mano de obra. | I49: UNIDAD
I50: =+'[2] PRESUPUESTO CENTRO DE DESARROL'!$C$176 -> M2
B51: I-EQUIPO Y HERRAMIENTA
B52: Descripcion | E52: Unidad | F52: Tarifa | G52: Rendimiento. | H52: Valor
B53: Herramientos menores | E53: dia | F53: 51500 | G53: 8 | H53: =+F53/G53 -> 6437.5
H57: Sub-Total | I57: =SUM(H53:H56) -> 6437.5
B59: II- MATERIALES EN OBRA
B60: Descripcion | E60: Unidad | F60: Valor/unit | G60: Cantidad | H60: Valor
B61: Cemento blanco | E61: Kg | F61: 2163 | G61: 3 | H61: =+F61*G61 -> 6489
B62: Ceramica antidezlizante 50x50cm | E62: M2 | F62: 69010 | G62: 1 | H62: =+F62*G62 -> 69010
B63: Boquilla para enchape | E63: Kg | F63: 7210 | G63: 0.5 | H63: =+F63*G63 -> 3605
H64: =+F64*G64 -> 0
H65: =+F65*G65 -> 0
H69: Sub-Total | I69: =SUM(H61:H68) -> 79104
B71: III-TRANSPORTES
B72: Descripcion | F72: Tarifa | G72: Rendimiento. | H72: Valor
F73: 906 | G73: 1 | H73: =+F73*G73 -> 906
H75: Sub-Total | I75: =SUM(H73:H74) -> 906
B77: IV-MANO DE OBRA
B78: Trabajador | D78: Jornal | E78: Prestacion | F78: Jornal Tot. | G78: Rendiminto | H78: Valor
B79: Oficial | D79: 74263 | E79: =+(0.66)*D79 -> 49013.58 | F79: =+D79+E79 -> 123276.58 | G79: 0.15 | H79: =+F79*G79 -> 18491.487
B80: 2 Ayudante | D80: =2*44702 -> 89404 | E80: =+(0.66)*D80 -> 59006.64 | F80: =+D80+E80 -> 148410.64 | G80: =+G79 -> 0.15 | H80: =+F80*G80 -> 22261.596
H83: Sub-Total | I83: =SUM(H79:H82) -> 40753.083
H84: Ajuste
G85: Total Costo Directo | I85: =ROUND(SUM(I55:I84),0) -> 127201
B87: FORMATO No.
B88: MANTENIMIENTO, MEJORAMIENTO Y ADECUACIONES LOCATIVAS DE LAS INSTITUCIONES EDUCATIVAS JUAN XXIII, BELLAVISTA, SIMÓN BOLÍVAR, MARÍA AUXILIADORA Y CONCORDE SEDE B EN EL MUNICIPIO DE MALAMBO – DEPARTAMENTO DEL ATLÁNTICO.
B89: ANALISIS DE PRECIOS UNITARIO
B90: Contrato No.
B92: Item: | C92: 2,1,2,3 | D92: =+'[2] PRESUPUESTO CENTRO DE DESARROL'!$B$177 -> Suministro e instalacion de zocalo de ceramica de 0,50 x 0,10, incluye materiales, equipo y mano de obra. | I92: UNIDAD
I93: =+'[2] PRESUPUESTO CENTRO DE DESARROL'!$C$177 -> ML
B94: I-EQUIPO Y HERRAMIENTA
B95: Descripcion | E95: Unidad | F95: Tarifa | G95: Rendimiento. | H95: Valor
B96: Herramientos menores | E96: dia | F96: 51500 | G96: 8 | H96: =+F96/G96 -> 6437.5
H100: Sub-Total | I100: =SUM(H96:H99) -> 6437.5
B102: II- MATERIALES EN OBRA
B103: Descripcion | E103: Unidad | F103: Valor/unit | G103: Cantidad | H103: Valor
B104: Cemento blanco | E104: Kg | F104: 2163 | G104: 0.5 | H104: =+F104*G104 -> 1081.5
B105: Ceramica antidezlizante 50x50cm | E105: M2 | F105: 69010 | G105: 0.1 | H105: =+F105*G105 -> 6901
B106: Boquilla para enchape | E106: Kg | F106: 7210 | G106: 0.1 | H106: =+F106*G106 -> 721
H107: =+F107*G107 -> 0
H108: =+F108*G108 -> 0
H112: Sub-Total | I112: =SUM(H104:H111) -> 8703.5
B114: III-TRANSPORTES
B115: Descripcion | F115: Tarifa | G115: Rendimiento. | H115: Valor
F116: 728 | G116: 1 | H116: =+F116*G116 -> 728
H118: Sub-Total | I118: =SUM(H116:H117) -> 728
B120: IV-MANO DE OBRA
B121: Trabajador | D121: Jornal | E121: Prestacion | F121: Jornal Tot. | G121: Rendiminto | H121: Valor
B122: Oficial | D122: 74263 | E122: =+(0.66)*D122 -> 49013.58 | F122: =+D122+E122 -> 123276.58 | G122: 0.04 | H122: =+F122*G122 -> 4931.0632
B123: 2 Ayudante | D123: =2*44702 -> 89404 | E123: =+(0.66)*D123 -> 59006.64 | F123: =+D123+E123 -> 148410.64 | G123: =+G122 -> 0.04 | H123: =+F123*G123 -> 5936.4256
H126: Sub-Total | I126: =SUM(H122:H125) -> 10867.489
H127: Ajuste
G128: Total Costo Directo | I128: =ROUND(SUM(I98:I127),0) -> 26736

Sheet ITEM 2,1,3
B1: FORMATO No.
B2: MANTENIMIENTO, MEJORAMIENTO Y ADECUACIONES LOCATIVAS DE LAS INSTITUCIONES EDUCATIVAS JUAN XXIII, BELLAVISTA, SIMÓN BOLÍVAR, MARÍA AUXILIADORA Y CONCORDE SEDE B EN EL MUNICIPIO DE MALAMBO – DEPARTAMENTO DEL ATLÁNTICO.
B3: ANALISIS DE PRECIOS UNITARIO
B4: Contrato No.
B6: Item: | C6: 2,1,3,1 | D6: =+'[2] PRESUPUESTO CENTRO DE DESARROL'!$B$179 -> Filos y dilataciones. | I6: UNIDAD
I7: =+'[2] PRESUPUESTO CENTRO DE DESARROL'!$C$179 -> ML
B8: I-EQUIPO Y HERRAMIENTA
B9: Descripcion | E9: Unidad | F9: Tarifa | G9: Rendimiento. | H9: Valor
B10: Herramientos menores | E10: dia | F10: 51500 | G10: 80 | H10: =+F10/G10 -> 643.75
B11: Andamio | E11: dia | F11: 51500 | G11: 80 | H11: =+F11/G11 -> 643.75
H14: Sub-Total | I14: =SUM(H10:H13) -> 1287.5
B16: II- MATERIALES EN OBRA
B17: Descripcion | E17: Unidad | F17: Valor/unit | G17: Cantidad | H17: Valor
H18: =+F18*G18 -> 0
B19: Mortero 1:5 Pañete | E19: M3 | F19: 700400 | G19: 0.004208 | H19: =+F19*G19 -> 2947.2832
H20: =+F20*G20 -> 0
H21: =+F21*G21 -> 0
H22: =+F22*G22 -> 0
H26: Sub-Total | I26: =SUM(H18:H25) -> 2947.2832
B28: III-TRANSPORTES
B29: Descripcion | F29: Tarifa | G29: Rendimiento. | H29: Valor
G30: 1 | H30: =+F30*G30 -> 0
H32: Sub-Total | I32: =SUM(H30:H31) -> 0
B34: IV-MANO DE OBRA
B35: Trabajador | D35: Jornal | E35: Prestacion | F35: Jornal Tot. | G35: Rendiminto | H35: Valor
B36: Oficial | D36: 74263 | E36: =+(0.66)*D36 -> 49013.58 | F36: =+D36+E36 -> 123276.58 | G36: 0.06 | H36: =+F36*G36 -> 7396.5948
B37: 2 Ayudante | D37: =2*44702 -> 89404 | E37: =+(0.66)*D37 -> 59006.64 | F37: =+D37+E37 -> 148410.64 | G37: =+G36 -> 0.06 | H37: =+F37*G37 -> 8904.6384
H40: Sub-Total | I40: =SUM(H36:H39) -> 16301.233
H41: Ajuste
G42: Total Costo Directo | I42: =ROUND(SUM(I12:I41),0) -> 20536
B44: FORMATO No.
B45: MANTENIMIENTO, MEJORAMIENTO Y ADECUACIONES LOCATIVAS DE LAS INSTITUCIONES EDUCATIVAS JUAN XXIII, BELLAVISTA, SIMÓN BOLÍVAR, MARÍA AUXILIADORA Y CONCORDE SEDE B EN EL MUNICIPIO DE MALAMBO – DEPARTAMENTO DEL ATLÁNTICO.
B46: ANALISIS DE PRECIOS UNITARIO
B47: Contrato No.
B49: Item: | C49: 2,1,3,2 | D49: =+'[2] PRESUPUESTO CENTRO DE DESARROL'!$B$180 -> Suministro e instalacion de block de vidrio de 0,20 x 0,20 mts., incluye materiales, equipo y mano de obra. | I49: UNIDAD
I50: =+'[2] PRESUPUESTO CENTRO DE DESARROL'!$C$180 -> ML
B51: I-EQUIPO Y HERRAMIENTA
B52: Descripcion | E52: Unidad | F52: Tarifa | G52: Rendimiento. | H52: Valor
B53: Herramientos menores | E53: dia | F53: 51500 | G53: 80 | H53: =+F53/G53 -> 643.75
B54: Formaleta | E54: Dia | F54: 51500 | G54: 20 | H54: =+F54/G54 -> 2575
H57: Sub-Total | I57: =SUM(H53:H56) -> 3218.75
B59: II- MATERIALES EN OBRA
B60: Descripcion | E60: Unidad | F60: Valor/unit | G60: Cantidad | H60: Valor
B61: Bloque de vidrio 20X20cm | E61: und | F61: 7210 | G61: 12 | H61: =+F61*G61 -> 86520
B62: cemento Blanco | E62: Kg | F62: 2500 | G62: 8 | H62: =+F62*G62 -> 20000
B63: silicona transparente | E63: Un | F63: 20600 | G63: 0.1 | H63: =+F63*G63 -> 2060
B64: Varilla de acero inoxidable | E64: Kg | F64: 6000 | G64: 2.1 | H64: =+F64*G64 -> 12600
H65: =+F65*G65 -> 0
H69: Sub-Total | I69: =SUM(H61:H68) -> 121180
B71: III-TRANSPORTES
B72: Descripcion | F72: Tarifa | G72: Rendimiento. | H72: Valor
B73: trasporte farreteria a obra | F73: 374 | G73: 1 | H73: =+F73*G73 -> 374
H75: Sub-Total | I75: =SUM(H73:H74) -> 374
B77: IV-MANO DE OBRA
B78: Trabajador | D78: Jornal | E78: Prestacion | F78: Jornal Tot. | G78: Rendiminto | H78: Valor
B79: Oficial | D79: 74263 | E79: =+(0.66)*D79 -> 49013.58 | F79: =+D79+E79 -> 123276.58 | G79: 0.034 | H79: =+F79*G79 -> 4191.4037
B80: Ayudante | D80: =1*44702 -> 44702 | E80: =+(0.66)*D80 -> 29503.32 | F80: =+D80+E80 -> 74205.32 | G80: =+G79 -> 0.034 | H80: =+F80*G80 -> 2522.9809
H83: Sub-Total | I83: =SUM(H79:H82) -> 6714.3846
H84: Ajuste
G85: Total Costo Directo | I85: =ROUND(SUM(I55:I84),0) -> 131487
B87: FORMATO No.
B88: MANTENIMIENTO, MEJORAMIENTO Y ADECUACIONES LOCATIVAS DE LAS INSTITUCIONES EDUCATIVAS JUAN XXIII, BELLAVISTA, SIMÓN BOLÍVAR, MARÍA AUXILIADORA Y CONCORDE SEDE B EN EL MUNICIPIO DE MALAMBO – DEPARTAMENTO DEL ATLÁNTICO.
B89: ANALISIS DE PRECIOS UNITARIO
B90: Contrato No.
B92: Item: | C92: 2,1,3,3 | D92: =+'[2] PRESUPUESTO CENTRO DE DESARROL'!$B$181 -> Levante en block vibroprensado , e= 0,10 mts, para cuchillas, mortero de pega 1:6, incluye material, equipo y mano de obra. | I92: UNIDAD
I93: =+'[2] PRESUPUESTO CENTRO DE DESARROL'!$C$181 -> M2
B94: I-EQUIPO Y HERRAMIENTA
B95: Descripcion | E95: Unidad | F95: Tarifa | G95: Rendimiento. | H95: Valor
B96: Herramientos menores | E96: dia | F96: 51500 | G96: 80 | H96: =+F96/G96 -> 643.75
B97: Andamio | E97: Dia | F97: 51500 | G97: 80 | H97: =+F97/G97 -> 643.75
H100: Sub-Total | I100: =SUM(H96:H99) -> 1287.5
B102: II- MATERIALES EN OBRA
B103: Descripcion | E103: Unidad | F103: Valor/unit | G103: Cantidad | H103: Valor
B104: Bloque de concreto, liso estándar, color gris, 40x20x15 cm, | E104: und | F104: 3000 | G104: 12 | H104: =+F104*G104 -> 36000
B105: Acero de Refuerzo | E105: Kg | F105: 4500 | G105: 0.5 | H105: =+F105*G105 -> 2250
B106: Mortero 1:4 | E106: M3 | F106: 772500 | G106: 0.02 | H106: =+F106*G106 -> 15450
B107: Sika 1 | E107: Kg | F107: 20600 | G107: 0.04 | H107: =+F107*G107 -> 824
H108: =+F108*G108 -> 0
H112: Sub-Total | I112: =SUM(H104:H111) -> 54524
B114: III-TRANSPORTES
B115: Descripcion | F115: Tarifa | G115: Rendimiento. | H115: Valor
B116: Transporte de elementos a la obra | F116: 834 | G116: 1 | H116: =+F116*G116 -> 834
H118: Sub-Total | I118: =SUM(H116:H117) -> 834
B120: IV-MANO DE OBRA
B121: Trabajador | D121: Jornal | E121: Prestacion | F121: Jornal Tot. | G121: Rendiminto | H121: Valor
B122: Oficial | D122: 74263 | E122: =+(0.66)*D122 -> 49013.58 | F122: =+D122+E122 -> 123276.58 | G122: 0.071 | H122: =+F122*G122 -> 8752.6372
B123: Ayudante | D123: =1*44702 -> 44702 | E123: =+(0.66)*D123 -> 29503.32 | F123: =+D123+E123 -> 74205.32 | G123: =+G122 -> 0.071 | H123: =+F123*G123 -> 5268.5777
H126: Sub-Total | I126: =SUM(H122:H125) -> 14021.215
H127: Ajuste
G128: Total Costo Directo | I128: =ROUND(SUM(I98:I127),0) -> 70667
B130: FORMATO No.
B131: MANTENIMIENTO, MEJORAMIENTO Y ADECUACIONES LOCATIVAS DE LAS INSTITUCIONES EDUCATIVAS JUAN XXIII, BELLAVISTA, SIMÓN BOLÍVAR, MARÍA AUXILIADORA Y CONCORDE SEDE B EN EL MUNICIPIO DE MALAMBO – DEPARTAMENTO DEL ATLÁNTICO.
B132: ANALISIS DE PRECIOS UNITARIO
B133: Contrato No.
B135: Item: | C135: 2,1,3,4 | D135: =+'[2] PRESUPUESTO CENTRO DE DESARROL'!$B$182 -> Pañete allanado impermeabilizado , para cuchilias, mortero de pega 1:4, incluye material, equipo y mano de obra. | I135: UNIDAD
I136: =+'[2] PRESUPUESTO CENTRO DE DESARROL'!$C$182 -> M2
B137: I-EQUIPO Y HERRAMIENTA
B138: Descripcion | E138: Unidad | F138: Tarifa | G138: Rendimiento. | H138: Valor
B139: Herramientos menores | E139: dia | F139: 51500 | G139: 110 | H139: =+F139/G139 -> 468.18182
B140: Andamio | E140: Dia | F140: 51500 | G140: 110 | H140: =+F140/G140 -> 468.18182
...

Sheet ITEM 2,1,4
B1: FORMATO No.
B2: MANTENIMIENTO, MEJORAMIENTO Y ADECUACIONES LOCATIVAS DE LAS INSTITUCIONES EDUCATIVAS JUAN XXIII, BELLAVISTA, SIMÓN BOLÍVAR, MARÍA AUXILIADORA Y CONCORDE SEDE B EN EL MUNICIPIO DE MALAMBO – DEPARTAMENTO DEL ATLÁNTICO.
B3: ANALISIS DE PRECIOS UNITARIO
B4: Contrato No.
B6: Item: | C6: 2,1,4,4 | D6: =+'[1] PRESUPUESTO CENTRO DE DESARROL'!$B$20 -> Instalación de cubierta en laminas onduladas existente de asbesto cemento, incluye equipo y mano de obra. | I6: UNIDAD
I7: =+'[1] PRESUPUESTO CENTRO DE DESARROL'!$C$20 -> M2
B8: I-EQUIPO Y HERRAMIENTA
B9: Descripcion | E9: Unidad | F9: Tarifa | G9: Rendimiento. | H9: Valor
B10: Herramientos menores | E10: dia | F10: 51500 | G10: 28 | H10: =+F10/G10 -> 1839.2857
B11: Andamio | E11: dia | F11: 51500 | G11: 60 | H11: =+F11/G11 -> 858.33333
H14: Sub-Total | I14: =SUM(H10:H13) -> 2697.619
B16: II- MATERIALES EN OBRA
B17: Descripcion | E17: Unidad | F17: Valor/unit | G17: Cantidad | H17: Valor
B18: fijador ala capuchon | E18: und | F18: 1340 | G18: 0.707 | H18: =+F18*G18 -> 947.38
B19: Ganccho teja ondulada | E19: und | F19: 3502 | G19: 1 | H19: =+F19*G19 -> 3502
H23: Sub-Total | I23: =SUM(H18:H22) -> 4449.38
B25: III-TRANSPORTES
B26: Descripcion | F26: Tarifa | G26: Rendimiento. | H26: Valor
H27: =+F27*G27 -> 0
H29: Sub-Total | I29: =SUM(H27:H28) -> 0
B31: IV-MANO DE OBRA
B32: Trabajador | D32: Jornal | E32: Prestacion | F32: Jornal Tot. | G32: Rendiminto | H32: Valor
B33: Oficial | D33: 74263 | E33: =+(0.66)*D33 -> 49013.58 | F33: =+D33+E33 -> 123276.58 | G33: 0.114 | H33: =+F33*G33 -> 14053.53
B34: 2 Ayudante | D34: =2*44702 -> 89404 | E34: =+(0.66)*D34 -> 59006.64 | F34: =+D34+E34 -> 148410.64 | G34: =+G33 -> 0.114 | H34: =+F34*G34 -> 16918.813
H37: Sub-Total | I37: =SUM(H33:H36) -> 30972.343
H38: Ajuste
G39: Total Costo Directo | I39: =ROUND(SUM(I9:I38),0) -> 38119
B41: FORMATO No.
B42: MANTENIMIENTO, MEJORAMIENTO Y ADECUACIONES LOCATIVAS DE LAS INSTITUCIONES EDUCATIVAS JUAN XXIII, BELLAVISTA, SIMÓN BOLÍVAR, MARÍA AUXILIADORA Y CONCORDE SEDE B EN EL MUNICIPIO DE MALAMBO – DEPARTAMENTO DEL ATLÁNTICO.
B43: ANALISIS DE PRECIOS UNITARIO
B44: Contrato No.
B46: Item: | C46: 2,1,4,5 | D46: =+'[2] PRESUPUESTO CENTRO DE DESARROL'!$B$70 -> Suministro e instalación de caballete fijo, incluye materiales, equipo y mano de obra. | I46: UNIDAD
I47: =+'[2] PRESUPUESTO CENTRO DE DESARROL'!$C$70 -> ML
B48: I-EQUIPO Y HERRAMIENTA
B49: Descripcion | E49: Unidad | F49: Tarifa | G49: Rendimiento. | H49: Valor
B50: Herramientos menores | E50: dia | F50: 51500 | G50: 200 | H50: =+F50/G50 -> 257.5
B51: Andamio | E51: dia | F51: 51500 | G51: 200 | H51: =+F51/G51 -> 257.5
H54: Sub-Total | I54: =SUM(H50:H53) -> 515
B56: II- MATERIALES EN OBRA
B57: Descripcion | E57: Unidad | F57: Valor/unit | G57: Cantidad | H57: Valor
H58: =+F58*G58 -> 0
B59: caballete fijo 15 | E59: Und | F59: 43000 | G59: 1 | H59: =+F59*G59 -> 43000
H63: Sub-Total | I63: =SUM(H58:H62) -> 43000
B65: III-TRANSPORTES
B66: Descripcion | F66: Tarifa | G66: Rendimiento. | H66: Valor
B67: transporte | G67: 1 | H67: =+F67*G67 -> 0
H69: Sub-Total | I69: =SUM(H67:H68) -> 0
B71: IV-MANO DE OBRA
B72: Trabajador | D72: Jornal | E72: Prestacion | F72: Jornal Tot. | G72: Rendiminto | H72: Valor
B73: Oficial | D73: 74263 | E73: =+(0.66)*D73 -> 49013.58 | F73: =+D73+E73 -> 123276.58 | G73: 0.075 | H73: =+F73*G73 -> 9245.7435
B74: 2 Ayudante | D74: =2*44702 -> 89404 | E74: =+(0.66)*D74 -> 59006.64 | F74: =+D74+E74 -> 148410.64 | G74: =+G73 -> 0.075 | H74: =+F74*G74 -> 11130.798
H77: Sub-Total | I77: =SUM(H73:H76) -> 20376.541
H78: Ajuste
G79: Total Costo Directo | I79: =ROUND(SUM(I49:I78),0) -> 63892
B81: FORMATO No.
B82: MANTENIMIENTO, MEJORAMIENTO Y ADECUACIONES LOCATIVAS DE LAS INSTITUCIONES EDUCATIVAS JUAN XXIII, BELLAVISTA, SIMÓN BOLÍVAR, MARÍA AUXILIADORA Y CONCORDE SEDE B EN EL MUNICIPIO DE MALAMBO – DEPARTAMENTO DEL ATLÁNTICO.
B83: ANALISIS DE PRECIOS UNITARIO
B84: Contrato No.
B86: Item: | C86: 2,1,4,2 | D86: =+'[2] PRESUPUESTO CENTRO DE DESARROL'!$B$72 -> Zabaleta en block de cemento pañetada con mortero impermeabilizado 1:5, incluye materiales, equipo y mano de obra. | I86: UNIDAD
I87: =+'[2] PRESUPUESTO CENTRO DE DESARROL'!$C$72 -> ML
B88: I-EQUIPO Y HERRAMIENTA | D88: ,
B89: Descripcion | E89: Unidad | F89: Tarifa | G89: Rendimiento. | H89: Valor
B90: Herramientos menores | E90: dia | F90: 51500 | G90: 60 | H90: =+F90/G90 -> 858.33333
B91: Andamio | E91: dia | F91: 51500 | G91: 60 | H91: =+F91/G91 -> 858.33333
B92: Mezcladora | E92: Dia | F92: 82400 | G92: 40 | H92: =+F92/G92 -> 2060
H94: Sub-Total | I94: =SUM(H90:H93) -> 3776.6667
B96: II- MATERIALES EN OBRA
B97: Descripcion | E97: Unidad | F97: Valor/unit | G97: Cantidad | H97: Valor
B98: Bloque Vibroprensado | E98: Und | F98: 4500 | G98: 2.5 | H98: =+F98*G98 -> 11250
B99: Mortero de pega 1:4 | E99: M3 | F99: 772500 | G99: 0.004 | H99: =+F99*G99 -> 3090
B100: Moetero pañete 1:4 | E100: M3 | F100: 772500 | G100: 0.006 | H100: =+F100*G100 -> 4635
B101: Sika 1 | E101: Kg | F101: 20600 | G101: 1 | H101: =+F101*G101 -> 20600
H105: Sub-Total | I105: =SUM(H98:H104) -> 39575
B107: III-TRANSPORTES
B108: Descripcion | F108: Tarifa | G108: Rendimiento. | H108: Valor
B109: transporte ladrillo, cemento, arena | F109: 3354 | G109: 1 | H109: =+F109*G109 -> 3354
H111: Sub-Total | I111: =SUM(H109:H110) -> 3354
B113: IV-MANO DE OBRA
B114: Trabajador | D114: Jornal | E114: Prestacion | F114: Jornal Tot. | G114: Rendiminto | H114: Valor
B115: Oficial | D115: 74263 | E115: =+(0.66)*D115 -> 49013.58 | F115: =+D115+E115 -> 123276.58 | G115: 0.11 | H115: =+F115*G115 -> 13560.424
B116: 3 Ayudante | D116: =3*44702 -> 134106 | E116: =+(0.66)*D116 -> 88509.96 | F116: =+D116+E116 -> 222615.96 | G116: =+G115 -> 0.11 | H116: =+F116*G116 -> 24487.756
H119: Sub-Total | I119: =SUM(H115:H118) -> 38048.179
H120: Ajuste
G121: Total Costo Directo | I121: =ROUND(SUM(I91:I120),0) -> 84754
B123: FORMATO No.
B124: MANTENIMIENTO, MEJORAMIENTO Y ADECUACIONES LOCATIVAS DE LAS INSTITUCIONES EDUCATIVAS JUAN XXIII, BELLAVISTA, SIMÓN BOLÍVAR, MARÍA AUXILIADORA Y CONCORDE SEDE B EN EL MUNICIPIO DE MALAMBO – DEPARTAMENTO DEL ATLÁNTICO.
B125: ANALISIS DE PRECIOS UNITARIO
B126: Contrato No.
B128: Item: | C128: 2,1,4,1 | D128: =+'[2] PRESUPUESTO CENTRO DE DESARROL'!$B$71 -> Suministro e instalación de cielo raso en PVC y perfilería metálica, incluye materiales, equipo y mano de obra. | I128: UNIDAD
I129: =+'[2] PRESUPUESTO CENTRO DE DESARROL'!$C$71 -> M2
B130: I-EQUIPO Y HERRAMIENTA | D130: ,
B131: Descripcion | E131: Unidad | F131: Tarifa | G131: Rendimiento. | H131: Valor
B132: Herramientos menores | E132: dia | F132: 51500 | G132: 20 | H132: =+F132/G132 -> 2575
B133: Andamio | E133: dia | F133: 51500 | G133: 50 | H133: =+F133/G133 -> 1030
H136: Sub-Total | I136: =SUM(H132:H135) -> 3605
B138: II- MATERIALES EN OBRA
B139: Descripcion | E139: Unidad | F139: Valor/unit | G139: Cantidad | H139: Valor
B140: LAMINA EN PVC 0,2X5X 5.95 X.00,7 | E140: M2 | F140: 30900 | G140: 1 | H140: =+F140*G140 -> 30900
B141: Alambre Galvanizado No 14 | E141: Kg | F141: 12000 | G141: 0.02 | H141: =+F141*G141 -> 240
B142: ANGULO 0.30 cm x 0.20 cm x 0,38cm DE 2,44 ML | E142: Ml | F142: 1500 | G142: 1.5 | H142: =+F142*G142 -> 2250
...

Sheet ITEM 2,1,5
B2: FORMATO No.
B3: MANTENIMIENTO, MEJORAMIENTO Y ADECUACIONES LOCATIVAS DE LAS INSTITUCIONES EDUCATIVAS JUAN XXIII, BELLAVISTA, SIMÓN BOLÍVAR, MARÍA AUXILIADORA Y CONCORDE SEDE B EN EL MUNICIPIO DE MALAMBO – DEPARTAMENTO DEL ATLÁNTICO.
B4: ANALISIS DE PRECIOS UNITARIO
B5: Contrato No.
B7: Item: | C7: 2,1,5,1 | D7: =+'[2] PRESUPUESTO CENTRO DE DESARROL'!$B$191 -> Suministro e instalacion de lampara tipo panel led de 0,60x 0,60 mts., incluye materiales, equipo y mano de obra. | I7: UNIDAD
I8: =+'[2] PRESUPUESTO CENTRO DE DESARROL'!$C$191 -> UND
B9: I-EQUIPO Y HERRAMIENTA
B10: Descripcion | E10: Unidad | F10: Tarifa | G10: Rendimiento. | H10: Valor
B11: Herramientos menores | E11: dia | F11: 51500 | G11: 13 | H11: =+F11/G11 -> 3961.5385
B12: Andamio | E12: dia | F12: 51500 | G12: 30 | H12: =+F12/G12 -> 1716.6667
H15: Sub-Total | I15: =SUM(H11:H14) -> 5678.2051
B17: II- MATERIALES EN OBRA
B18: Descripcion | E18: Unidad | F18: Valor/unit | G18: Cantidad | H18: Valor
B19: Lampara Panel 60X60cm | E19: Und | F19: 185400 | G19: 1 | H19: =+F19*G19 -> 185400
H20: =+F20*G20 -> 0
H24: Sub-Total | I24: =SUM(H19:H23) -> 185400
B26: III-TRANSPORTES
B27: Descripcion | F27: Tarifa | G27: Rendimiento. | H27: Valor
F28: 443 | G28: 1 | H28: =+F28*G28 -> 443
H30: Sub-Total | I30: =SUM(H28:H29) -> 443
B32: IV-MANO DE OBRA
B33: Trabajador | D33: Jornal | E33: Prestacion | F33: Jornal Tot. | G33: Rendiminto | H33: Valor
B34: Oficial | D34: 74263 | E34: =+(0.66)*D34 -> 49013.58 | F34: =+D34+E34 -> 123276.58 | G34: 0.15 | H34: =+F34*G34 -> 18491.487
B35: 2 Ayudante | D35: =2*44702 -> 89404 | E35: =+(0.66)*D35 -> 59006.64 | F35: =+D35+E35 -> 148410.64 | G35: =+G34 -> 0.15 | H35: =+F35*G35 -> 22261.596
H38: Sub-Total | I38: =SUM(H34:H37) -> 40753.083
H39: Ajuste
G40: Total Costo Directo | I40: =ROUND(SUM(I10:I39),0) -> 232274
B42: FORMATO No.
B43: MANTENIMIENTO, MEJORAMIENTO Y ADECUACIONES LOCATIVAS DE LAS INSTITUCIONES EDUCATIVAS JUAN XXIII, BELLAVISTA, SIMÓN BOLÍVAR, MARÍA AUXILIADORA Y CONCORDE SEDE B EN EL MUNICIPIO DE MALAMBO – DEPARTAMENTO DEL ATLÁNTICO.
B44: ANALISIS DE PRECIOS UNITARIO
B45: Contrato No.
B47: Item: | C47: 2,1,5,2 | D47: =+'[2] PRESUPUESTO CENTRO DE DESARROL'!$B$192 -> Salida de tomacorriente común 110V, incluye materiales, equipo y mano de obra. | I47: UNIDAD
I48: =+'[2] PRESUPUESTO CENTRO DE DESARROL'!$C$192 -> UND
B49: I-EQUIPO Y HERRAMIENTA
B50: Descripcion | E50: Unidad | F50: Tarifa | G50: Rendimiento. | H50: Valor
B51: Herramientos menores | E51: dia | F51: 51500 | G51: 50 | H51: =+F51/G51 -> 1030
H55: Sub-Total | I55: =SUM(H51:H54) -> 1030
B57: II- MATERIALES EN OBRA
B58: Descripcion | E58: Unidad | F58: Valor/unit | G58: Cantidad | H58: Valor
B59: Tubo conduit 1/2 pulgada | E59: ml | F59: 3785 | G59: 4 | H59: =+F59*G59 -> 15140
B60: Curva Conduit 1/2 pulgada | E60: Und | F60: 1236 | G60: 1 | H60: =+F60*G60 -> 1236
B61: Adaptador 1/2 pulgada terminal conduit | E61: Und | F61: 1030 | G61: 2 | H61: =+F61*G61 -> 2060
B62: Alambre De Cobre #12 | E62: Ml | F62: 4738 | G62: 18 | H62: =+F62*G62 -> 85284
B63: Cinta Aislante | E63: Und | F63: 26780 | G63: 0.1 | H63: =+F63*G63 -> 2678
B64: Caja Sencilla 103X60X45 Mm Conduit | E64: Und | F64: 3000 | G64: 1 | H64: =+F64*G64 -> 3000
B65: tomacorriente con polo a tierra | E65: Und | F65: 16480 | G65: 1 | H65: =+F65*G65 -> 16480
H67: Sub-Total | I67: =SUM(H59:H66) -> 125878
B69: III-TRANSPORTES
B70: Descripcion | F70: Tarifa | G70: Rendimiento. | H70: Valor
B71: transporte | F71: 388 | G71: 1 | H71: =+F71*G71 -> 388
H73: Sub-Total | I73: =SUM(H71:H72) -> 388
B75: IV-MANO DE OBRA
B76: Trabajador | D76: Jornal | E76: Prestacion | F76: Jornal Tot. | G76: Rendiminto | H76: Valor
B77: Oficial | D77: 74263 | E77: =+(0.66)*D77 -> 49013.58 | F77: =+D77+E77 -> 123276.58 | G77: 0.18 | H77: =+F77*G77 -> 22189.784
B78: 2 Ayudante | D78: =2*44702 -> 89404 | E78: =+(0.66)*D78 -> 59006.64 | F78: =+D78+E78 -> 148410.64 | G78: =+G77 -> 0.18 | H78: =+F78*G78 -> 26713.915
H81: Sub-Total | I81: =SUM(H77:H80) -> 48903.7
H82: Ajuste
G83: Total Costo Directo | I83: =ROUND(SUM(I53:I82),0) -> 176200
B85: FORMATO No.
B86: MANTENIMIENTO, MEJORAMIENTO Y ADECUACIONES LOCATIVAS DE LAS INSTITUCIONES EDUCATIVAS JUAN XXIII, BELLAVISTA, SIMÓN BOLÍVAR, MARÍA AUXILIADORA Y CONCORDE SEDE B EN EL MUNICIPIO DE MALAMBO – DEPARTAMENTO DEL ATLÁNTICO.
B87: ANALISIS DE PRECIOS UNITARIO
B88: Contrato No.
B90: Item: | C90: 2,1,5,3 | D90: =+'[2] PRESUPUESTO CENTRO DE DESARROL'!$B$193 -> Salida de interruptor sencillo, incluye materiales, equipo y mano de obra. | I90: UNIDAD
I91: =+'[2] PRESUPUESTO CENTRO DE DESARROL'!$C$193 -> UND
B92: I-EQUIPO Y HERRAMIENTA
B93: Descripcion | E93: Unidad | F93: Tarifa | G93: Rendimiento. | H93: Valor
B94: Herramientos menores | E94: dia | F94: 51500 | G94: 50 | H94: =+F94/G94 -> 1030
H98: Sub-Total | I98: =SUM(H94:H97) -> 1030
B100: II- MATERIALES EN OBRA
B101: Descripcion | E101: Unidad | F101: Valor/unit | G101: Cantidad | H101: Valor
B102: Tubo conduit 1/2 pulgada | E102: ml | F102: 3785 | G102: 4 | H102: =+F102*G102 -> 15140
B103: Curva Conduit 1/2 pulgada | E103: Und | F103: 1236 | G103: 1 | H103: =+F103*G103 -> 1236
B104: Adaptador 1/2 pulgada terminal conduit | E104: Und | F104: 1030 | G104: 2 | H104: =+F104*G104 -> 2060
B105: Alambre De Cobre #12 | E105: Ml | F105: 4738 | G105: 18 | H105: =+F105*G105 -> 85284
B106: Cinta Aislante | E106: Und | F106: 26780 | G106: 0.1 | H106: =+F106*G106 -> 2678
B107: Caja Sencilla 103X60X45 Mm Conduit | E107: Und | F107: 3000 | G107: 1 | H107: =+F107*G107 -> 3000
B108: tomacorriente con polo a tierra sencillo | E108: Und | F108: 16480 | G108: 1 | H108: =+F108*G108 -> 16480
H110: Sub-Total | I110: =SUM(H102:H109) -> 125878
B112: III-TRANSPORTES
B113: Descripcion | F113: Tarifa | G113: Rendimiento. | H113: Valor
B114: transporte | F114: 388 | G114: 1 | H114: =+F114*G114 -> 388
H116: Sub-Total | I116: =SUM(H114:H115) -> 388
B118: IV-MANO DE OBRA
B119: Trabajador | D119: Jornal | E119: Prestacion | F119: Jornal Tot. | G119: Rendiminto | H119: Valor
B120: Oficial | D120: 74263 | E120: =+(0.66)*D120 -> 49013.58 | F120: =+D120+E120 -> 123276.58 | G120: 0.18 | H120: =+F120*G120 -> 22189.784
B121: 2 Ayudante | D121: =2*44702 -> 89404 | E121: =+(0.66)*D121 -> 59006.64 | F121: =+D121+E121 -> 148410.64 | G121: =+G120 -> 0.18 | H121: =+F121*G121 -> 26713.915
H124: Sub-Total | I124: =SUM(H120:H123) -> 48903.7
H125: Ajuste
G126: Total Costo Directo | I126: =ROUND(SUM(I96:I125),0) -> 176200
B128: FORMATO No.
B129: MANTENIMIENTO, MEJORAMIENTO Y ADECUACIONES LOCATIVAS DE LAS INSTITUCIONES EDUCATIVAS JUAN XXIII, BELLAVISTA, SIMÓN BOLÍVAR, MARÍA AUXILIADORA Y CONCORDE SEDE B EN EL MUNICIPIO DE MALAMBO – DEPARTAMENTO DEL ATLÁNTICO.
B130: ANALISIS DE PRECIOS UNITARIO
B131: Contrato No.
B133: Item: | C133: 2,1,5,4 | D133: =+'[2] PRESUPUESTO CENTRO DE DESARROL'!$B$194 -> Salida de tomacorriente 220V, incluye materiales, equipo y mano de obra. | I133: UNIDAD
I134: =+'[2] PRESUPUESTO CENTRO DE DESARROL'!$C$194 -> UND
B135: I-EQUIPO Y HERRAMIENTA
B136: Descripcion | E136: Unidad | F136: Tarifa | G136: Rendimiento. | H136: Valor
B137: Herramientos menores | E137: dia | F137: 51500 | G137: 20 | H137: =+F137/G137 -> 2575
H141: Sub-Total | I141: =SUM(H137:H140) -> 2575
B143: II- MATERIALES EN OBRA
...

Sheet ITEM 2,1,6
B1: FORMATO No.
B2: MANTENIMIENTO, MEJORAMIENTO Y ADECUACIONES LOCATIVAS DE LAS INSTITUCIONES EDUCATIVAS JUAN XXIII, BELLAVISTA, SIMÓN BOLÍVAR, MARÍA AUXILIADORA Y CONCORDE SEDE B EN EL MUNICIPIO DE MALAMBO – DEPARTAMENTO DEL ATLÁNTICO.
B3: ANALISIS DE PRECIOS UNITARIO
B4: Contrato No.
B6: Item: | C6: 2,1,6,1 | D6: =+'[2] PRESUPUESTO CENTRO DE DESARROL'!$B$197 -> Suministro e instalación de ventanería proyectante de 2,00 x 1,00 mts., en perfilería de aluminio gris y vidrio blanco de 4mm, incluye material, equipo y mano de obra. | I6: UNIDAD
I7: =+'[2] PRESUPUESTO CENTRO DE DESARROL'!$C$197 -> UND
B8: I-EQUIPO Y HERRAMIENTA
B9: Descripcion | E9: Unidad | F9: Tarifa | G9: Rendimiento. | H9: Valor
B10: Herramientos menores | E10: dia | F10: 51500 | G10: 50 | H10: =+F10/G10 -> 1030
H14: Sub-Total | I14: =SUM(H10:H13) -> 1030
B16: II- MATERIALES EN OBRA
B17: Descripcion | E17: Unidad | F17: Valor/unit | G17: Cantidad | H17: Valor
B18: Ventana en aluminio proyectante de 200mmx100mm | E18: und | F18: 850000 | G18: 1 | H18: =+F18*G18 -> 850000
B19: Marco en aluminio | E19: Und | F19: 200000 | G19: 1 | H19: =+F19*G19 -> 200000
B20: vidrio laminad | E20: m2 | F20: 140000 | G20: 2 | H20: =+F20*G20 -> 280000
H21: =+F21*G21 -> 0
H22: =+F22*G22 -> 0
H23: =+F23*G23 -> 0
H24: =+F24*G24 -> 0
H25: =+F25*G25 -> 0
H26: Sub-Total | I26: =SUM(H18:H25) -> 1330000
B28: III-TRANSPORTES
B29: Descripcion | F29: Tarifa | G29: Rendimiento. | H29: Valor
B30: transporte | F30: 1462 | G30: 1 | H30: =+F30*G30 -> 1462
H32: Sub-Total | I32: =SUM(H30:H31) -> 1462
B34: IV-MANO DE OBRA
B35: Trabajador | D35: Jornal | E35: Prestacion | F35: Jornal Tot. | G35: Rendiminto | H35: Valor
B36: Oficial | D36: 74263 | E36: =+(0.66)*D36 -> 49013.58 | F36: =+D36+E36 -> 123276.58 | G36: 0.89 | H36: =+F36*G36 -> 109716.16
B37: Ayudante | D37: =44702 -> 44702 | E37: =+(0.66)*D37 -> 29503.32 | F37: =+D37+E37 -> 74205.32 | G37: =+G36 -> 0.89 | H37: =+F37*G37 -> 66042.735
H40: Sub-Total | I40: =SUM(H36:H39) -> 175758.89
H41: Ajuste
G42: Total Costo Directo | I42: =ROUND(SUM(I12:I41),0) -> 1508251
B44: FORMATO No.
B45: MANTENIMIENTO, MEJORAMIENTO Y ADECUACIONES LOCATIVAS DE LAS INSTITUCIONES EDUCATIVAS JUAN XXIII, BELLAVISTA, SIMÓN BOLÍVAR, MARÍA AUXILIADORA Y CONCORDE SEDE B EN EL MUNICIPIO DE MALAMBO – DEPARTAMENTO DEL ATLÁNTICO.
B46: ANALISIS DE PRECIOS UNITARIO
B47: Contrato No.
B49: Item: | C49: 2,1,6,2 | D49: =+'[2] PRESUPUESTO CENTRO DE DESARROL'!$B$198 -> Instalacion de reja metalica existente , protector ventana de 2,00 x 1,00 mts., incluye materiales, equipo y mano de obra. | I49: UNIDAD
I50: =+'[2] PRESUPUESTO CENTRO DE DESARROL'!$C$198 -> UND
B51: I-EQUIPO Y HERRAMIENTA
B52: Descripcion | E52: Unidad | F52: Tarifa | G52: Rendimiento. | H52: Valor
B53: Herramientos menores | E53: dia | F53: 51500 | G53: 20 | H53: =+F53/G53 -> 2575
H57: Sub-Total | I57: =SUM(H53:H56) -> 2575
B59: II- MATERIALES EN OBRA
B60: Descripcion | E60: Unidad | F60: Valor/unit | G60: Cantidad | H60: Valor
H61: =+F61*G61 -> 0
H62: =+F62*G62 -> 0
H63: =+F63*G63 -> 0
H64: =+F64*G64 -> 0
H65: =+F65*G65 -> 0
H69: Sub-Total | I69: =SUM(H61:H68) -> 0
B71: III-TRANSPORTES
B72: Descripcion | F72: Tarifa | G72: Rendimiento. | H72: Valor
G73: 1 | H73: =+F73*G73 -> 0
H75: Sub-Total | I75: =SUM(H73:H74) -> 0
B77: IV-MANO DE OBRA
B78: Trabajador | D78: Jornal | E78: Prestacion | F78: Jornal Tot. | G78: Rendiminto | H78: Valor
B79: Oficial | D79: 74263 | E79: =+(0.66)*D79 -> 49013.58 | F79: =+D79+E79 -> 123276.58 | G79: 0.22843 | H79: =+F79*G79 -> 28160.069
B80: Ayudante | D80: =44702 -> 44702 | E80: =+(0.66)*D80 -> 29503.32 | F80: =+D80+E80 -> 74205.32 | G80: =+G79 -> 0.22843 | H80: =+F80*G80 -> 16950.721
H83: Sub-Total | I83: =SUM(H79:H82) -> 45110.79
H84: Ajuste
G85: Total Costo Directo | I85: =ROUND(SUM(I55:I84),0) -> 47686
B87: FORMATO No.
B88: MANTENIMIENTO, MEJORAMIENTO Y ADECUACIONES LOCATIVAS DE LAS INSTITUCIONES EDUCATIVAS JUAN XXIII, BELLAVISTA, SIMÓN BOLÍVAR, MARÍA AUXILIADORA Y CONCORDE SEDE B EN EL MUNICIPIO DE MALAMBO – DEPARTAMENTO DEL ATLÁNTICO.
B89: ANALISIS DE PRECIOS UNITARIO
B90: Contrato No.
B92: Item: | C92: 2,1,6,3 | D92: =+'[2] PRESUPUESTO CENTRO DE DESARROL'!$B$199 -> Suministro e instalación de estructura metálica - correas PAG 220, incluye material, equipo y mano de obra. | I92: UNIDAD
I93: =+'[2] PRESUPUESTO CENTRO DE DESARROL'!$C$199 -> ML
B94: I-EQUIPO Y HERRAMIENTA
B95: Descripcion | E95: Unidad | F95: Tarifa | G95: Rendimiento. | H95: Valor
B96: Herramientos menores | E96: dia | F96: 51500 | G96: 20 | H96: =+F96/G96 -> 2575
B97: Equipo de Soldadura | E97: dia | F97: 103000 | G97: 75 | H97: =+F97/G97 -> 1373.3333
B98: Andamio | E98: dia | F98: 51500 | G98: 20 | H98: =+F98/G98 -> 2575
H100: Sub-Total | I100: =SUM(H96:H99) -> 6523.3333
B102: II- MATERIALES EN OBRA
B103: Descripcion | E103: Unidad | F103: Valor/unit | G103: Cantidad | H103: Valor
B104: Perfil C GR50 220 x 80 x 2.5mm x 6m negro | E104: kg | F104: 65000 | G104: 1 | H104: =+F104*G104 -> 65000
B105: Soldadura 6013 | E105: Kg | F105: 23690 | G105: 0.15 | H105: =+F105*G105 -> 3553.5
H109: Sub-Total | I109: =SUM(H104:H108) -> 68553.5
B111: III-TRANSPORTES
B112: Descripcion | F112: Tarifa | G112: Rendimiento. | H112: Valor
B113: Transporte de perfiles | F113: 448 | G113: 1 | H113: =+F113*G113 -> 448
H115: Sub-Total | I115: =SUM(H113:H114) -> 448
B117: IV-MANO DE OBRA
B118: Trabajador | D118: Jornal | E118: Prestacion | F118: Jornal Tot. | G118: Rendiminto | H118: Valor
B119: Oficial | D119: 74263 | E119: =+(0.66)*D119 -> 49013.58 | F119: =+D119+E119 -> 123276.58 | G119: 0.3833 | H119: =+F119*G119 -> 47251.913
B120: 2 Ayudante | D120: =2*44702 -> 89404 | E120: =+(0.66)*D120 -> 59006.64 | F120: =+D120+E120 -> 148410.64 | G120: =+G119 -> 0.3833 | H120: =+F120*G120 -> 56885.798
H123: Sub-Total | I123: =SUM(H119:H122) -> 104137.71
H124: Ajuste
G125: Total Costo Directo | I125: =ROUND(SUM(I95:I124),0) -> 179663

Sheet ITEM 2,1,7
B1: FORMATO No.
B2: MANTENIMIENTO, MEJORAMIENTO Y ADECUACIONES LOCATIVAS DE LAS INSTITUCIONES EDUCATIVAS JUAN XXIII, BELLAVISTA, SIMÓN BOLÍVAR, MARÍA AUXILIADORA Y CONCORDE SEDE B EN EL MUNICIPIO DE MALAMBO – DEPARTAMENTO DEL ATLÁNTICO.
B3: ANALISIS DE PRECIOS UNITARIO
B4: Contrato No.
B6: Item: | C6: 2,1,7,3 | D6: =+'[2] PRESUPUESTO CENTRO DE DESARROL'!$B$203 -> Pintura sobre muros y calados internos y externos en vinilo tipo 1, tres manos, incluye resane del pañete en las áreas dañadas, incluye materiales, equipo y mano de obra. | I6: UNIDAD
I7: =+'[2] PRESUPUESTO CENTRO DE DESARROL'!$C$203 -> M2
B8: I-EQUIPO Y HERRAMIENTA
B9: Descripcion | E9: Unidad | F9: Tarifa | G9: Rendimiento. | H9: Valor
B10: Herramientos menores | E10: dia | F10: 30900 | G10: 40 | H10: =+F10/G10 -> 772.5
B11: Andamio | E11: Dia | F11: 51500 | G11: 40 | H11: =+F11/G11 -> 1287.5
H14: Sub-Total | I14: =SUM(H10:H13) -> 2060
B16: II- MATERIALES EN OBRA
B17: Descripcion | E17: Unidad | F17: Valor/unit | G17: Cantidad | H17: Valor
B18: Cuñete vinilo tipo 1 | E18: und | F18: 412000 | G18: 0.035 | H18: =+F18*G18 -> 14420
H19: =+F19*G19 -> 0
H20: =+F20*G20 -> 0
H21: =+F21*G21 -> 0
H22: =+F22*G22 -> 0
H26: Sub-Total | I26: =SUM(H18:H25) -> 14420
B28: III-TRANSPORTES
B29: Descripcion | F29: Tarifa | G29: Rendimiento. | H29: Valor
F30: 87 | G30: 1 | H30: =+F30*G30 -> 87
H32: Sub-Total | I32: =SUM(H30:H31) -> 87
B34: IV-MANO DE OBRA
B35: Trabajador | D35: Jornal | E35: Prestacion | F35: Jornal Tot. | G35: Rendiminto | H35: Valor
B36: Oficial | D36: 74263 | E36: =+(0.66)*D36 -> 49013.58 | F36: =+D36+E36 -> 123276.58 | G36: 0.03 | H36: =+F36*G36 -> 3698.2974
B37: 2 Ayudante | D37: =2*44702 -> 89404 | E37: =+(0.66)*D37 -> 59006.64 | F37: =+D37+E37 -> 148410.64 | G37: =+G36 -> 0.03 | H37: =+F37*G37 -> 4452.3192
H40: Sub-Total | I40: =SUM(H36:H39) -> 8150.6166
H41: Ajuste
G42: Total Costo Directo | I42: =ROUND(SUM(I12:I41),0) -> 24718
B44: FORMATO No.
B45: MANTENIMIENTO, MEJORAMIENTO Y ADECUACIONES LOCATIVAS DE LAS INSTITUCIONES EDUCATIVAS JUAN XXIII, BELLAVISTA, SIMÓN BOLÍVAR, MARÍA AUXILIADORA Y CONCORDE SEDE B EN EL MUNICIPIO DE MALAMBO – DEPARTAMENTO DEL ATLÁNTICO.
B46: ANALISIS DE PRECIOS UNITARIO
B47: Contrato No.
B49: Item: | C49: 2,1,7,1 | D49: =+'[2] PRESUPUESTO CENTRO DE DESARROL'!$B$201 -> Pintura de puerta metálica de 0,80 x 2,00 mts. en esmalte, incluye anticorrosivo, materiales,equipo y mano de obra. | I49: UNIDAD
I50: =+'[2] PRESUPUESTO CENTRO DE DESARROL'!$C$202 -> M2
B51: I-EQUIPO Y HERRAMIENTA
B52: Descripcion | E52: Unidad | F52: Tarifa | G52: Rendimiento. | H52: Valor
B53: Herramientos menores | E53: dia | F53: 30900 | G53: 15 | H53: =+F53/G53 -> 2060
H57: Sub-Total | I57: =SUM(H53:H56) -> 2060
B59: II- MATERIALES EN OBRA
B60: Descripcion | E60: Unidad | F60: Valor/unit | G60: Cantidad | H60: Valor
